Workbook

Sheet Context
A1: Context
A3: entity
A4: identifier | B4: entityCode
A5: scheme | B5: http://www.idx.co.id/xbrl
A7: period
A8: startDate | B8: 40544
A9: endDate | B9: 40816
A10: instant | B10: 40816
A11: startDate | B11: 40179
A12: endDate | B12: 40543
A13: instant | B13: 40543
A14: startDate | B14: 40179
A15: endDate | B15: 40451
A16: instant | B16: 40451
A17: instant | B17: 40178
A19: CurrentYearDuration
A20: entity
A21: identifier | B21: entityCode
A22: scheme | B22: http://www.idx.co.id/xbrl
A23: period
A24: startDate | B24: 40544
A25: endDate | B25: 40816
A27: CurrentYearInstant
A28: entity
A29: identifier | B29: entityCode
A30: scheme | B30: http://www.idx.co.id/xbrl
A31: period
A32: instant | B32: 40816
A34: PriorEndYearDuration
A35: entity
A36: identifier | B36: entityCode
A37: scheme | B37: http://www.idx.co.id/xbrl
A38: period
A39: startDate | B39: 40179
A40: endDate | B40: 40543
A42: PriorEndYearInstant
A43: entity
A44: identifier | B44: entityCode
A45: scheme | B45: http://www.idx.co.id/xbrl
A46: period
A47: instant | B47: 40543
A49: PriorYearDuration
A50: entity
A51: identifier | B51: entityCode
A52: scheme | B52: http://www.idx.co.id/xbrl
A53: period
A54: startDate | B54: 40179
A55: endDate | B55: 40451
A57: PriorYearInstant
A58: entity
A59: identifier | B59: entityCode
A60: scheme | B60: http://www.idx.co.id/xbrl
A61: period
A62: instant | B62: 40451
A64: Prior2YearsInstant
A65: entity
A66: identifier | B66: entityCode
A67: scheme | B67: http://www.idx.co.id/xbrl
A68: period
A69: instant | B69: 40178

Sheet InlineXBRL
A1: Inline XBRL file names | B1: Worksheet names
A2: 1000000.html | B2: 1000000

Sheet GENERAL INFO
A1: Informasi umum
A3: Period | C3: 2019-12-31 | D3: 2020-12-31 | E3: 2021-12-31 | F3: 2022-12-31 | G3: 2023-12-31 | H3: 2024-12-31 | I3: 2025-12-31
A4: Informasi umum
A5: Nama entitas | C5: Bank Pembangunan Daerah Jawa Barat dan Banten Tbk | D5: Bank Pembangunan Daerah Jawa Barat dan Banten Tbk | E5: Bank Pembangunan Daerah Jawa Barat dan Banten Tbk | F5: Bank Pembangunan Daerah Jawa Barat dan Banten Tbk | G5: Bank Pembangunan Daerah Jawa Barat dan Banten Tbk | H5: Bank Pembangunan Daerah Jawa Barat dan Banten Tbk | I5: Bank Pembangunan Daerah Jawa Barat dan Banten Tbk
A6: Penjelasan perubahan nama dari akhir periode laporan sebelumnya
A7: Kode entitas | C7: BJBR | D7: BJBR | E7: BJBR | F7: BJBR | G7: BJBR | H7: BJBR | I7: BJBR
A8: Nomor identifikasi entitas | C8: AA554 | D8: AA554 | E8: AA554 | F8: AA554 | G8: AA554 | H8: AA554 | I8: AA554
A9: Industri utama entitas | C9: Keuangan dan Syariah / Financial and Sharia | D9: Keuangan dan Syariah / Financial and Sharia | E9: Keuangan dan Syariah / Financial and Sharia | F9: Keuangan dan Syariah / Financial and Sharia | G9: Keuangan dan Syariah / Financial and Sharia | H9: Keuangan dan Syariah / Financial and Sharia | I9: Keuangan dan Syariah / Financial and Sharia
A10: Standar akutansi yang dipilih | F10: PSAK | G10: PSAK | H10: PSAK | I10: PSAK
A11: Sektor | C11: 8. Finance | D11: 8. Finance | E11: 8. Finance | F11: G. Financials | G11: G. Financials | H11: G. Financials | I11: G. Financials
A12: Subsektor | C12: 81. Bank | D12: 81. Bank | E12: 81. Bank | F12: G1. Banks | G12: G1. Banks | H12: G1. Banks | I12: G1. Banks
A13: Industri | F13: G11. Banks | G13: G11. Banks | H13: G11. Banks | I13: G11. Banks
A14: Subindustri | F14: G111. Banks | G14: G111. Banks | H14: G111. Banks | I14: G111. Banks
A15: Informasi pemegang saham pengendali | C15: Indonesian Government | D15: Indonesian Government | E15: Indonesian Government | F15: Indonesian Government | G15: Indonesian Government | H15: Indonesian Government | I15: Indonesian Government
A16: Jenis entitas | C16: Local Company - Indonesia Jurisdiction | D16: Local Company - Indonesia Jurisdiction | E16: Local Company - Indonesia Jurisdiction | F16: Local Company - Indonesia Jurisdiction | G16: Local Company - Indonesia Jurisdiction | H16: Local Company - Indonesia Jurisdiction | I16: Local Company - Indonesia Jurisdiction
A17: Jenis efek yang dicatatkan | C17: Saham dan Obligasi / Stock and Bond | D17: Saham dan Obligasi / Stock and Bond | E17: Saham dan Obligasi / Stock and Bond | F17: Saham dan Obligasi / Stock and Bond | G17: Saham dan Obligasi / Stock and Bond | H17: Saham dan Obligasi / Stock and Bond | I17: Saham dan Obligasi / Stock and Bond
A18: Jenis papan perdagangan tempat entitas tercatat | F18: Utama / Main | G18: Utama / Main | H18: Utama / Main | I18: Utama / Main
A19: Apakah merupakan laporan keuangan satu entitas atau suatu kelompok entitas | C19: Entitas grup / Group entity | D19: Entitas grup / Group entity | E19: Entitas grup / Group entity | F19: Entitas grup / Group entity | G19: Entitas grup / Group entity | H19: Entitas grup / Group entity | I19: Entitas grup / Group entity
A20: Periode penyampaian laporan keuangan | C20: Tahunan / Annual | D20: Tahunan / Annual | E20: Tahunan / Annual | F20: Tahunan / Annual | G20: Tahunan / Annual | H20: Tahunan / Annual | I20: Tahunan / Annual
A21: Tanggal Surat Pernyataan Direksi | G21: 2024-02-29 | H21: 2024-03-11 | I21: 2026-03-13
A22: Tanggal awal periode berjalan | C22: 2019-01-01 | D22: 2020-01-01 | E22: 2021-01-01 | F22: 2022-01-01 | G22: 2023-01-01 | H22: 2024-01-01 | I22: 2025-01-01
A23: Tanggal akhir periode berjalan | C23: 2019-12-31 | D23: 2020-12-31 | E23: 2021-12-31 | F23: 2022-12-31 | G23: 2023-12-31 | H23: 2024-12-31 | I23: 2025-12-31
A24: Tanggal akhir tahun sebelumnya | C24: 2018-12-31 | D24: 2019-12-31 | E24: 2020-12-31 | F24: 2021-12-31 | G24: 2022-12-31 | H24: 2023-12-31 | I24: 2024-12-31
A25: Tanggal awal periode sebelumnya | C25: 2018-01-01 | D25: 2019-01-01 | E25: 2020-01-01 | F25: 2021-01-01 | G25: 2022-01-01 | H25: 2023-01-01 | I25: 2024-01-01
A26: Tanggal akhir periode sebelumnya | C26: 2018-12-31 | D26: 2019-12-31 | E26: 2020-12-31 | F26: 2021-12-31 | G26: 2022-12-31 | H26: 2023-12-31 | I26: 2024-12-31
A27: Tanggal akhir 2 tahun sebelumnya | F27: 2020-12-31 | G27: 2021-12-31 | H27: 2022-12-31 | I27: 2023-12-31
A28: Mata uang pelaporan | C28: Rupiah / IDR | D28: Rupiah / IDR | E28: Rupiah / IDR | F28: Rupiah / IDR | G28: Rupiah / IDR | H28: Rupiah / IDR | I28: Rupiah / IDR
A29: Kurs konversi pada tanggal pelaporan jika mata uang penyajian selain rupiah
A30: Pembulatan yang digunakan dalam penyajian jumlah dalam laporan keuangan | C30: Jutaan / In Million | D30: Jutaan / In Million | E30: Jutaan / In Million | F30: Jutaan / In Million | G30: Jutaan / In Million | H30: Jutaan / In Million | I30: Jutaan / In Million
A31: Jenis laporan atas laporan keuangan | C31: Diaudit / Audited | D31: Diaudit / Audited | E31: Diaudit / Audited | F31: Diaudit / Audited | G31: Diaudit / Audited | H31: Diaudit / Audited | I31: Diaudit / Audited
A32: Jenis opini auditor | C32: Wajar Tanpa Pengecualian / Unqualified | D32: Wajar Tanpa Pengecualian / Unqualified | E32: Wajar Tanpa Pengecualian / Unqualified | F32: Wajar Tanpa Modifikasian / Unqualified | G32: Wajar Tanpa Modifikasian / Unqualified | H32: Wajar Tanpa Modifikasian / Unqualified | I32: Wajar Tanpa Modifikasian / Unqualified
A33: Hal yang diungkapkan dalam paragraf pendapat untuk penekanan atas suatu masalah atau paragraf penjelasan lainnya, jika ada
A34: Hasil penugasan review
A35: Opini Hal Audit Utama | F35: Ya / Yes | G35: Ya / Yes | H35: Ya / Yes | I35: Ya / Yes
A36: Jumlah Hal Audit Utama | F36: 2 | G36: 1 | H36: 1
A37: Paragraf Hal Audit Utama | F37: Cadangan Kerugian Penurunan Nilai atas Kredit yang Diberikan, dan Pembiayaan dan Piutang Syariah Pada tanggal 31 Desember 2022, total kredit yang diberikan sebesar Rp108.339.692 juta dan Bank telah membentuk cadangan kerugian penurunan nilai sebesar Rp1 .631.811 juta. Pada tanggal 31 Desember 2022, total pembiayaan dan piutang syariah sebesar Rp?.415.907 juta dan Bank telah membentuk cadangan kerugian penurunan nilai sebesar Rp160.726 juta. Berdasarkan Standar Akuntansi Keuangan di Indonesia, cadangan kerugian penurunan nilai atas kredit yang diberikan ditentukan berdasarkan kerangka kerugian kredit ekspektasian (KKE) yang memperhitungkan informasi bersifat perkiraan masa depan untuk mencerminkan perkiraan kondisi ekonomi masa depan. Sementara itu, untuk pembiayaan dan piutang syariah, cadangan kerugian penurunan nilai dihitung berdasarkan Pernyataan Standar Akuntansi Keuangan yang berlaku dan kebijakan akuntansi Perusahaan pada Catatan 2m. | G37: cadangan kerugian penurunan nilai atas kredit yang diberikan, dan pembiayaan dan piutang syariah. | H37: Cadangan Kerugian Penurunan Nilai atas Kredit yang Diberikan, dan Pembiayaan dan Piutang Syariah
A38: Tanggal laporan audit atau hasil laporan review | C38: February 28, 2020 | D38: Maret 10, 2021 | E38: March 08, 2022 | F38: 24 Februari 2023 | G38: 2024-02-29 | H38: 2025-03-11 | I38: 2026-03-13
A39: Auditor tahun berjalan | C39: Amir Abadi Jusuf, Aryanto, Mawar & Rekan | D39: Amir Abadi Jusuf, Aryanto, Mawar & Rekan | E39: Amir Abadi Jusuf, Aryanto, Mawar & Rekan | F39: Amir Abadi Jusuf, Aryanto, Mawar & Rekan | G39: Amir Abadi Jusuf, Aryanto, Mawar Rekan | H39: KAP Amir Abadi Jusuf, Aryanto, Mawar Rekan | I39: KAP Amir Abadi Jusuf, Aryanto, Mawar Rekan
A40: Nama partner audit tahun berjalan | C40: Dedy Sukrisnadi | D40: Dedy Sukrisnadi | E40: Amir Abadi Jusuf, Aryanto, Mawar & Rekan | F40: Saptoto Agustomo | G40: Saptoto Agustomo | H40: Saptoto Agustomo | I40: Saptoto Agustomo
A41: Lama tahun penugasan partner yang menandatangani | F41: 1 tahun | G41: 3 | H41: 3 tahun
A42: Auditor tahun sebelumnya | C42: Amir Abadi Jusuf, Aryanto, Mawar & Rekan | D42: Amir Abadi Jusuf, Aryanto, Mawar & Rekan | E42: Amir Abadi Jusuf, Aryanto, Mawar & Rekan | F42: Aryanto, Amir Jusuf, Mawar & Saptoto | G42: Amir Abadi Jusuf, Aryanto, Mawar Rekan | H42: KAP Amir Abadi Jusuf, Aryanto, Mawar Rekan | I42: KAP Amir Abadi Jusuf, Aryanto, Mawar Rekan
A43: Nama partner audit tahun sebelumnya | C43: Saptoto Agustomo | D43: Dedy Sukrisnadi | E43: Dedy Sukrisnadi | F43: Dedy Sukrisnadi | G43: Saptoto Agustomo | H43: Saptoto Agustomo | I43: Saptoto Agustomo
A44: Kepatuhan terhadap pemenuhan peraturan OJK Nomor: 75/POJK.04/2017 tentang Tanggung Jawab Direksi Atas Laporan Keuangan | C44: Ya / Yes | D44: Ya / Yes | E44: Ya / Yes | F44: Ya / Yes | G44: Ya / Yes | H44: Ya / Yes | I44: Ya / Yes
A45: Kepatuhan terhadap pemenuhan independensi akuntan yang memberikan jasa audit di pasar modal sesuai dengan POJK Nomor 13/POJK.03/2017 tentang Penggunaan Jasa Akuntan Publik dalam Kegiatan Jasa Keuangan | C45: Ya / Yes | D45: Ya / Yes | E45: Ya / Yes | F45: Ya / Yes | G45: Ya / Yes | H45: Ya / Yes | I45: Ya / Yes

Sheet BALANCE SHEET
A1: Laporan posisi keuangan
A3: Period | C3: 2018-12-31 | D3: 2019-12-31 | E3: 2020-12-31 | F3: 2021-12-31 | G3: 2022-12-31 | H3: 2023-12-31 | I3: 2024-12-31 | J3: 2025-12-31
A4: Laporan posisi keuangan
A5: Aset
A6: Kas | C6: 2929.207 | D6: 3160.771 | E6: 3689.045 | F6: 3747.644 | G6: 3300.031 | H6: 3530.074 | I6: 4701.454 | J6: 4929.381
A7: Dana yang dibatasi penggunaannya
A8: Giro pada Bank Indonesia | C8: 9981.495 | D8: 6512.341 | E8: 8046.403 | F8: 11900.072 | G8: 13032.593 | H8: 14879.767 | I8: 8778.253 | J8: 12019.401
A9: Giro pada bank lain | C9: =C10+C11-C12 | D9: =D10+D11-D12 | E9: =E10+E11-E12 | F9: =F10+F11-F12 | G9: =G10+G11-G12 | H9: =H10+H11-H12 | I9: =I10+I11-I12 | J9: =J10+J11-J12 | ... AM9: =AM10+AM11-AM12
A10: Giro pada bank lain pihak ketiga | C10: 611.796 | D10: 535.268 | E10: 881.541 | F10: 2691.297 | G10: 1243.695 | H10: 1196.787 | I10: 1015.497 | J10: 690.548
A11: Giro pada bank lain pihak berelasi
A12: Cadangan kerugian penurunan nilai pada giro pada bank lain | C12: 0.072 | D12: 0.066 | E12: 0.071 | F12: 0.066 | G12: 0.068 | H12: 0.057 | I12: 1.792 | J12: 0.237
A13: Penempatan pada Bank Indonesia dan bank lain | C13: =C14+C15-C16 | D13: =D14+D15-D16 | E13: =E14+E15-E16 | F13: =F14+F15-F16 | G13: =G14+G15-G16 | H13: =H14+H15-H16 | I13: =I14+I15-I16 | J13: =J14+J15-J16 | ... AM13: =AM14+AM15-AM16
A14: Penempatan pada Bank Indonesia dan bank lain pihak ketiga | C14: 9731.163 | D14: 7919.924 | E14: 5818.892 | F14: 11428.774 | G14: 7156.807 | H14: 3886.989 | I14: 6708.469 | J14: 7045.792
A15: Penempatan pada Bank Indonesia dan bank lain pihak berelasi
A16: Cadangan kerugian penurunan nilai pada penempatan pada bank lain | C16: 4.351 | D16: 2.193 | E16: 2.662 | F16: 2.268 | G16: 2.133 | H16: 0.296 | I16: 2.583 | J16: 3.093
A17: Total Cash | C17: =C6+C8+C9+C13 | D17: =D6+D8+D9+D13 | E17: =E6+E8+E9+E13 | F17: =F6+F8+F9+F13 | G17: =G6+G8+G9+G13 | H17: =H6+H8+H9+H13 | I17: =I6+I8+I9+I13 | J17: =J6+J8+J9+J13 | ... AM17: =AM6+AM8+AM9+AM13
A18: Expense from IS | C18: =IFERROR(HLOOKUP(C3,'INCOME STATEMENT'!$C$3:$AH$256, 82, FALSE), 0) + IFERROR(HLOOKUP(C3,'INCOME STATEMENT'!$C$3:$AH$256, 84, FALSE), 0) + IFERROR(HLOOKUP(C3,'INCOME STATEMENT'!$C$3:$AH$256, 85, FALSE), 0) + IFERROR(HLOOKUP(C3,'INCOME STATEMENT'!$C$3:$AH$256, 86, FALSE), 0) + IFERROR(HLOOKUP(C3,'INCOME STATEMENT'!$C$3:$AH$256, 75, FALSE), 0) | D18: =IFERROR(HLOOKUP(D3,'INCOME STATEMENT'!$C$3:$AH$256, 82, FALSE), 0) + IFERROR(HLOOKUP(D3,'INCOME STATEMENT'!$C$3:$AH$256, 84, FALSE), 0) + IFERROR(HLOOKUP(D3,'INCOME STATEMENT'!$C$3:$AH$256, 85, FALSE), 0) + IFERROR(HLOOKUP(D3,'INCOME STATEMENT'!$C$3:$AH$256, 86, FALSE), 0) + IFERROR(HLOOKUP(D3,'INCOME STATEMENT'!$C$3:$AH$256, 75, FALSE), 0) | E18: =IFERROR(HLOOKUP(E3,'INCOME STATEMENT'!$C$3:$AH$256, 82, FALSE), 0) + IFERROR(HLOOKUP(E3,'INCOME STATEMENT'!$C$3:$AH$256, 84, FALSE), 0) + IFERROR(HLOOKUP(E3,'INCOME STATEMENT'!$C$3:$AH$256, 85, FALSE), 0) + IFERROR(HLOOKUP(E3,'INCOME STATEMENT'!$C$3:$AH$256, 86, FALSE), 0) + IFERROR(HLOOKUP(E3,'INCOME STATEMENT'!$C$3:$AH$256, 75, FALSE), 0) | F18: =IFERROR(HLOOKUP(F3,'INCOME STATEMENT'!$C$3:$AH$256, 82, FALSE), 0) + IFERROR(HLOOKUP(F3,'INCOME STATEMENT'!$C$3:$AH$256, 84, FALSE), 0) + IFERROR(HLOOKUP(F3,'INCOME STATEMENT'!$C$3:$AH$256, 85, FALSE), 0) + IFERROR(HLOOKUP(F3,'INCOME STATEMENT'!$C$3:$AH$256, 86, FALSE), 0) + IFERROR(HLOOKUP(F3,'INCOME STATEMENT'!$C$3:$AH$256, 75, FALSE), 0) | G18: =IFERROR(HLOOKUP(G3,'INCOME STATEMENT'!$C$3:$AH$256, 82, FALSE), 0) + IFERROR(HLOOKUP(G3,'INCOME STATEMENT'!$C$3:$AH$256, 84, FALSE), 0) + IFERROR(HLOOKUP(G3,'INCOME STATEMENT'!$C$3:$AH$256, 85, FALSE), 0) + IFERROR(HLOOKUP(G3,'INCOME STATEMENT'!$C$3:$AH$256, 86, FALSE), 0) + IFERROR(HLOOKUP(G3,'INCOME STATEMENT'!$C$3:$AH$256, 75, FALSE), 0) | H18: =IFERROR(HLOOKUP(H3,'INCOME STATEMENT'!$C$3:$AH$256, 82, FALSE), 0) + IFERROR(HLOOKUP(H3,'INCOME STATEMENT'!$C$3:$AH$256, 84, FALSE), 0) + IFERROR(HLOOKUP(H3,'INCOME STATEMENT'!$C$3:$AH$256, 85, FALSE), 0) + IFERROR(HLOOKUP(H3,'INCOME STATEMENT'!$C$3:$AH$256, 86, FALSE), 0) + IFERROR(HLOOKUP(H3,'INCOME STATEMENT'!$C$3:$AH$256, 75, FALSE), 0) | I18: =IFERROR(HLOOKUP(I3,'INCOME STATEMENT'!$C$3:$AH$256, 82, FALSE), 0) + IFERROR(HLOOKUP(I3,'INCOME STATEMENT'!$C$3:$AH$256, 84, FALSE), 0) + IFERROR(HLOOKUP(I3,'INCOME STATEMENT'!$C$3:$AH$256, 85, FALSE), 0) + IFERROR(HLOOKUP(I3,'INCOME STATEMENT'!$C$3:$AH$256, 86, FALSE), 0) + IFERROR(HLOOKUP(I3,'INCOME STATEMENT'!$C$3:$AH$256, 75, FALSE), 0) | J18: =IFERROR(HLOOKUP(J3,'INCOME STATEMENT'!$C$3:$AH$256, 82, FALSE), 0) + IFERROR(HLOOKUP(J3,'INCOME STATEMENT'!$C$3:$AH$256, 84, FALSE), 0) + IFERROR(HLOOKUP(J3,'INCOME STATEMENT'!$C$3:$AH$256, 85, FALSE), 0) + IFERROR(HLOOKUP(J3,'INCOME STATEMENT'!$C$3:$AH$256, 86, FALSE), 0) + IFERROR(HLOOKUP(J3,'INCOME STATEMENT'!$C$3:$AH$256, 75, FALSE), 0) | ... AM18: =IFERROR(HLOOKUP(AM3,'INCOME STATEMENT'!$C$3:$AH$256, 82, FALSE), 0) + IFERROR(HLOOKUP(AM3,'INCOME STATEMENT'!$C$3:$AH$256, 84, FALSE), 0) + IFERROR(HLOOKUP(AM3,'INCOME STATEMENT'!$C$3:$AH$256, 85, FALSE), 0) + IFERROR(HLOOKUP(AM3,'INCOME STATEMENT'!$C$3:$AH$256, 86, FALSE), 0) + IFERROR(HLOOKUP(AM3,'INCOME STATEMENT'!$C$3:$AH$256, 75, FALSE), 0)
A19: Cash Buffer (Days) | C19: =IFERROR(C17/((C18/365)), 0) | D19: =IFERROR(D17/((D18/365)), 0) | E19: =IFERROR(E17/((E18/365)), 0) | F19: =IFERROR(F17/((F18/365)), 0) | G19: =IFERROR(G17/((G18/365)), 0) | H19: =IFERROR(H17/((H18/365)), 0) | I19: =IFERROR(I17/((I18/365)), 0) | J19: =IFERROR(J17/((J18/365)), 0) | ... AM19: =IFERROR(AM17/((AM18/365)), 0)
A20: Cash to Deposit (%) | C20: =IFERROR(C17/C135, 0) | D20: =IFERROR(D17/D135, 0) | E20: =IFERROR(E17/E135, 0) | F20: =IFERROR(F17/F135, 0) | G20: =IFERROR(G17/G135, 0) | H20: =IFERROR(H17/H135, 0) | I20: =IFERROR(I17/I135, 0) | J20: =IFERROR(J17/J135, 0) | ... AM20: =IFERROR(AM17/AM135, 0)
A21: Piutang asuransi | C21: =C22+C23-C24 | D21: =D22+D23-D24 | E21: =E22+E23-E24 | F21: =F22+F23-F24 | G21: =G22+G23-G24 | H21: =H22+H23-H24 | I21: =I22+I23-I24 | J21: =J22+J23-J24 | ... AM21: =AM22+AM23-AM24
A22: Piutang asuransi pihak ketiga
A23: Piutang asuransi pihak berelasi
A24: Cadangan kerugian penurunan nilai pada piutang asuransi
A25: Biaya akuisisi tangguhan
A26: Deposito pada lembaga kliring dan penjaminan
A27: Efek-efek yang diperdagangkan | C27: =C28+C29-C30 | D27: =D28+D29-D30 | E27: =E28+E29-E30 | F27: =F28+F29-F30 | G27: =G28+G29-G30 | H27: =H28+H29-H30 | I27: =I28+I29-I30 | J27: =J28+J29-J30 | ... AM27: =AM28+AM29-AM30
A28: Efek-efek yang diperdagangkan pihak ketiga | C28: 8617.22 | D28: 8855.293 | E28: 11500.931 | F28: 16978.899 | G28: 27387.574 | H28: 30976.967 | I28: 43030.835 | J28: 48770.177
A29: Efek-efek yang diperdagangkan pihak berelasi
A30: Cadangan kerugian penurunan nilai pada efek-efek yang diperdagangkan | E30: 21.168 | F30: 5.917 | G30: 5.256 | H30: 11.357 | I30: 5.865 | J30: 2.262
A31: Investasi pemegang polis pada kontrak unit-linked
A32: Efek yang dibeli dengan janji dijual kembali | C32: 2815.8 | D32: 3162.245 | E32: 10121.4 | F32: 3129.032 | G32: 5468.915 | H32: 0 | I32: 954.598 | J32: 513.679
A33: Wesel ekspor dan tagihan lainnya | C33: =C34+C35-C36 | D33: =D34+D35-D36 | E33: =E34+E35-E36 | F33: =F34+F35-F36 | G33: =G34+G35-G36 | H33: =H34+H35-H36 | I33: =I34+I35-I36 | J33: =J34+J35-J36 | ... AM33: =AM34+AM35-AM36
A34: Wesel ekspor dan tagihan lainnya pihak ketiga | C34: 798.117 | D34: 908.06 | E34: 740.396 | F34: 642.937 | G34: 843.826 | H34: 689.974 | I34: 354.178 | J34: 73.168
A35: Wesel ekspor dan tagihan lainnya pihak berelasi
A36: Cadangan kerugian penurunan nilai pada wesel ekspor dan tagihan lainnya | G36: 0 | H36: 0.351 | I36: 0.03 | J36: 0
A37: Tagihan akseptasi | C37: =C38+C39-C40 | D37: =D38+D39-D40 | E37: =E38+E39-E40 | F37: =F38+F39-F40 | G37: =G38+G39-G40 | H37: =H38+H39-H40 | I37: =I38+I39-I40 | J37: =J38+J39-J40 | ... AM37: =AM38+AM39-AM40
A38: Tagihan akseptasi pihak ketiga | C38: 82.379 | D38: 156.084 | E38: 52.802 | F38: 163.983 | G38: 227.97 | H38: 288.944 | I38: 114.231 | J38: 57.97
A39: Tagihan akseptasi pihak berelasi
A40: Cadangan kerugian penurunan nilai pada tagihan akseptasi | E40: 0.03 | F40: 1.616 | G40: 2.374 | H40: 0.519 | I40: 0.119 | J40: 0.096
A41: Tagihan derivatif | C41: =C42+C43 | D41: =D42+D43 | E41: =E42+E43 | F41: =F42+F43 | G41: =G42+G43 | H41: =H42+H43 | I41: =I42+I43 | J41: =J42+J43 | ... AM41: =AM42+AM43
A42: Tagihan derivatif pihak ketiga | C42: 0.076 | D42: 0 | E42: 0 | F42: 3.967 | G42: 17.388 | H42: 1.289 | I42: 2.591 | J42: 0
A43: Tagihan derivatif pihak berelasi
A44: Total Credit | C44: =C47+C52+C56+C60+C64+C68+C72+C76+C80+C84+C96 | D44: =D47+D52+D56+D60+D64+D68+D72+D76+D80+D84+D96 | E44: =E47+E52+E56+E60+E64+E68+E72+E76+E80+E84+E96 | F44: =F47+F52+F56+F60+F64+F68+F72+F76+F80+F84+F96 | G44: =G47+G52+G56+G60+G64+G68+G72+G76+G80+G84+G96 | H44: =H47+H52+H56+H60+H64+H68+H72+H76+H80+H84+H96 | I44: =I47+I52+I56+I60+I64+I68+I72+I76+I80+I84+I96 | J44: =J47+J52+J56+J60+J64+J68+J72+J76+J80+J84+J96 | ... AM44: =AM47+AM52+AM56+AM60+AM64+AM68+AM72+AM76+AM80+AM84+AM96
A45: Credit Growth (%) | C45: =IFERROR(IF(((C44-B44)/B44)=-1, "", (C44-B44)/B44), "") | D45: =IFERROR(IF(((D44-C44)/C44)=-1, "", (D44-C44)/C44), "") | E45: =IFERROR(IF(((E44-D44)/D44)=-1, "", (E44-D44)/D44), "") | F45: =IFERROR(IF(((F44-E44)/E44)=-1, "", (F44-E44)/E44), "") | G45: =IFERROR(IF(((G44-F44)/F44)=-1, "", (G44-F44)/F44), "") | H45: =IFERROR(IF(((H44-G44)/G44)=-1, "", (H44-G44)/G44), "") | I45: =IFERROR(IF(((I44-H44)/H44)=-1, "", (I44-H44)/H44), "") | J45: =IFERROR(IF(((J44-I44)/I44)=-1, "", (J44-I44)/I44), "") | ... AM45: =IFERROR(IF(((AM44-AL44)/AL44)=-1, "", (AM44-AL44)/AL44), "")
A46: Credit to Asset (%) | C46: =IFERROR(C44/C125, 0) | D46: =IFERROR(D44/D125, 0) | E46: =IFERROR(E44/E125, 0) | F46: =IFERROR(F44/F125, 0) | G46: =IFERROR(G44/G125, 0) | H46: =IFERROR(H44/H125, 0) | I46: =IFERROR(I44/I125, 0) | J46: =IFERROR(J44/J125, 0) | ... AM46: =IFERROR(AM44/AM125, 0)
A47: Pinjaman yang diberikan | C47: =C48+C49-C50 | D47: =D48+D49-D50 | E47: =E48+E49-E50 | F47: =F48+F49-F50 | G47: =G48+G49-G50 | H47: =H48+H49-H50 | I47: =I48+I49-I50 | J47: =J48+J49-J50 | ... AM47: =AM48+AM49-AM50
A48: Pinjaman yang diberikan pihak ketiga | C48: 79169.962 | D48: 87027.741 | E48: 94994.506 | F48: 101953.78 | G48: 115289.45 | H48: 124367.93 | I48: 145955.73 | J48: 140054.52
A49: Pinjaman yang diberikan pihak berelasi | C49: 821.825 | D49: 261.564 | E49: 217.937 | F49: 278.132 | G49: 466.15 | H49: 710.248 | I49: 450.015 | J49: 657.127
A50: Cadangan kerugian penurunan nilai pada pinjaman yang diberikan | C50: 785.575 | D50: 836.402 | E50: 1912.763 | F50: 1938.72 | G50: 1791.686 | H50: 2130.897 | I50: 2771.031 | J50: 3662.99
A51: Piutang dari lembaga kliring dan penjaminan
A52: Piutang nasabah | C52: =C53+C54-C55 | D52: =D53+D54-D55 | E52: =E53+E54-E55 | F52: =F53+F54-F55 | G52: =G53+G54-G55 | H52: =H53+H54-H55 | I52: =I53+I54-I55 | J52: =J53+J54-J55 | ... AM52: =AM53+AM54-AM55
A53: Piutang nasabah pihak ketiga
A54: Piutang nasabah pihak berelasi
A55: Cadangan kerugian penurunan nilai pada piutang nasabah
A56: Piutang murabahah | C56: =C57+C58-C59 | D56: =D57+D58-D59 | E56: =E57+E58-E59 | F56: =F57+F58-F59 | G56: =G57+G58-G59 | H56: =H57+H58-H59 | I56: =I57+I58-I59 | J56: =J57+J58-J59 | ... AM56: =AM57+AM58-AM59
A57: Piutang murabahah pihak ketiga
A58: Piutang murabahah pihak berelasi
A59: Cadangan kerugian penurunan nilai pada piutang murabahah
A60: Piutang istishna | C60: =C61+C62-C63 | D60: =D61+D62-D63 | E60: =E61+E62-E63 | F60: =F61+F62-F63 | G60: =G61+G62-G63 | H60: =H61+H62-H63 | I60: =I61+I62-I63 | J60: =J61+J62-J63 | ... AM60: =AM61+AM62-AM63
A61: Piutang istishna pihak ketiga
A62: Piutang istishna pihak berelasi
A63: Cadangan kerugian penurunan nilai pada piutang istishna
A64: Piutang ijarah | C64: =C65+C66-C67 | D64: =D65+D66-D67 | E64: =E65+E66-E67 | F64: =F65+F66-F67 | G64: =G65+G66-G67 | H64: =H65+H66-H67 | I64: =I65+I66-I67 | J64: =J65+J66-J67 | ... AM64: =AM65+AM66-AM67
A65: Piutang ijarah pihak ketiga
A66: Piutang ijarah pihak berelasi
A67: Cadangan kerugian penurunan nilai pada piutang ijarah
A68: Piutang pembiayaan konsumen | C68: =C69+C70-C71 | D68: =D69+D70-D71 | E68: =E69+E70-E71 | F68: =F69+F70-F71 | G68: =G69+G70-G71 | H68: =H69+H70-H71 | I68: =I69+I70-I71 | J68: =J69+J70-J71 | ... AM68: =AM69+AM70-AM71
A69: Piutang pembiayaan konsumen pihak ketiga
A70: Piutang pembiayaan konsumen pihak berelasi
A71: Cadangan kerugian penurunan nilai pada piutang pembiayaan konsumen
A72: Pinjaman qardh | C72: =C73+C74-C75 | D72: =D73+D74-D75 | E72: =E73+E74-E75 | F72: =F73+F74-F75 | G72: =G73+G74-G75 | H72: =H73+H74-H75 | I72: =I73+I74-I75 | J72: =J73+J74-J75 | ... AM72: =AM73+AM74-AM75
A73: Pinjaman qardh pihak ketiga
A74: Pinjaman qardh pihak berelasi
A75: Cadangan kerugian penurunan nilai pada pinjaman qardh
A76: Pembiayaan mudharabah | C76: =C77+C78-C79 | D76: =D77+D78-D79 | E76: =E77+E78-E79 | F76: =F77+F78-F79 | G76: =G77+G78-G79 | H76: =H77+H78-H79 | I76: =I77+I78-I79 | J76: =J77+J78-J79 | ... AM76: =AM77+AM78-AM79
A77: Pembiayaan mudharabah pihak ketiga
A78: Pembiayaan mudharabah pihak berelasi
A79: Cadangan kerugian penurunan nilai pada pembiayaan mudharabah
A80: Pembiayaan musyarakah | C80: =C81+C82-C83 | D80: =D81+D82-D83 | E80: =E81+E82-E83 | F80: =F81+F82-F83 | G80: =G81+G82-G83 | H80: =H81+H82-H83 | I80: =I81+I82-I83 | J80: =J81+J82-J83 | ... AM80: =AM81+AM82-AM83
A81: Pembiayaan musyarakah pihak ketiga
A82: Pembiayaan musyarakah pihak berelasi
A83: Cadangan kerugian penurunan nilai pada pembiayaan musyarakah
A84: Investasi sewa | C84: =C85+C86+C87+C88+C89-C90 | D84: =D85+D86+D87+D88+D89-D90 | E84: =E85+E86+E87+E88+E89-E90 | F84: =F85+F86+F87+F88+F89-F90 | G84: =G85+G86+G87+G88+G89-G90 | H84: =H85+H86+H87+H88+H89-H90 | I84: =I85+I86+I87+I88+I89-I90 | J84: =J85+J86+J87+J88+J89-J90 | ... AM84: =AM85+AM86+AM87+AM88+AM89-AM90
A85: Investasi sewa pihak ketiga
A86: Investasi sewa pihak berelasi
A87: Investasi sewa nilai residu yang terjamin
A88: Investasi sewa pendapatan pembiayaan tangguhan
A89: Investasi sewa simpanan jaminan
A90: Cadangan kerugian penurunan nilai pada investasi sewa
A91: Tagihan anjak piutang | C91: =C92+C93+C94-C95 | D91: =D92+D93+D94-D95 | E91: =E92+E93+E94-E95 | F91: =F92+F93+F94-F95 | G91: =G92+G93+G94-G95 | H91: =H92+H93+H94-H95 | I91: =I92+I93+I94-I95 | J91: =J92+J93+J94-J95 | ... AM91: =AM92+AM93+AM94-AM95
A92: Tagihan anjak piutang pihak ketiga
A93: Tagihan anjak piutang pihak berelasi
A94: Tagihan anjak piutang pada pendapatan anjak piutang tangguhan
A95: Cadangan kerugian penurunan nilai pada tagihan anjak piutang
A96: Piutang lainnya | C96: =C97+C98-C99 | D96: =D97+D98-D99 | E96: =E97+E98-E99 | F96: =F97+F98-F99 | G96: =G97+G98-G99 | H96: =H97+H98-H99 | I96: =I97+I98-I99 | J96: =J97+J98-J99 | ... AM96: =AM97+AM98-AM99
A97: Piutang lainnya pihak ketiga
A98: Piutang lainnya pihak berelasi
A99: Cadangan kerugian penurunan nilai pada piutang lainnya
A100: Aset keuangan lainnya
A101: Obligasi pemerintah
...

Sheet Asset Composition
A1: Asset Composition
C3: ='BALANCE SHEET'!C3 | D3: ='BALANCE SHEET'!D3 | E3: ='BALANCE SHEET'!E3 | F3: ='BALANCE SHEET'!F3 | G3: ='BALANCE SHEET'!G3 | H3: ='BALANCE SHEET'!H3 | I3: ='BALANCE SHEET'!I3 | J3: ='BALANCE SHEET'!J3 | ... AM3: ='BALANCE SHEET'!AM3
A4: Absolute
A5: Cash | C5: =IFERROR(HLOOKUP(C3,'BALANCE SHEET'!$C$3:$AM$258, 15, FALSE), 0) | D5: =IFERROR(HLOOKUP(D3,'BALANCE SHEET'!$C$3:$AM$258, 15, FALSE), 0) | E5: =IFERROR(HLOOKUP(E3,'BALANCE SHEET'!$C$3:$AM$258, 15, FALSE), 0) | F5: =IFERROR(HLOOKUP(F3,'BALANCE SHEET'!$C$3:$AM$258, 15, FALSE), 0) | G5: =IFERROR(HLOOKUP(G3,'BALANCE SHEET'!$C$3:$AM$258, 15, FALSE), 0) | H5: =IFERROR(HLOOKUP(H3,'BALANCE SHEET'!$C$3:$AM$258, 15, FALSE), 0) | I5: =IFERROR(HLOOKUP(I3,'BALANCE SHEET'!$C$3:$AM$258, 15, FALSE), 0) | J5: =IFERROR(HLOOKUP(J3,'BALANCE SHEET'!$C$3:$AM$258, 15, FALSE), 0) | ... AM5: =IFERROR(HLOOKUP(AM3,'BALANCE SHEET'!$C$3:$AM$258, 15, FALSE), 0)
A6: Credit | C6: =IFERROR(HLOOKUP(C3,'BALANCE SHEET'!$C$3:$AM$258, 42, FALSE), 0) | D6: =IFERROR(HLOOKUP(D3,'BALANCE SHEET'!$C$3:$AM$258, 42, FALSE), 0) | E6: =IFERROR(HLOOKUP(E3,'BALANCE SHEET'!$C$3:$AM$258, 42, FALSE), 0) | F6: =IFERROR(HLOOKUP(F3,'BALANCE SHEET'!$C$3:$AM$258, 42, FALSE), 0) | G6: =IFERROR(HLOOKUP(G3,'BALANCE SHEET'!$C$3:$AM$258, 42, FALSE), 0) | H6: =IFERROR(HLOOKUP(H3,'BALANCE SHEET'!$C$3:$AM$258, 42, FALSE), 0) | I6: =IFERROR(HLOOKUP(I3,'BALANCE SHEET'!$C$3:$AM$258, 42, FALSE), 0) | J6: =IFERROR(HLOOKUP(J3,'BALANCE SHEET'!$C$3:$AM$258, 42, FALSE), 0) | ... AM6: =IFERROR(HLOOKUP(AM3,'BALANCE SHEET'!$C$3:$AM$258, 42, FALSE), 0)
A7: PPE | C7: =IFERROR(HLOOKUP(C3,'BALANCE SHEET'!$C$3:$AM$258, 116, FALSE) + HLOOKUP(C3,'BALANCE SHEET'!$C$3:$AM$258, 118, FALSE) + HLOOKUP(C3,'BALANCE SHEET'!$C$3:$AM$258, 119, FALSE), 0) | D7: =IFERROR(HLOOKUP(D3,'BALANCE SHEET'!$C$3:$AM$258, 116, FALSE) + HLOOKUP(D3,'BALANCE SHEET'!$C$3:$AM$258, 118, FALSE) + HLOOKUP(D3,'BALANCE SHEET'!$C$3:$AM$258, 119, FALSE), 0) | E7: =IFERROR(HLOOKUP(E3,'BALANCE SHEET'!$C$3:$AM$258, 116, FALSE) + HLOOKUP(E3,'BALANCE SHEET'!$C$3:$AM$258, 118, FALSE) + HLOOKUP(E3,'BALANCE SHEET'!$C$3:$AM$258, 119, FALSE), 0) | F7: =IFERROR(HLOOKUP(F3,'BALANCE SHEET'!$C$3:$AM$258, 116, FALSE) + HLOOKUP(F3,'BALANCE SHEET'!$C$3:$AM$258, 118, FALSE) + HLOOKUP(F3,'BALANCE SHEET'!$C$3:$AM$258, 119, FALSE), 0) | G7: =IFERROR(HLOOKUP(G3,'BALANCE SHEET'!$C$3:$AM$258, 116, FALSE) + HLOOKUP(G3,'BALANCE SHEET'!$C$3:$AM$258, 118, FALSE) + HLOOKUP(G3,'BALANCE SHEET'!$C$3:$AM$258, 119, FALSE), 0) | H7: =IFERROR(HLOOKUP(H3,'BALANCE SHEET'!$C$3:$AM$258, 116, FALSE) + HLOOKUP(H3,'BALANCE SHEET'!$C$3:$AM$258, 118, FALSE) + HLOOKUP(H3,'BALANCE SHEET'!$C$3:$AM$258, 119, FALSE), 0) | I7: =IFERROR(HLOOKUP(I3,'BALANCE SHEET'!$C$3:$AM$258, 116, FALSE) + HLOOKUP(I3,'BALANCE SHEET'!$C$3:$AM$258, 118, FALSE) + HLOOKUP(I3,'BALANCE SHEET'!$C$3:$AM$258, 119, FALSE), 0) | J7: =IFERROR(HLOOKUP(J3,'BALANCE SHEET'!$C$3:$AM$258, 116, FALSE) + HLOOKUP(J3,'BALANCE SHEET'!$C$3:$AM$258, 118, FALSE) + HLOOKUP(J3,'BALANCE SHEET'!$C$3:$AM$258, 119, FALSE), 0) | ... AM7: =IFERROR(HLOOKUP(AM3,'BALANCE SHEET'!$C$3:$AM$258, 116, FALSE) + HLOOKUP(AM3,'BALANCE SHEET'!$C$3:$AM$258, 118, FALSE) + HLOOKUP(AM3,'BALANCE SHEET'!$C$3:$AM$258, 119, FALSE), 0)
A8: Investment | C8: =IFERROR(HLOOKUP(C3,'BALANCE SHEET'!$C$3:$AM$258, 25, FALSE) + HLOOKUP(C3,'BALANCE SHEET'!$C$3:$AM$258, 30, FALSE) + HLOOKUP(C3,'BALANCE SHEET'!$C$3:$AM$258, 99, FALSE) + HLOOKUP(C3,'BALANCE SHEET'!$C$3:$AM$258, 108, FALSE) + HLOOKUP(C3,'BALANCE SHEET'!$C$3:$AM$258, 109, FALSE), 0) | D8: =IFERROR(HLOOKUP(D3,'BALANCE SHEET'!$C$3:$AM$258, 25, FALSE) + HLOOKUP(D3,'BALANCE SHEET'!$C$3:$AM$258, 30, FALSE) + HLOOKUP(D3,'BALANCE SHEET'!$C$3:$AM$258, 99, FALSE) + HLOOKUP(D3,'BALANCE SHEET'!$C$3:$AM$258, 108, FALSE) + + HLOOKUP(D3,'BALANCE SHEET'!$C$3:$AM$258, 109, FALSE), 0) | E8: =IFERROR(HLOOKUP(E3,'BALANCE SHEET'!$C$3:$AM$258, 25, FALSE) + HLOOKUP(E3,'BALANCE SHEET'!$C$3:$AM$258, 30, FALSE) + HLOOKUP(E3,'BALANCE SHEET'!$C$3:$AM$258, 99, FALSE) + HLOOKUP(E3,'BALANCE SHEET'!$C$3:$AM$258, 108, FALSE) + + HLOOKUP(E3,'BALANCE SHEET'!$C$3:$AM$258, 109, FALSE), 0) | F8: =IFERROR(HLOOKUP(F3,'BALANCE SHEET'!$C$3:$AM$258, 25, FALSE) + HLOOKUP(F3,'BALANCE SHEET'!$C$3:$AM$258, 30, FALSE) + HLOOKUP(F3,'BALANCE SHEET'!$C$3:$AM$258, 99, FALSE) + HLOOKUP(F3,'BALANCE SHEET'!$C$3:$AM$258, 108, FALSE) + + HLOOKUP(F3,'BALANCE SHEET'!$C$3:$AM$258, 109, FALSE), 0) | G8: =IFERROR(HLOOKUP(G3,'BALANCE SHEET'!$C$3:$AM$258, 25, FALSE) + HLOOKUP(G3,'BALANCE SHEET'!$C$3:$AM$258, 30, FALSE) + HLOOKUP(G3,'BALANCE SHEET'!$C$3:$AM$258, 99, FALSE) + HLOOKUP(G3,'BALANCE SHEET'!$C$3:$AM$258, 108, FALSE) + + HLOOKUP(G3,'BALANCE SHEET'!$C$3:$AM$258, 109, FALSE), 0) | H8: =IFERROR(HLOOKUP(H3,'BALANCE SHEET'!$C$3:$AM$258, 25, FALSE) + HLOOKUP(H3,'BALANCE SHEET'!$C$3:$AM$258, 30, FALSE) + HLOOKUP(H3,'BALANCE SHEET'!$C$3:$AM$258, 99, FALSE) + HLOOKUP(H3,'BALANCE SHEET'!$C$3:$AM$258, 108, FALSE) + + HLOOKUP(H3,'BALANCE SHEET'!$C$3:$AM$258, 109, FALSE), 0) | I8: =IFERROR(HLOOKUP(I3,'BALANCE SHEET'!$C$3:$AM$258, 25, FALSE) + HLOOKUP(I3,'BALANCE SHEET'!$C$3:$AM$258, 30, FALSE) + HLOOKUP(I3,'BALANCE SHEET'!$C$3:$AM$258, 99, FALSE) + HLOOKUP(I3,'BALANCE SHEET'!$C$3:$AM$258, 108, FALSE) + + HLOOKUP(I3,'BALANCE SHEET'!$C$3:$AM$258, 109, FALSE), 0) | J8: =IFERROR(HLOOKUP(J3,'BALANCE SHEET'!$C$3:$AM$258, 25, FALSE) + HLOOKUP(J3,'BALANCE SHEET'!$C$3:$AM$258, 30, FALSE) + HLOOKUP(J3,'BALANCE SHEET'!$C$3:$AM$258, 99, FALSE) + HLOOKUP(J3,'BALANCE SHEET'!$C$3:$AM$258, 108, FALSE) + + HLOOKUP(J3,'BALANCE SHEET'!$C$3:$AM$258, 109, FALSE), 0) | K8: =IFERROR(HLOOKUP(K3,'BALANCE SHEET'!$C$3:$AM$258, 25, FALSE) + HLOOKUP(K3,'BALANCE SHEET'!$C$3:$AM$258, 30, FALSE) + HLOOKUP(K3,'BALANCE SHEET'!$C$3:$AM$258, 99, FALSE) + HLOOKUP(K3,'BALANCE SHEET'!$C$3:$AM$258, 108, FALSE) + + HLOOKUP(K3,'BALANCE SHEET'!$C$3:$AM$258, 109, FALSE), 0) | ... AM8: =IFERROR(HLOOKUP(AM3,'BALANCE SHEET'!$C$3:$AM$258, 25, FALSE) + HLOOKUP(AM3,'BALANCE SHEET'!$C$3:$AM$258, 30, FALSE) + HLOOKUP(AM3,'BALANCE SHEET'!$C$3:$AM$258, 99, FALSE) + HLOOKUP(AM3,'BALANCE SHEET'!$C$3:$AM$258, 108, FALSE) + + HLOOKUP(AM3,'BALANCE SHEET'!$C$3:$AM$258, 109, FALSE), 0)
A9: Others | C9: =IFERROR(HLOOKUP(C3,'BALANCE SHEET'!$C$3:$AM$258, 5, FALSE) + HLOOKUP(C3,'BALANCE SHEET'!$C$3:$AM$258, 19, FALSE) + HLOOKUP(C3,'BALANCE SHEET'!$C$3:$AM$258, 23, FALSE) + HLOOKUP(C3,'BALANCE SHEET'!$C$3:$AM$258, 24, FALSE) + HLOOKUP(C3,'BALANCE SHEET'!$C$3:$AM$258, 29, FALSE) + HLOOKUP(C3,'BALANCE SHEET'!$C$3:$AM$258, 31, FALSE) + HLOOKUP(C3,'BALANCE SHEET'!$C$3:$AM$258, 35, FALSE)+ HLOOKUP(C3,'BALANCE SHEET'!$C$3:$AM$258, 39, FALSE) + HLOOKUP(C3,'BALANCE SHEET'!$C$3:$AM$258, 49, FALSE) + HLOOKUP(C3,'BALANCE SHEET'!$C$3:$AM$258, 89, FALSE) + HLOOKUP(C3,'BALANCE SHEET'!$C$3:$AM$258, 98, FALSE) + HLOOKUP(C3,'BALANCE SHEET'!$C$3:$AM$258, 100, FALSE)+ HLOOKUP(C3,'BALANCE SHEET'!$C$3:$AM$258, 101, FALSE)+ HLOOKUP(C3,'BALANCE SHEET'!$C$3:$AM$258, 102, FALSE)+ HLOOKUP(C3,'BALANCE SHEET'!$C$3:$AM$258, 103, FALSE)+ HLOOKUP(C3,'BALANCE SHEET'!$C$3:$AM$258, 104, FALSE)+ HLOOKUP(C3,'BALANCE SHEET'!$C$3:$AM$258, 105, FALSE)+ HLOOKUP(C3,'BALANCE SHEET'!$C$3:$AM$258, 106, FALSE) + + HLOOKUP(C3,'BALANCE SHEET'!$C$3:$AM$258, 107, FALSE) + HLOOKUP(C3,'BALANCE SHEET'!$C$3:$AM$258, 112, FALSE)+ HLOOKUP(C3,'BALANCE SHEET'!$C$3:$AM$258, 113, FALSE)+ HLOOKUP(C3,'BALANCE SHEET'!$C$3:$AM$258, 114, FALSE)+ HLOOKUP(C3,'BALANCE SHEET'!$C$3:$AM$258, 115, FALSE)+ HLOOKUP(C3,'BALANCE SHEET'!$C$3:$AM$258, 117, FALSE)+ HLOOKUP(C3,'BALANCE SHEET'!$C$3:$AM$258, 120, FALSE)+ HLOOKUP(C3,'BALANCE SHEET'!$C$3:$AM$258, 121, FALSE)+ HLOOKUP(C3,'BALANCE SHEET'!$C$3:$AM$258, 122, FALSE), 0) | D9: =IFERROR(HLOOKUP(D3,'BALANCE SHEET'!$C$3:$AM$258, 5, FALSE) + HLOOKUP(D3,'BALANCE SHEET'!$C$3:$AM$258, 19, FALSE) + HLOOKUP(D3,'BALANCE SHEET'!$C$3:$AM$258, 23, FALSE) + HLOOKUP(D3,'BALANCE SHEET'!$C$3:$AM$258, 24, FALSE) + HLOOKUP(D3,'BALANCE SHEET'!$C$3:$AM$258, 29, FALSE) + HLOOKUP(D3,'BALANCE SHEET'!$C$3:$AM$258, 31, FALSE) + HLOOKUP(D3,'BALANCE SHEET'!$C$3:$AM$258, 35, FALSE)+ HLOOKUP(D3,'BALANCE SHEET'!$C$3:$AM$258, 39, FALSE) + HLOOKUP(D3,'BALANCE SHEET'!$C$3:$AM$258, 49, FALSE) + HLOOKUP(D3,'BALANCE SHEET'!$C$3:$AM$258, 89, FALSE) + HLOOKUP(D3,'BALANCE SHEET'!$C$3:$AM$258, 98, FALSE) + HLOOKUP(D3,'BALANCE SHEET'!$C$3:$AM$258, 100, FALSE)+ HLOOKUP(D3,'BALANCE SHEET'!$C$3:$AM$258, 101, FALSE)+ HLOOKUP(D3,'BALANCE SHEET'!$C$3:$AM$258, 102, FALSE)+ HLOOKUP(D3,'BALANCE SHEET'!$C$3:$AM$258, 103, FALSE)+ HLOOKUP(D3,'BALANCE SHEET'!$C$3:$AM$258, 104, FALSE)+ HLOOKUP(D3,'BALANCE SHEET'!$C$3:$AM$258, 105, FALSE)+ HLOOKUP(D3,'BALANCE SHEET'!$C$3:$AM$258, 106, FALSE) + + HLOOKUP(D3,'BALANCE SHEET'!$C$3:$AM$258, 107, FALSE) + HLOOKUP(D3,'BALANCE SHEET'!$C$3:$AM$258, 112, FALSE)+ HLOOKUP(D3,'BALANCE SHEET'!$C$3:$AM$258, 113, FALSE)+ HLOOKUP(D3,'BALANCE SHEET'!$C$3:$AM$258, 114, FALSE)+ HLOOKUP(D3,'BALANCE SHEET'!$C$3:$AM$258, 115, FALSE)+ HLOOKUP(D3,'BALANCE SHEET'!$C$3:$AM$258, 117, FALSE)+ HLOOKUP(D3,'BALANCE SHEET'!$C$3:$AM$258, 120, FALSE)+ HLOOKUP(D3,'BALANCE SHEET'!$C$3:$AM$258, 121, FALSE)+ HLOOKUP(D3,'BALANCE SHEET'!$C$3:$AM$258, 122, FALSE), 0) | E9: =IFERROR(HLOOKUP(E3,'BALANCE SHEET'!$C$3:$AM$258, 5, FALSE) + HLOOKUP(E3,'BALANCE SHEET'!$C$3:$AM$258, 19, FALSE) + HLOOKUP(E3,'BALANCE SHEET'!$C$3:$AM$258, 23, FALSE) + HLOOKUP(E3,'BALANCE SHEET'!$C$3:$AM$258, 24, FALSE) + HLOOKUP(E3,'BALANCE SHEET'!$C$3:$AM$258, 29, FALSE) + HLOOKUP(E3,'BALANCE SHEET'!$C$3:$AM$258, 31, FALSE) + HLOOKUP(E3,'BALANCE SHEET'!$C$3:$AM$258, 35, FALSE)+ HLOOKUP(E3,'BALANCE SHEET'!$C$3:$AM$258, 39, FALSE) + HLOOKUP(E3,'BALANCE SHEET'!$C$3:$AM$258, 49, FALSE) + HLOOKUP(E3,'BALANCE SHEET'!$C$3:$AM$258, 89, FALSE) + HLOOKUP(E3,'BALANCE SHEET'!$C$3:$AM$258, 98, FALSE) + HLOOKUP(E3,'BALANCE SHEET'!$C$3:$AM$258, 100, FALSE)+ HLOOKUP(E3,'BALANCE SHEET'!$C$3:$AM$258, 101, FALSE)+ HLOOKUP(E3,'BALANCE SHEET'!$C$3:$AM$258, 102, FALSE)+ HLOOKUP(E3,'BALANCE SHEET'!$C$3:$AM$258, 103, FALSE)+ HLOOKUP(E3,'BALANCE SHEET'!$C$3:$AM$258, 104, FALSE)+ HLOOKUP(E3,'BALANCE SHEET'!$C$3:$AM$258, 105, FALSE)+ HLOOKUP(E3,'BALANCE SHEET'!$C$3:$AM$258, 106, FALSE) + + HLOOKUP(E3,'BALANCE SHEET'!$C$3:$AM$258, 107, FALSE) + HLOOKUP(E3,'BALANCE SHEET'!$C$3:$AM$258, 112, FALSE)+ HLOOKUP(E3,'BALANCE SHEET'!$C$3:$AM$258, 113, FALSE)+ HLOOKUP(E3,'BALANCE SHEET'!$C$3:$AM$258, 114, FALSE)+ HLOOKUP(E3,'BALANCE SHEET'!$C$3:$AM$258, 115, FALSE)+ HLOOKUP(E3,'BALANCE SHEET'!$C$3:$AM$258, 117, FALSE)+ HLOOKUP(E3,'BALANCE SHEET'!$C$3:$AM$258, 120, FALSE)+ HLOOKUP(E3,'BALANCE SHEET'!$C$3:$AM$258, 121, FALSE)+ HLOOKUP(E3,'BALANCE SHEET'!$C$3:$AM$258, 122, FALSE), 0) | F9: =IFERROR(HLOOKUP(F3,'BALANCE SHEET'!$C$3:$AM$258, 5, FALSE) + HLOOKUP(F3,'BALANCE SHEET'!$C$3:$AM$258, 19, FALSE) + HLOOKUP(F3,'BALANCE SHEET'!$C$3:$AM$258, 23, FALSE) + HLOOKUP(F3,'BALANCE SHEET'!$C$3:$AM$258, 24, FALSE) + HLOOKUP(F3,'BALANCE SHEET'!$C$3:$AM$258, 29, FALSE) + HLOOKUP(F3,'BALANCE SHEET'!$C$3:$AM$258, 31, FALSE) + HLOOKUP(F3,'BALANCE SHEET'!$C$3:$AM$258, 35, FALSE)+ HLOOKUP(F3,'BALANCE SHEET'!$C$3:$AM$258, 39, FALSE) + HLOOKUP(F3,'BALANCE SHEET'!$C$3:$AM$258, 49, FALSE) + HLOOKUP(F3,'BALANCE SHEET'!$C$3:$AM$258, 89, FALSE) + HLOOKUP(F3,'BALANCE SHEET'!$C$3:$AM$258, 98, FALSE) + HLOOKUP(F3,'BALANCE SHEET'!$C$3:$AM$258, 100, FALSE)+ HLOOKUP(F3,'BALANCE SHEET'!$C$3:$AM$258, 101, FALSE)+ HLOOKUP(F3,'BALANCE SHEET'!$C$3:$AM$258, 102, FALSE)+ HLOOKUP(F3,'BALANCE SHEET'!$C$3:$AM$258, 103, FALSE)+ HLOOKUP(F3,'BALANCE SHEET'!$C$3:$AM$258, 104, FALSE)+ HLOOKUP(F3,'BALANCE SHEET'!$C$3:$AM$258, 105, FALSE)+ HLOOKUP(F3,'BALANCE SHEET'!$C$3:$AM$258, 106, FALSE) + + HLOOKUP(F3,'BALANCE SHEET'!$C$3:$AM$258, 107, FALSE) + HLOOKUP(F3,'BALANCE SHEET'!$C$3:$AM$258, 112, FALSE)+ HLOOKUP(F3,'BALANCE SHEET'!$C$3:$AM$258, 113, FALSE)+ HLOOKUP(F3,'BALANCE SHEET'!$C$3:$AM$258, 114, FALSE)+ HLOOKUP(F3,'BALANCE SHEET'!$C$3:$AM$258, 115, FALSE)+ HLOOKUP(F3,'BALANCE SHEET'!$C$3:$AM$258, 117, FALSE)+ HLOOKUP(F3,'BALANCE SHEET'!$C$3:$AM$258, 120, FALSE)+ HLOOKUP(F3,'BALANCE SHEET'!$C$3:$AM$258, 121, FALSE)+ HLOOKUP(F3,'BALANCE SHEET'!$C$3:$AM$258, 122, FALSE), 0) | G9: =IFERROR(HLOOKUP(G3,'BALANCE SHEET'!$C$3:$AM$258, 5, FALSE) + HLOOKUP(G3,'BALANCE SHEET'!$C$3:$AM$258, 19, FALSE) + HLOOKUP(G3,'BALANCE SHEET'!$C$3:$AM$258, 23, FALSE) + HLOOKUP(G3,'BALANCE SHEET'!$C$3:$AM$258, 24, FALSE) + HLOOKUP(G3,'BALANCE SHEET'!$C$3:$AM$258, 29, FALSE) + HLOOKUP(G3,'BALANCE SHEET'!$C$3:$AM$258, 31, FALSE) + HLOOKUP(G3,'BALANCE SHEET'!$C$3:$AM$258, 35, FALSE)+ HLOOKUP(G3,'BALANCE SHEET'!$C$3:$AM$258, 39, FALSE) + HLOOKUP(G3,'BALANCE SHEET'!$C$3:$AM$258, 49, FALSE) + HLOOKUP(G3,'BALANCE SHEET'!$C$3:$AM$258, 89, FALSE) + HLOOKUP(G3,'BALANCE SHEET'!$C$3:$AM$258, 98, FALSE) + HLOOKUP(G3,'BALANCE SHEET'!$C$3:$AM$258, 100, FALSE)+ HLOOKUP(G3,'BALANCE SHEET'!$C$3:$AM$258, 101, FALSE)+ HLOOKUP(G3,'BALANCE SHEET'!$C$3:$AM$258, 102, FALSE)+ HLOOKUP(G3,'BALANCE SHEET'!$C$3:$AM$258, 103, FALSE)+ HLOOKUP(G3,'BALANCE SHEET'!$C$3:$AM$258, 104, FALSE)+ HLOOKUP(G3,'BALANCE SHEET'!$C$3:$AM$258, 105, FALSE)+ HLOOKUP(G3,'BALANCE SHEET'!$C$3:$AM$258, 106, FALSE) + + HLOOKUP(G3,'BALANCE SHEET'!$C$3:$AM$258, 107, FALSE) + HLOOKUP(G3,'BALANCE SHEET'!$C$3:$AM$258, 112, FALSE)+ HLOOKUP(G3,'BALANCE SHEET'!$C$3:$AM$258, 113, FALSE)+ HLOOKUP(G3,'BALANCE SHEET'!$C$3:$AM$258, 114, FALSE)+ HLOOKUP(G3,'BALANCE SHEET'!$C$3:$AM$258, 115, FALSE)+ HLOOKUP(G3,'BALANCE SHEET'!$C$3:$AM$258, 117, FALSE)+ HLOOKUP(G3,'BALANCE SHEET'!$C$3:$AM$258, 120, FALSE)+ HLOOKUP(G3,'BALANCE SHEET'!$C$3:$AM$258, 121, FALSE)+ HLOOKUP(G3,'BALANCE SHEET'!$C$3:$AM$258, 122, FALSE), 0) | H9: =IFERROR(HLOOKUP(H3,'BALANCE SHEET'!$C$3:$AM$258, 5, FALSE) + HLOOKUP(H3,'BALANCE SHEET'!$C$3:$AM$258, 19, FALSE) + HLOOKUP(H3,'BALANCE SHEET'!$C$3:$AM$258, 23, FALSE) + HLOOKUP(H3,'BALANCE SHEET'!$C$3:$AM$258, 24, FALSE) + HLOOKUP(H3,'BALANCE SHEET'!$C$3:$AM$258, 29, FALSE) + HLOOKUP(H3,'BALANCE SHEET'!$C$3:$AM$258, 31, FALSE) + HLOOKUP(H3,'BALANCE SHEET'!$C$3:$AM$258, 35, FALSE)+ HLOOKUP(H3,'BALANCE SHEET'!$C$3:$AM$258, 39, FALSE) + HLOOKUP(H3,'BALANCE SHEET'!$C$3:$AM$258, 49, FALSE) + HLOOKUP(H3,'BALANCE SHEET'!$C$3:$AM$258, 89, FALSE) + HLOOKUP(H3,'BALANCE SHEET'!$C$3:$AM$258, 98, FALSE) + HLOOKUP(H3,'BALANCE SHEET'!$C$3:$AM$258, 100, FALSE)+ HLOOKUP(H3,'BALANCE SHEET'!$C$3:$AM$258, 101, FALSE)+ HLOOKUP(H3,'BALANCE SHEET'!$C$3:$AM$258, 102, FALSE)+ HLOOKUP(H3,'BALANCE SHEET'!$C$3:$AM$258, 103, FALSE)+ HLOOKUP(H3,'BALANCE SHEET'!$C$3:$AM$258, 104, FALSE)+ HLOOKUP(H3,'BALANCE SHEET'!$C$3:$AM$258, 105, FALSE)+ HLOOKUP(H3,'BALANCE SHEET'!$C$3:$AM$258, 106, FALSE) + + HLOOKUP(H3,'BALANCE SHEET'!$C$3:$AM$258, 107, FALSE) + HLOOKUP(H3,'BALANCE SHEET'!$C$3:$AM$258, 112, FALSE)+ HLOOKUP(H3,'BALANCE SHEET'!$C$3:$AM$258, 113, FALSE)+ HLOOKUP(H3,'BALANCE SHEET'!$C$3:$AM$258, 114, FALSE)+ HLOOKUP(H3,'BALANCE SHEET'!$C$3:$AM$258, 115, FALSE)+ HLOOKUP(H3,'BALANCE SHEET'!$C$3:$AM$258, 117, FALSE)+ HLOOKUP(H3,'BALANCE SHEET'!$C$3:$AM$258, 120, FALSE)+ HLOOKUP(H3,'BALANCE SHEET'!$C$3:$AM$258, 121, FALSE)+ HLOOKUP(H3,'BALANCE SHEET'!$C$3:$AM$258, 122, FALSE), 0) | I9: =IFERROR(HLOOKUP(I3,'BALANCE SHEET'!$C$3:$AM$258, 5, FALSE) + HLOOKUP(I3,'BALANCE SHEET'!$C$3:$AM$258, 19, FALSE) + HLOOKUP(I3,'BALANCE SHEET'!$C$3:$AM$258, 23, FALSE) + HLOOKUP(I3,'BALANCE SHEET'!$C$3:$AM$258, 24, FALSE) + HLOOKUP(I3,'BALANCE SHEET'!$C$3:$AM$258, 29, FALSE) + HLOOKUP(I3,'BALANCE SHEET'!$C$3:$AM$258, 31, FALSE) + HLOOKUP(I3,'BALANCE SHEET'!$C$3:$AM$258, 35, FALSE)+ HLOOKUP(I3,'BALANCE SHEET'!$C$3:$AM$258, 39, FALSE) + HLOOKUP(I3,'BALANCE SHEET'!$C$3:$AM$258, 49, FALSE) + HLOOKUP(I3,'BALANCE SHEET'!$C$3:$AM$258, 89, FALSE) + HLOOKUP(I3,'BALANCE SHEET'!$C$3:$AM$258, 98, FALSE) + HLOOKUP(I3,'BALANCE SHEET'!$C$3:$AM$258, 100, FALSE)+ HLOOKUP(I3,'BALANCE SHEET'!$C$3:$AM$258, 101, FALSE)+ HLOOKUP(I3,'BALANCE SHEET'!$C$3:$AM$258, 102, FALSE)+ HLOOKUP(I3,'BALANCE SHEET'!$C$3:$AM$258, 103, FALSE)+ HLOOKUP(I3,'BALANCE SHEET'!$C$3:$AM$258, 104, FALSE)+ HLOOKUP(I3,'BALANCE SHEET'!$C$3:$AM$258, 105, FALSE)+ HLOOKUP(I3,'BALANCE SHEET'!$C$3:$AM$258, 106, FALSE) + + HLOOKUP(I3,'BALANCE SHEET'!$C$3:$AM$258, 107, FALSE) + HLOOKUP(I3,'BALANCE SHEET'!$C$3:$AM$258, 112, FALSE)+ HLOOKUP(I3,'BALANCE SHEET'!$C$3:$AM$258, 113, FALSE)+ HLOOKUP(I3,'BALANCE SHEET'!$C$3:$AM$258, 114, FALSE)+ HLOOKUP(I3,'BALANCE SHEET'!$C$3:$AM$258, 115, FALSE)+ HLOOKUP(I3,'BALANCE SHEET'!$C$3:$AM$258, 117, FALSE)+ HLOOKUP(I3,'BALANCE SHEET'!$C$3:$AM$258, 120, FALSE)+ HLOOKUP(I3,'BALANCE SHEET'!$C$3:$AM$258, 121, FALSE)+ HLOOKUP(I3,'BALANCE SHEET'!$C$3:$AM$258, 122, FALSE), 0) | J9: =IFERROR(HLOOKUP(J3,'BALANCE SHEET'!$C$3:$AM$258, 5, FALSE) + HLOOKUP(J3,'BALANCE SHEET'!$C$3:$AM$258, 19, FALSE) + HLOOKUP(J3,'BALANCE SHEET'!$C$3:$AM$258, 23, FALSE) + HLOOKUP(J3,'BALANCE SHEET'!$C$3:$AM$258, 24, FALSE) + HLOOKUP(J3,'BALANCE SHEET'!$C$3:$AM$258, 29, FALSE) + HLOOKUP(J3,'BALANCE SHEET'!$C$3:$AM$258, 31, FALSE) + HLOOKUP(J3,'BALANCE SHEET'!$C$3:$AM$258, 35, FALSE)+ HLOOKUP(J3,'BALANCE SHEET'!$C$3:$AM$258, 39, FALSE) + HLOOKUP(J3,'BALANCE SHEET'!$C$3:$AM$258, 49, FALSE) + HLOOKUP(J3,'BALANCE SHEET'!$C$3:$AM$258, 89, FALSE) + HLOOKUP(J3,'BALANCE SHEET'!$C$3:$AM$258, 98, FALSE) + HLOOKUP(J3,'BALANCE SHEET'!$C$3:$AM$258, 100, FALSE)+ HLOOKUP(J3,'BALANCE SHEET'!$C$3:$AM$258, 101, FALSE)+ HLOOKUP(J3,'BALANCE SHEET'!$C$3:$AM$258, 102, FALSE)+ HLOOKUP(J3,'BALANCE SHEET'!$C$3:$AM$258, 103, FALSE)+ HLOOKUP(J3,'BALANCE SHEET'!$C$3:$AM$258, 104, FALSE)+ HLOOKUP(J3,'BALANCE SHEET'!$C$3:$AM$258, 105, FALSE)+ HLOOKUP(J3,'BALANCE SHEET'!$C$3:$AM$258, 106, FALSE) + + HLOOKUP(J3,'BALANCE SHEET'!$C$3:$AM$258, 107, FALSE) + HLOOKUP(J3,'BALANCE SHEET'!$C$3:$AM$258, 112, FALSE)+ HLOOKUP(J3,'BALANCE SHEET'!$C$3:$AM$258, 113, FALSE)+ HLOOKUP(J3,'BALANCE SHEET'!$C$3:$AM$258, 114, FALSE)+ HLOOKUP(J3,'BALANCE SHEET'!$C$3:$AM$258, 115, FALSE)+ HLOOKUP(J3,'BALANCE SHEET'!$C$3:$AM$258, 117, FALSE)+ HLOOKUP(J3,'BALANCE SHEET'!$C$3:$AM$258, 120, FALSE)+ HLOOKUP(J3,'BALANCE SHEET'!$C$3:$AM$258, 121, FALSE)+ HLOOKUP(J3,'BALANCE SHEET'!$C$3:$AM$258, 122, FALSE), 0) | ... AM9: =IFERROR(HLOOKUP(AM3,'BALANCE SHEET'!$C$3:$AM$258, 5, FALSE) + HLOOKUP(AM3,'BALANCE SHEET'!$C$3:$AM$258, 19, FALSE) + HLOOKUP(AM3,'BALANCE SHEET'!$C$3:$AM$258, 23, FALSE) + HLOOKUP(AM3,'BALANCE SHEET'!$C$3:$AM$258, 24, FALSE) + HLOOKUP(AM3,'BALANCE SHEET'!$C$3:$AM$258, 29, FALSE) + HLOOKUP(AM3,'BALANCE SHEET'!$C$3:$AM$258, 31, FALSE) + HLOOKUP(AM3,'BALANCE SHEET'!$C$3:$AM$258, 35, FALSE)+ HLOOKUP(AM3,'BALANCE SHEET'!$C$3:$AM$258, 39, FALSE) + HLOOKUP(AM3,'BALANCE SHEET'!$C$3:$AM$258, 49, FALSE) + HLOOKUP(AM3,'BALANCE SHEET'!$C$3:$AM$258, 89, FALSE) + HLOOKUP(AM3,'BALANCE SHEET'!$C$3:$AM$258, 98, FALSE) + HLOOKUP(AM3,'BALANCE SHEET'!$C$3:$AM$258, 100, FALSE)+ HLOOKUP(AM3,'BALANCE SHEET'!$C$3:$AM$258, 101, FALSE)+ HLOOKUP(AM3,'BALANCE SHEET'!$C$3:$AM$258, 102, FALSE)+ HLOOKUP(AM3,'BALANCE SHEET'!$C$3:$AM$258, 103, FALSE)+ HLOOKUP(AM3,'BALANCE SHEET'!$C$3:$AM$258, 104, FALSE)+ HLOOKUP(AM3,'BALANCE SHEET'!$C$3:$AM$258, 105, FALSE)+ HLOOKUP(AM3,'BALANCE SHEET'!$C$3:$AM$258, 106, FALSE) + + HLOOKUP(AM3,'BALANCE SHEET'!$C$3:$AM$258, 107, FALSE) + HLOOKUP(AM3,'BALANCE SHEET'!$C$3:$AM$258, 112, FALSE)+ HLOOKUP(AM3,'BALANCE SHEET'!$C$3:$AM$258, 113, FALSE)+ HLOOKUP(AM3,'BALANCE SHEET'!$C$3:$AM$258, 114, FALSE)+ HLOOKUP(AM3,'BALANCE SHEET'!$C$3:$AM$258, 115, FALSE)+ HLOOKUP(AM3,'BALANCE SHEET'!$C$3:$AM$258, 117, FALSE)+ HLOOKUP(AM3,'BALANCE SHEET'!$C$3:$AM$258, 120, FALSE)+ HLOOKUP(AM3,'BALANCE SHEET'!$C$3:$AM$258, 121, FALSE)+ HLOOKUP(AM3,'BALANCE SHEET'!$C$3:$AM$258, 122, FALSE), 0)
A10: Total Asset Sum | C10: =SUM(C5:C9) | D10: =SUM(D5:D9) | E10: =SUM(E5:E9) | F10: =SUM(F5:F9) | G10: =SUM(G5:G9) | H10: =SUM(H5:H9) | I10: =SUM(I5:I9) | J10: =SUM(J5:J9) | ... AM10: =SUM(AM5:AM9)
A11: Total Asset Check | C11: =IFERROR(HLOOKUP(C3,'BALANCE SHEET'!$C$3:$AM$258, 123, FALSE), 0) | D11: =IFERROR(HLOOKUP(D3,'BALANCE SHEET'!$C$3:$AM$258, 123, FALSE), 0) | E11: =IFERROR(HLOOKUP(E3,'BALANCE SHEET'!$C$3:$AM$258, 123, FALSE), 0) | F11: =IFERROR(HLOOKUP(F3,'BALANCE SHEET'!$C$3:$AM$258, 123, FALSE), 0) | G11: =IFERROR(HLOOKUP(G3,'BALANCE SHEET'!$C$3:$AM$258, 123, FALSE), 0) | H11: =IFERROR(HLOOKUP(H3,'BALANCE SHEET'!$C$3:$AM$258, 123, FALSE), 0) | I11: =IFERROR(HLOOKUP(I3,'BALANCE SHEET'!$C$3:$AM$258, 123, FALSE), 0) | J11: =IFERROR(HLOOKUP(J3,'BALANCE SHEET'!$C$3:$AM$258, 123, FALSE), 0) | ... AM11: =IFERROR(HLOOKUP(AM3,'BALANCE SHEET'!$C$3:$AM$258, 123, FALSE), 0)
A12: Percentage
A13: Cash | C13: =IFERROR(C5/C$10, 0) | D13: =IFERROR(D5/D$10, 0) | E13: =IFERROR(E5/E$10, 0) | F13: =IFERROR(F5/F$10, 0) | G13: =IFERROR(G5/G$10, 0) | H13: =IFERROR(H5/H$10, 0) | I13: =IFERROR(I5/I$10, 0) | J13: =IFERROR(J5/J$10, 0) | ... AM13: =IFERROR(AM5/AM$10, 0)
A14: Credit | C14: =IFERROR(C6/C$10, 0) | D14: =IFERROR(D6/D$10, 0) | E14: =IFERROR(E6/E$10, 0) | F14: =IFERROR(F6/F$10, 0) | G14: =IFERROR(G6/G$10, 0) | H14: =IFERROR(H6/H$10, 0) | I14: =IFERROR(I6/I$10, 0) | J14: =IFERROR(J6/J$10, 0) | ... AM14: =IFERROR(AM6/AM$10, 0)
A15: PPE | C15: =IFERROR(C7/C$10, 0) | D15: =IFERROR(D7/D$10, 0) | E15: =IFERROR(E7/E$10, 0) | F15: =IFERROR(F7/F$10, 0) | G15: =IFERROR(G7/G$10, 0) | H15: =IFERROR(H7/H$10, 0) | I15: =IFERROR(I7/I$10, 0) | J15: =IFERROR(J7/J$10, 0) | ... AM15: =IFERROR(AM7/AM$10, 0)
A16: Investment | C16: =IFERROR(C8/C$10, 0) | D16: =IFERROR(D8/D$10, 0) | E16: =IFERROR(E8/E$10, 0) | F16: =IFERROR(F8/F$10, 0) | G16: =IFERROR(G8/G$10, 0) | H16: =IFERROR(H8/H$10, 0) | I16: =IFERROR(I8/I$10, 0) | J16: =IFERROR(J8/J$10, 0) | ... AM16: =IFERROR(AM8/AM$10, 0)
A17: Others | C17: =IFERROR(C9/C$10, 0) | D17: =IFERROR(D9/D$10, 0) | E17: =IFERROR(E9/E$10, 0) | F17: =IFERROR(F9/F$10, 0) | G17: =IFERROR(G9/G$10, 0) | H17: =IFERROR(H9/H$10, 0) | I17: =IFERROR(I9/I$10, 0) | J17: =IFERROR(J9/J$10, 0) | ... AM17: =IFERROR(AM9/AM$10, 0)
A18: Total Percentage Sum | C18: =SUM(C13:C17) | D18: =SUM(D13:D17) | E18: =SUM(E13:E17) | F18: =SUM(F13:F17) | G18: =SUM(G13:G17) | H18: =SUM(H13:H17) | I18: =SUM(I13:I17) | J18: =SUM(J13:J17) | ... AM18: =SUM(AM13:AM17)

Sheet INCOME STATEMENT
A1: Laporan laba rugi dan penghasilan komprehensif lain
A3: Period | C3: 2018-12-31 | D3: 2019-12-31 | E3: 2020-12-31 | F3: 2021-12-31 | G3: 2022-12-31 | H3: 2023-12-31 | I3: 2024-12-31 | J3: 2025-12-31
A4: Laporan laba rugi dan penghasilan komprehensif lain
A5: Gross Operating Revenue (without recoveries, change in fair value, & one off) | C5: =C11+C19+C20+C28+C29+C30+C22+C25+C27+C33+C34+C38+C47+C48+C49+C50+C61+C52+C53+C54+C55+C56+C57+C60+C63+C62+C64+C69 | D5: =D11+D19+D20+D28+D29+D30+D22+D25+D27+D33+D34+D38+D47+D48+D49+D50+D61+D52+D53+D54+D55+D56+D57+D60+D63+D62+D64+D69 | E5: =E11+E19+E20+E28+E29+E30+E22+E25+E27+E33+E34+E38+E47+E48+E49+E50+E61+E52+E53+E54+E55+E56+E57+E60+E63+E62+E64+E69 | F5: =F11+F19+F20+F28+F29+F30+F22+F25+F27+F33+F34+F38+F47+F48+F49+F50+F61+F52+F53+F54+F55+F56+F57+F60+F63+F62+F64+F69 | G5: =G11+G19+G20+G28+G29+G30+G22+G25+G27+G33+G34+G38+G47+G48+G49+G50+G61+G52+G53+G54+G55+G56+G57+G60+G63+G62+G64+G69 | H5: =H11+H19+H20+H28+H29+H30+H22+H25+H27+H33+H34+H38+H47+H48+H49+H50+H61+H52+H53+H54+H55+H56+H57+H60+H63+H62+H64+H69 | I5: =I11+I19+I20+I28+I29+I30+I22+I25+I27+I33+I34+I38+I47+I48+I49+I50+I61+I52+I53+I54+I55+I56+I57+I60+I63+I62+I64+I69 | J5: =J11+J19+J20+J28+J29+J30+J22+J25+J27+J33+J34+J38+J47+J48+J49+J50+J61+J52+J53+J54+J55+J56+J57+J60+J63+J62+J64+J69 | ... AL5: =AL11+AL19+AL20+AL28+AL29+AL30+AL22+AL25+AL27+AL33+AL34+AL38+AL47+AL48+AL49+AL50+AL61+AL52+AL53+AL54+AL55+AL56+AL57+AL60+AL63+AL62+AL64+AL69
A6: Gross Operating Revenue Growth (%) | C6: =IFERROR(IF(((C5-B5)/B5)=-1, "", (C5-B5)/B5), "") | D6: =IFERROR(IF(((D5-C5)/C5)=-1, "", (D5-C5)/C5), "") | E6: =IFERROR(IF(((E5-D5)/D5)=-1, "", (E5-D5)/D5), "") | F6: =IFERROR(IF(((F5-E5)/E5)=-1, "", (F5-E5)/E5), "") | G6: =IFERROR(IF(((G5-F5)/F5)=-1, "", (G5-F5)/F5), "") | H6: =IFERROR(IF(((H5-G5)/G5)=-1, "", (H5-G5)/G5), "") | I6: =IFERROR(IF(((I5-H5)/H5)=-1, "", (I5-H5)/H5), "") | J6: =IFERROR(IF(((J5-I5)/I5)=-1, "", (J5-I5)/I5), "") | ... AL6: =IFERROR(IF(((AL5-AK5)/AK5)=-1, "", (AL5-AK5)/AK5), "")
A7: Net Operating Revenue (without recoveries, change in fair value, & one off) | C7: =C5 - (C14+C23+C24+C26+C32+C35+C36+C37+C39+C40+C41+C42+C43+C77) | D7: =D5 - (D14+D23+D24+D26+D32+D35+D36+D37+D39+D40+D41+D42+D43+D77) | E7: =E5 - (E14+E23+E24+E26+E32+E35+E36+E37+E39+E40+E41+E42+E43+E77) | F7: =F5 - (F14+F23+F24+F26+F32+F35+F36+F37+F39+F40+F41+F42+F43+F77) | G7: =G5 - (G14+G23+G24+G26+G32+G35+G36+G37+G39+G40+G41+G42+G43+G77) | H7: =H5 - (H14+H23+H24+H26+H32+H35+H36+H37+H39+H40+H41+H42+H43+H77) | I7: =I5 - (I14+I23+I24+I26+I32+I35+I36+I37+I39+I40+I41+I42+I43+I77) | J7: =J5 - (J14+J23+J24+J26+J32+J35+J36+J37+J39+J40+J41+J42+J43+J77) | ... AL7: =AL5 - (AL14+AL23+AL24+AL26+AL32+AL35+AL36+AL37+AL39+AL40+AL41+AL42+AL43+AL77)
A8: Net Operating Revenue Growth (%) | C8: =IFERROR(IF(((C7-B7)/B7)=-1, "", (C7-B7)/B7), "") | D8: =IFERROR(IF(((D7-C7)/C7)=-1, "", (D7-C7)/C7), "") | E8: =IFERROR(IF(((E7-D7)/D7)=-1, "", (E7-D7)/D7), "") | F8: =IFERROR(IF(((F7-E7)/E7)=-1, "", (F7-E7)/E7), "") | G8: =IFERROR(IF(((G7-F7)/F7)=-1, "", (G7-F7)/F7), "") | H8: =IFERROR(IF(((H7-G7)/G7)=-1, "", (H7-G7)/G7), "") | I8: =IFERROR(IF(((I7-H7)/H7)=-1, "", (I7-H7)/H7), "") | J8: =IFERROR(IF(((J7-I7)/I7)=-1, "", (J7-I7)/I7), "") | ... AL8: =IFERROR(IF(((AL7-AK7)/AK7)=-1, "", (AL7-AK7)/AK7), "")
A9: Total Asset Turnover Ratio (TATO) (%) | C9: =IFERROR(C7/HLOOKUP(C3,'BALANCE SHEET'!$C$3:$AH$258, 123, FALSE), "") | D9: =IFERROR(D7/HLOOKUP(D3,'BALANCE SHEET'!$C$3:$AH$258, 123, FALSE), "") | E9: =IFERROR(E7/HLOOKUP(E3,'BALANCE SHEET'!$C$3:$AH$258, 123, FALSE), "") | F9: =IFERROR(F7/HLOOKUP(F3,'BALANCE SHEET'!$C$3:$AH$258, 123, FALSE), "") | G9: =IFERROR(G7/HLOOKUP(G3,'BALANCE SHEET'!$C$3:$AH$258, 123, FALSE), "") | H9: =IFERROR(H7/HLOOKUP(H3,'BALANCE SHEET'!$C$3:$AH$258, 123, FALSE), "") | I9: =IFERROR(I7/HLOOKUP(I3,'BALANCE SHEET'!$C$3:$AH$258, 123, FALSE), "") | J9: =IFERROR(J7/HLOOKUP(J3,'BALANCE SHEET'!$C$3:$AH$258, 123, FALSE), "") | ... AL9: =IFERROR(AL7/HLOOKUP(AL3,'BALANCE SHEET'!$C$3:$AH$258, 123, FALSE), "")
A10: Pendapatan dan beban operasional
A11: Pendapatan bunga | C11: 11914.209 | D11: 12091.43 | E11: 12620.678 | F11: 13214.443 | G11: 13635.974 | H11: 14258.209 | I11: 15872.485 | J11: 17092.581
A12: Gross Interest Income Growth (%) | C12: =IFERROR(IF(((C11-B11)/B11)=-1, "", (C11-B11)/B11), "") | D12: =IFERROR(IF(((D11-C11)/C11)=-1, "", (D11-C11)/C11), "") | E12: =IFERROR(IF(((E11-D11)/D11)=-1, "", (E11-D11)/D11), "") | F12: =IFERROR(IF(((F11-E11)/E11)=-1, "", (F11-E11)/E11), "") | G12: =IFERROR(IF(((G11-F11)/F11)=-1, "", (G11-F11)/F11), "") | H12: =IFERROR(IF(((H11-G11)/G11)=-1, "", (H11-G11)/G11), "") | I12: =IFERROR(IF(((I11-H11)/H11)=-1, "", (I11-H11)/H11), "") | J12: =IFERROR(IF(((J11-I11)/I11)=-1, "", (J11-I11)/I11), "") | ... AL12: =IFERROR(IF(((AL11-AK11)/AK11)=-1, "", (AL11-AK11)/AK11), "")
A13: Gross Interest Margin (GIM) (%) | C13: =IFERROR(C11/HLOOKUP(C3,'BALANCE SHEET'!$C$3:$AH$258, 125, FALSE), "") | D13: =IFERROR(D11/HLOOKUP(D3,'BALANCE SHEET'!$C$3:$AH$258, 125, FALSE), "") | E13: =IFERROR(E11/HLOOKUP(E3,'BALANCE SHEET'!$C$3:$AH$258, 125, FALSE), "") | F13: =IFERROR(F11/HLOOKUP(F3,'BALANCE SHEET'!$C$3:$AH$258, 125, FALSE), "") | G13: =IFERROR(G11/HLOOKUP(G3,'BALANCE SHEET'!$C$3:$AH$258, 125, FALSE), "") | H13: =IFERROR(H11/HLOOKUP(H3,'BALANCE SHEET'!$C$3:$AH$258, 125, FALSE), "") | I13: =IFERROR(I11/HLOOKUP(I3,'BALANCE SHEET'!$C$3:$AH$258, 125, FALSE), "") | J13: =IFERROR(J11/HLOOKUP(J3,'BALANCE SHEET'!$C$3:$AH$258, 125, FALSE), "") | ... AL13: =IFERROR(AL11/HLOOKUP(AL3,'BALANCE SHEET'!$C$3:$AH$258, 125, FALSE), "")
A14: Beban bunga | C14: 5415.178 | D14: 6008.924 | E14: 6123.414 | F14: 5313.916 | G14: 5227.996 | H14: 7194.587 | I14: 9245.814 | J14: 9582.346
A15: Cost of Fund (COF) (%) | C15: =IFERROR(C$14/HLOOKUP(C$3,'BALANCE SHEET'!$C$3:$AH$258, 203, FALSE), "") | D15: =IFERROR(D$14/HLOOKUP(D$3,'BALANCE SHEET'!$C$3:$AH$258, 203, FALSE), "") | E15: =IFERROR(E$14/HLOOKUP(E$3,'BALANCE SHEET'!$C$3:$AH$258, 203, FALSE), "") | F15: =IFERROR(F$14/HLOOKUP(F$3,'BALANCE SHEET'!$C$3:$AH$258, 203, FALSE), "") | G15: =IFERROR(G$14/HLOOKUP(G$3,'BALANCE SHEET'!$C$3:$AH$258, 203, FALSE), "") | H15: =IFERROR(H$14/HLOOKUP(H$3,'BALANCE SHEET'!$C$3:$AH$258, 203, FALSE), "") | I15: =IFERROR(I$14/HLOOKUP(I$3,'BALANCE SHEET'!$C$3:$AH$258, 203, FALSE), "") | J15: =IFERROR(J$14/HLOOKUP(J$3,'BALANCE SHEET'!$C$3:$AH$258, 203, FALSE), "") | ... AL15: =IFERROR(AL$14/HLOOKUP(AL$3,'BALANCE SHEET'!$C$3:$AH$258, 203, FALSE), "")
A16: Pendapatan bunga bersih | C16: =C11-C14 | D16: =D11-D14 | E16: =E11-E14 | F16: =F11-F14 | G16: =G11-G14 | H16: =H11-H14 | I16: =I11-I14 | J16: =J11-J14 | ... AL16: =AL11-AL14
A17: Net Interest Income Growth (%) | C17: =IFERROR(IF(((C16-B16)/B16)=-1, "", (C16-B16)/B16), "") | D17: =IFERROR(IF(((D16-C16)/C16)=-1, "", (D16-C16)/C16), "") | E17: =IFERROR(IF(((E16-D16)/D16)=-1, "", (E16-D16)/D16), "") | F17: =IFERROR(IF(((F16-E16)/E16)=-1, "", (F16-E16)/E16), "") | G17: =IFERROR(IF(((G16-F16)/F16)=-1, "", (G16-F16)/F16), "") | H17: =IFERROR(IF(((H16-G16)/G16)=-1, "", (H16-G16)/G16), "") | I17: =IFERROR(IF(((I16-H16)/H16)=-1, "", (I16-H16)/H16), "") | J17: =IFERROR(IF(((J16-I16)/I16)=-1, "", (J16-I16)/I16), "") | ... AL17: =IFERROR(IF(((AL16-AK16)/AK16)=-1, "", (AL16-AK16)/AK16), "")
A18: Net Interest Margin (NIM) (%) | C18: =IFERROR(C16/HLOOKUP(C3,'BALANCE SHEET'!$C$3:$AH$258, 125, FALSE), "") | D18: =IFERROR(D16/HLOOKUP(D3,'BALANCE SHEET'!$C$3:$AH$258, 125, FALSE), "") | E18: =IFERROR(E16/HLOOKUP(E3,'BALANCE SHEET'!$C$3:$AH$258, 125, FALSE), "") | F18: =IFERROR(F16/HLOOKUP(F3,'BALANCE SHEET'!$C$3:$AH$258, 125, FALSE), "") | G18: =IFERROR(G16/HLOOKUP(G3,'BALANCE SHEET'!$C$3:$AH$258, 125, FALSE), "") | H18: =IFERROR(H16/HLOOKUP(H3,'BALANCE SHEET'!$C$3:$AH$258, 125, FALSE), "") | I18: =IFERROR(I16/HLOOKUP(I3,'BALANCE SHEET'!$C$3:$AH$258, 125, FALSE), "") | J18: =IFERROR(J16/HLOOKUP(J3,'BALANCE SHEET'!$C$3:$AH$258, 125, FALSE), "") | ... AL18: =IFERROR(AL16/HLOOKUP(AL3,'BALANCE SHEET'!$C$3:$AH$258, 125, FALSE), "")
A19: Pendapatan pengelolaan dana oleh bank sebagai mudharib
A20: Hak pihak ketiga atas bagi hasil dana syirkah temporer
A21: Pendapatan asuransi
A22: Pendapatan dari premi asuransi
A23: Premi reasuransi
A24: Premi retrosesi
A25: Penurunan (kenaikan) premi yang belum merupakan pendapatan
A26: Penurunan (kenaikan) pendapatan premi disesikan kepada reasuradur
A27: Pendapatan komisi asuransi
A28: Pendapatan bersih investasi
A29: Penerimaan ujrah
A30: Pendapatan asuransi lainnya
... A43: Beban asuransi lainnya
A44: Net Operating Revenue before Provisions | C44: =C5 - (C14+C23+C24+C26+C32+C35+C36+C37+C39+C40+C41+C42+C43) | D44: =D5-D14-D32 | E44: =E5-E14-E32 | F44: =F5-F14-F32 | G44: =G5-G14-G32 | H44: =H5-H14-H32 | I44: =I5-I14-I32 | J44: =J5-J14-J32 | K44: =K5-K14-K32 | ... AL44: =AL5-AL14-AL32
A45: GPM (%) | C45: =IFERROR(C44/C5, "") | D45: =IFERROR(D44/D5, "") | E45: =IFERROR(E44/E5, "") | F45: =IFERROR(F44/F5, "") | G45: =IFERROR(G44/G5, "") | H45: =IFERROR(H44/H5, "") | I45: =IFERROR(I44/I5, "") | J45: =IFERROR(J44/J5, "") | ... AL45: =IFERROR(AL44/AL5, "")
A46: Pendapatan dari pembiayaan
A47: Pendapatan dari pembiayaan konsumen
A48: Pendapatan dari sewa pembiayaan
A49: Pendapatan dari sewa operasi
A50: Pendapatan dari anjak piutang
A51: Pendapatan sekuritas
A52: Pendapatan kegiatan penjamin emisi dan penjualan efek
A53: Pendapatan pembiayaan transaksi nasabah
A54: Pendapatan jasa biro administrasi efek
A55: Pendapatan kegiatan jasa manajer investasi
A56: Pendapatan kegiatan jasa penasehat keuangan
A57: Keuntungan (kerugian) dari transaksi perdagangan efek yang telah direalisasi | C57: 8.847 | D57: 58.092 | E57: 424.289 | F57: 325.132 | G57: 49.315 | H57: 0 | I57: 196.699 | J57: 383.131
A58: Keuntungan (kerugian) perubahan nilai wajar efek | C58: 0 | D58: 25.851 | E58: 92.475 | F58: 0 | G58: 0 | H58: 86.529 | I58: 146.329 | J58: 407.813
A59: Pendapatan operasional lainnya
A60: Pendapatan investasi
A61: Pendapatan provisi dan komisi dari transaksi lainnya selain kredit | C61: 580.577 | D61: 599.296 | E61: 641.022 | F61: 802.774 | G61: 1051.115 | H61: 1196.432 | I61: 1348.894 | J61: 1379.21
A62: Pendapatan transaksi perdagangan
A63: Pendapatan dividen
A64: Keuntungan (kerugian) yang telah direalisasi atas instrumen derivatif
A65: Penerimaan kembali aset yang telah dihapusbukukan | C65: 258.65 | D65: 267.98 | E65: 247.051 | F65: 391.947 | G65: 365.404 | H65: 335.778 | I65: 235.852 | J65: 217.451
A66: Keuntungan (kerugian) selisih kurs mata uang asing | C66: 15.676 | D66: 13.143 | E66: 54.658 | F66: 58.686 | G66: 23.826 | H66: 14.095 | I66: 19.24 | J66: 17.774
A67: Keuntungan (kerugian) pelepasan aset tetap
A68: Keuntungan (kerugian) pelepasan agunan yang diambil alih
A69: Pendapatan operasional lainnya | C69: 70.714 | D69: 50.341 | E69: -1.346 | F69: 139.708 | G69: 150.028 | H69: 289.421 | I69: 276.315 | J69: 548.753
A70: Pemulihan penyisihan kerugian penurunan nilai
A71: Pemulihan penyisihan kerugian penurunan nilai aset keuangan
A72: Pemulihan penyisihan kerugian penurunan nilai aset keuangan - sewa pembiayaan
A73: Pemulihan penyisihan kerugian penurunan nilai aset keuangan - piutang pembiayaan konsumen
A74: Pemulihan penyisihan kerugian penurunan nilai aset non-keuangan
A75: Pemulihan penyisihan kerugian penurunan nilai aset non-keuangan - agunan yang diambil alih
A76: Pemulihan penyisihan estimasi kerugian atas komitmen dan kontinjensi | G76: 13.192 | H76: 0.631 | I76: 0 | J76: 0
A77: Pembentukan kerugian penurunan nilai | C77: =C80+C81 | D77: =D80+D81 | E77: =E80+E81 | F77: =F80+F81 | G77: =G80+G81 | H77: =H80+H81 | I77: =I80+I81 | J77: =J80+J81 | ... AL77: =AL80+AL81
A78: CKPN to Net Revenue (%) | C78: =IFERROR(C77/C7, "") | D78: =IFERROR(D77/D7, "") | E78: =IFERROR(E77/E7, "") | F78: =IFERROR(F77/F7, "") | G78: =IFERROR(G77/G7, "") | H78: =IFERROR(H77/H7, "") | I78: =IFERROR(I77/I7, "") | J78: =IFERROR(J77/J7, "") | ... AL78: =IFERROR(AL77/AL7, "")
A79: Credit Cost (%) | C79: =IFERROR(C77/HLOOKUP(C3,'BALANCE SHEET'!$C$3:$AH$258, 42, FALSE), "") | D79: =IFERROR(D77/HLOOKUP(D3,'BALANCE SHEET'!$C$3:$AH$258, 42, FALSE), "") | E79: =IFERROR(E77/HLOOKUP(E3,'BALANCE SHEET'!$C$3:$AH$258, 42, FALSE), "") | F79: =IFERROR(F77/HLOOKUP(F3,'BALANCE SHEET'!$C$3:$AH$258, 42, FALSE), "") | G79: =IFERROR(G77/HLOOKUP(G3,'BALANCE SHEET'!$C$3:$AH$258, 42, FALSE), "") | H79: =IFERROR(H77/HLOOKUP(H3,'BALANCE SHEET'!$C$3:$AH$258, 42, FALSE), "") | I79: =IFERROR(I77/HLOOKUP(I3,'BALANCE SHEET'!$C$3:$AH$258, 42, FALSE), "") | J79: =IFERROR(J77/HLOOKUP(J3,'BALANCE SHEET'!$C$3:$AH$258, 42, FALSE), "") | ... AL79: =IFERROR(AL77/HLOOKUP(AL3,'BALANCE SHEET'!$C$3:$AH$258, 42, FALSE), "")
A80: Pembentukan penyisihan kerugian penurunan nilai aset produktif | H80: 746.262 | I80: 0 | J80: 0
A81: Pembentukan penyisihan kerugian penurunan nilai aset non-produktif
A82: Pembalikan (beban) estimasi kerugian komitmen dan kontijensi
A83: Beban operasional lainnya
A84: Beban umum dan administrasi | C84: 2276.047 | D84: 2281.455 | E84: 2499.005 | F84: 2701.546 | G84: 2744.76 | H84: 2725.498 | I84: 2685.488 | J84: 3037.386
A85: Beban penjualan
A86: Beban sewa, pemeliharaan, dan perbaikan
A87: Beban provisi dan komisi
A88: Beban operasional lainnya | C88: 3099.051 | D88: 2756.261 | E88: 3244.282 | F88: 4318.613 | G88: 4243.264 | H88: 3366.023 | I88: 4389.299 | J88: 5443.339
A89: Jumlah laba operasional | C89: 2058.397 | D89: 2059.493 | E89: 2212.126 | F89: 2598.615 | G89: 2848.858 | H89: 2148.725 | I89: 1775.213 | J89: 1983.642
A90: Operating Profit Growth (%) | C90: =IFERROR(IF(((C89-B89)/B89)=-1, "", (C89-B89)/B89), "") | D90: =IFERROR(IF(((D89-C89)/C89)=-1, "", (D89-C89)/C89), "") | E90: =IFERROR(IF(((E89-D89)/D89)=-1, "", (E89-D89)/D89), "") | F90: =IFERROR(IF(((F89-E89)/E89)=-1, "", (F89-E89)/E89), "") | G90: =IFERROR(IF(((G89-F89)/F89)=-1, "", (G89-F89)/F89), "") | H90: =IFERROR(IF(((H89-G89)/G89)=-1, "", (H89-G89)/G89), "") | I90: =IFERROR(IF(((I89-H89)/H89)=-1, "", (I89-H89)/H89), "") | J90: =IFERROR(IF(((J89-I89)/I89)=-1, "", (J89-I89)/I89), "") | ... AL90: =IFERROR(IF(((AL89-AK89)/AK89)=-1, "", (AL89-AK89)/AK89), "")
A91: OPM (%) | C91: =IFERROR(C89/C5, "") | D91: =IFERROR(D89/D5, "") | E91: =IFERROR(E89/E5, "") | F91: =IFERROR(F89/F5, "") | G91: =IFERROR(G89/G5, "") | H91: =IFERROR(H89/H5, "") | I91: =IFERROR(I89/I5, "") | J91: =IFERROR(J89/J5, "") | ... AL91: =IFERROR(AL89/AL5, "")
A92: Pendapatan dan beban bukan operasional
A93: Pendapatan bukan operasional | I93: 8.57
A94: Beban bukan operasional | C94: 121.353 | D94: 81.531 | E94: 44.098 | F94: 11.033 | G94: 13.24 | H94: 22.358 | J94: 24.747
A95: Bagian atas laba (rugi) entitas asosiasi yang dicatat dengan menggunakan metode ekuitas
A96: Bagian atas laba (rugi) entitas ventura bersama yang dicatat menggunakan metode ekuitas
A97: Jumlah laba (rugi) sebelum pajak penghasilan | C97: 1937.044 | D97: 1977.962 | E97: 2168.028 | F97: 2587.582 | G97: 2835.618 | H97: 2126.367 | I97: 1783.783 | J97: 1958.895
A98: Pendapatan (beban) pajak | C98: -384.648 | D98: -413.47 | E98: -478.032 | F98: -568.928 | G98: -590.336 | H98: -445.19 | I98: -328.597 | J98: -374.769
A99: Jumlah laba (rugi) dari operasi yang dilanjutkan | C99: 1552.396 | D99: 1564.492 | E99: 1689.996 | F99: 2018.654 | G99: 2245.282 | H99: 1681.177 | I99: 1455.186 | J99: 1584.126
A100: Laba (rugi) dari operasi yang dihentikan
A101: Jumlah laba (rugi) | C101: 1552.396 | D101: 1564.492 | E101: 1689.996 | F101: 2018.654 | G101: 2245.282 | H101: 1681.177 | I101: 1455.186 | J101: 1584.126
A102: Pendapatan komprehensif lainnya, sebelum pajak
A103: Pendapatan komprehensif lainnya yang tidak akan direklasifikasi ke laba rugi, sebelum pajak
A104: Pendapatan komprehensif lainnya atas keuntungan (kerugian) hasil revaluasi aset tetap, sebelum pajak
A105: Pendapatan komprehensif lainnya atas pengukuran kembali kewajiban manfaat pasti, sebelum pajak
A106: Penyesuaian lainnya atas pendapatan komprehensif lainnya yang tidak akan direklasifikasi ke laba rugi, sebelum pajak
A107: Jumlah pendapatan komprehensif lainnya yang tidak akan direklasifikasi ke laba rugi, sebelum pajak
A108: Pendapatan komprehensif lainnya yang akan direklasifikasi ke laba rugi, sebelum pajak
A109: Keuntungan (kerugian) selisih kurs penjabaran, sebelum pajak
A110: Penyesuaian reklasifikasi selisih kurs penjabaran, sebelum pajak
A111: Keuntungan (kerugian) yang belum direalisasi atas perubahan nilai wajar aset keuangan melalui penghasilan komprehensif lain, sebelum pajak
A112: Penyesuaian reklasifikasi atas aset keuangan nilai wajar melalui pendapatan komprehensif lainnya, sebelum pajak
A113: Keuntungan (kerugian) lindung nilai arus kas, sebelum pajak
...

Sheet CASH FLOW
A1: Laporan arus kas
A3: Period | C3: 2018-12-31 | D3: 2019-12-31 | E3: 2020-12-31 | F3: 2021-12-31 | G3: 2022-12-31 | H3: 2023-12-31 | I3: 2024-12-31 | J3: 2025-12-31
A4: Laporan arus kas
A5: Arus kas dari aktivitas operasi
A6: Arus kas sebelum perubahan dalam aset dan liabilitas operasi
A7: Penerimaan bunga, hasil investasi, provisi, dan komisi | C7: 11968.505 | D7: 12062.345 | E7: 12478.121 | F7: 12250.099 | G7: 12711.595 | H7: 13307.715 | I7: 14639.056 | J7: 15882.961
A8: Pembayaran bunga dan bonus, provisi dan komisi | C8: 5431.103 | D8: 6013.854 | E8: 6080.217 | F8: 5099.889 | G8: 4898.216 | H8: 7163.556 | I8: 8731.867 | J8: 9034.428
A9: Bunga bank dan deposito berjangka
A10: Penerimaan pendapatan pengelolaan dana sebagai mudharib | E10: 685.256 | F10: 728.02 | G10: 784.664 | H10: 937.102 | I10: 1071.258 | J10: 1274.98
A11: Pembayaran bagi hasil dana syirkah temporer | F11: 267.066 | G11: 244.294 | H11: 363.064 | I11: 436.111 | J11: 569.968
A12: Penerimaan premi asuransi
A13: Penerimaan klaim reasuransi
A14: Penerimaan (pembayaran) komisi
A15: Penerimaan klaim retrosesi
A16: Penerimaan dari ujrah
A17: Penerimaan dari (pembayaran kepada) lembaga kliring dan penjaminan
A18: Penerimaan dari (pembayaran kepada) nasabah
A19: Pencairan (penempatan) deposito pada lembaga kliring dan penjaminan
A20: Pendapatan dari transaksi operasional lainnya | C20: 742.386 | D20: 841.139 | E20: 1186.017 | F20: 1193.233 | G20: 1138.447 | H20: 1163.489 | I20: 1965.719 | J20: 2732.755
A21: Penerimaan kembali aset yang telah dihapusbukukan | C21: 258.65 | D21: 267.98 | E21: 247.051 | F21: 391.045 | G21: 365.404 | H21: 335.778 | I21: 235.852 | J21: 217.451
A22: Pembayaran biaya akuisisi ditangguhkan
A23: Pembayaran atas beban keuangan dan beban administrasi bank | C23: 2694.271 | D23: 2427.498 | E23: 2213.202 | F23: 2701.546 | G23: 2744.76 | H23: 2348.388 | I23: 2457.741 | J23: 1786.153
A24: Pembayaran gaji dan tunjangan | C24: 2212.439 | D24: 2078.219 | E24: 2628.233 | F24: 2938.85 | G24: 3125.806 | H24: 2578.967 | I24: 2690.027 | J24: 3187.368
A25: Pembayaran pajak penghasilan badan
A26: Pembayaran beban umum dan administrasi
A27: Laba (rugi) selisih kurs
A28: Penerimaan pengembalian (pembayaran) pajak penghasilan | C28: -348.308 | D28: -424.867 | E28: -349.418 | F28: -480.846 | G28: -554.105 | H28: -449.549 | I28: -330.188 | J28: -435.733
A29: Pembayaran beban operasional lainnya | C29: 515.275 | D29: 507.601 | E29: 633.522 | F29: 360.694 | G29: 1035.802 | H29: 809.06 | I29: 747.783 | J29: 881.99
A30: Penerimaan pendapatan non-operasional
A31: Pengembalian (penempatan) uang jaminan
A32: Penerimaan (pengeluaran) kas lainnya dari aktivitas operasi
A33: Penurunan (kenaikan) aset operasi
A34: Penurunan (kenaikan) penempatan pada bank lain dan Bank Indonesia | C34: 75.963 | D34: -165 | E34: 165 | F34: 0
A35: Penurunan (kenaikan) efek yang diperdagangkan | C35: -1016.111 | D35: -311.151 | E35: -2535.595 | F35: -5651.24 | G35: -10926.13 | H35: -1025.437 | I35: -939.888 | J35: -943.887
A36: Penurunan (kenaikan) efek yang dibeli dengan janji dijual kembali | C36: -2490.651 | D36: -346.445 | E36: -6959.155 | F36: 6992.368 | G36: -2339.883 | H36: 5468.915 | I36: -954.598 | J36: 441.456
A37: Penurunan (kenaikan) investasi pemegang polis pada kontrak unit-linked
A38: Penurunan (kenaikan) wesel ekspor dan tagihan lainnya | C38: -715.252 | D38: -109.943 | E38: 167.664 | F38: 359.306 | G38: -355.914 | H38: 153.852 | I38: 335.796 | J38: 281.01
A39: Penurunan (kenaikan) tagihan akseptasi | C39: -34.97 | D39: -73.705 | E39: 103.313 | F39: -109.595 | G39: -63.987 | H39: -60.974 | I39: 174.713 | J39: 56.261
A40: Penurunan (kenaikan) pinjaman yang diberikan | C40: -4390.857 | D40: -7246.69 | E40: -8115.236 | F40: -7580.885 | G40: -13306.536 | H40: -9322.583 | I40: -21327.562 | J40: 5189.692
A41: Penurunan (kenaikan) piutang pembiayaan konsumen
A42: Penurunan (kenaikan) investasi sewa
A43: Penurunan (kenaikan) tagihan anjak piutang
A44: Penurunan (kenaikan) piutang dan pembiayaan syariah
A45: Penurunan (kenaikan) piutang murabahah
A46: Penurunan (kenaikan) piutang istishna
A47: Penurunan (kenaikan) piutang ijarah
A48: Penurunan (kenaikan) pinjaman qardh
A49: Penurunan (kenaikan) pembiayaan mudharabah
A50: Penurunan (kenaikan) pembiayaan musyarakah
A51: Penurunan (kenaikan) aset ijarah
A52: Penurunan (kenaikan) piutang lainnya
A53: Penurunan (kenaikan) agunan yang diambil alih
A54: Penurunan (kenaikan) tagihan derivatif | C54: -0.075 | D54: 0.076 | E54: 0 | F54: -3.967 | G54: -13.421 | H54: 16.099 | I54: -1.302 | J54: 2.591
A55: Penurunan (kenaikan) aset reasuransi
A56: Penurunan (kenaikan) aset lainnya | C56: 116.637 | D56: -313.831 | E56: 255.487 | F56: -440.086 | G56: -904.446 | H56: -198.551 | I56: 54.47 | J56: 275.099
A57: Kenaikan (penurunan) liabilitas operasi
A58: Kenaikan (penurunan) liabilitas segera | C58: -436.776 | D58: 328.297 | E58: 13.232 | F58: -25.592 | G58: 599.423 | H58: -191.151 | I58: -919.683 | J58: 511.525
A59: Kenaikan (penurunan) giro dan tabungan simpanan nasabah | C59: 1121.34 | D59: 3024.198 | E59: 302.019 | F59: 6781.801 | G59: 1140.686 | H59: 1693.866 | I59: 6850.462 | J59: -55.951
A60: Kenaikan (penurunan) deposito berjangka nasabah | C60: -1318.704 | D60: -674.789 | E60: 16805.465 | F60: 8384.627 | G60: 8352.744 | H60: 3358.122 | I60: 10349.137 | J60: -916.972
A61: Kenaikan (penurunan) giro wadiah simpanan nasabah
A62: Kenaikan (penurunan) tabungan wadiah simpanan nasabah
A63: Kenaikan (penurunan) deposito wakalah simpanan nasabah
A64: Kenaikan (penurunan) simpanan dari bank lain | C64: -1809.792 | D64: -2558.727 | E64: 422.202 | F64: -237.607 | G64: 2580.313 | H64: -1920.25 | I64: 1633.303 | J64: 1180.823
A65: Kenaikan (penurunan) giro mudharabah
A66: Kenaikan (penurunan) tabungan mudharabah
A67: Kenaikan (penurunan) efek yang dijual dengan janji dibeli kembali | C67: 3082.266 | D67: -60.508 | E67: -3792.336 | F67: 0 | G67: 3081.103 | H67: 1163.702 | I67: 6301.862 | J67: -1905.419
A68: Kenaikan (penurunan) liabilitas akseptasi | C68: 34.97 | D68: 73.705 | E68: -103.282 | F68: 111.181 | G68: 63.987 | H68: 60.974 | I68: -174.713 | J68: -56.261
A69: Kenaikan (penurunan) liabilitas pemegang polis pada kontrak unit-linked
A70: Kenaikan (penurunan) liabilitas derivatif | C70: -0.088 | D70: 0 | E70: 0.01 | F70: -0.01 | G70: 2.207 | H70: -2.184 | I70: 7.511 | J70: -7.494
A71: Kenaikan (penurunan) dana syirkah temporer
A72: Kenaikan (penurunan) liabilitas lainnya | C72: -57.214 | D72: 123.647 | E72: 117.113 | F72: 355.54 | G72: -125.232 | H72: -39.503 | I72: -93.066 | J72: 169.916
A73: Jumlah arus kas bersih yang diperoleh dari (digunakan untuk) aktivitas operasi | C73: -6071.169 | D73: -6591.441 | E73: -1395.455 | F73: 11649.347 | G73: -9817.959 | H73: 612.359 | I73: 3814.61 | J73: 8434.896
A74: Arus kas dari aktivitas investasi
A75: Penerimaan dari penyertaan saham dalam klasifikasi biaya perolehan diamortisasi dan nilai wajar melalui pendapatan komprehensif lainnya | G75: -99.969 | H75: 438.147 | I75: 2823.572 | J75: 13506.544
A76: Pencairan (penempatan) obligasi dan (atau) sukuk
A77: Penerimaan dividen dari aktivitas investasi | C77: 10.564 | D77: 11.789 | E77: 7.137 | F77: 6.074 | G77: 5.96 | H77: 0.685 | I77: 0.543 | J77: 0.438
A78: Penerimaan dari penjualan (perolehan) properti investasi
A79: Penerimaan dari penjualan (perolehan) aset tetap | C79: -220.764 | D79: -159.411 | E79: -404.604 | H79: -488.251 | I79: -420.459 | J79: -491.323
A80: Penerimaan dari penjualan (perolehan) aset takberwujud selain goodwill
A81: Pencairan (penempatan) aset keuangan nilai wajar melalui pendapatan komprehensif lainnya
A82: Penempatan aset keuangan biaya perolehan diamortisasi
A83: Pencairan aset keuangan biaya perolehan diamortisasi
A84: Penerimaan dari (pembayaran kepada) pinjaman polis
A85: Pembayaran untuk perolehan entitas anak
A86: Penerimaan dari pelepasan entitas anak
A87: Pembayaran untuk perolehan tambahan kepemilikan pada entitas anak
A88: Pencairan (penempatan) efek-efek yang diperdagangkan | C88: 0 | D88: 0 | H88: -2511.135 | I88: -10658.694 | J88: -18309.205
A89: Penerimaan dari pelepasan kepentingan di entitas anak tanpa hilangnya pengendalian dari kegiatan investasi
A90: Pembayaran untuk perolehan kepemilikan pada entitas asosiasi
A91: Penerimaan dari pelepasan kepemilikan pada entitas asosiasi | J91: 0
A92: Penerimaan (pengeluaran) kas lainnya dari aktivitas investasi | E92: -404.603 | F92: -418.858 | G92: -513.133 | H92: 0 | I92: 0 | J92: 0
A93: Jumlah arus kas bersih yang diperoleh dari (digunakan untuk) aktivitas investasi | C93: -220.34 | D93: -147.622 | E93: -397.466 | F93: -412.784 | G93: -607.142 | H93: -2560.554 | I93: -8255.038 | J93: -5293.546
A94: Arus kas dari aktivitas pendanaan
A95: Kenaikan (penurunan) efek yang diterbitkan | F95: -835.5
A96: Penerbitan sukuk mudharabah
A97: Penempatan sertifikat investasi mudharabah
A98: Biaya emisi sukuk mudharabah
A99: Penerimaan pinjaman yang diterima | C99: 4031.04 | D99: 2082.867 | E99: 2508.756 | F99: 2734.923 | G99: 12449.516 | H99: 8279.249 | I99: 17490.708 | J99: 8283.125
A100: Pembayaran pinjaman yang diterima | E100: 974.331 | F100: 1873.613 | G100: 7077.422 | H100: 5489.187 | I100: 16289.557 | J100: 6927.334
A101: Penerimaan pinjaman subordinasi | I101: 2000 | J101: 300
...

Sheet ACCOUNTING POLICIES
A1: Kebijakan akuntansi signifikan
A2: 1
A3: Period | C3: 2022-12-31 | D3: 2023-12-31 | E3: 2024-12-31 | F3: 2025-12-31
A4: Kebijakan akuntansi signifikan
A5: Dasar penyusunan laporan keuangan konsolidasian | C5: Laporan keuangan konsolidasian pada tanggal 31 Desember 2022 dan 2021 dan untuk tahun-tahun yang berakhir pada 31 Desember 2022 dan 2021 disusun dan disajikan sesuai dengan Standar Akuntansi Keuangan di Indonesia, yang mencakup Pernyataan dan Interpretasi yang dikeluarkan oleh Dewan Standar Akuntansi Keuangan Ikatan Akuntan Indonesia dan Peraturan Bapepam-LK No. VIII.G.7 Lampiran Keputusan Ketua Bapepam-LK No. KEP-347/BL/2012 tanggal 25 Juni 2012 tentang “Penyajian dan Pengungkapan Laporan Keuangan Emiten atau Perusahaan Publik”. Laporan keuangan disusun dan disajikan sesuai dengan Pernyataan Standar Akuntansi Keuangan (“PSAK”), yaitu PSAK 101 (Revisi 2019) tentang “Penyajian Laporan Keuangan Syariah”, PSAK 102 (Revisi 2019) tentang “Akuntansi Murabahah”, PSAK 104 tentang ”Akuntansi Istishna”, PSAK 105 tentang “Akuntansi Mudharabah”, PSAK 106 tentang “Akuntansi Musyarakah”, PSAK 107 (Revisi 2016) tentang “Akuntansi Ijarah”, PSAK 110 (Revisi 2020) tentang “Akuntansi Sukuk”, PSAK 111 tentang “Akuntansi Wa’ad”, Pedoman Akuntansi Perbankan Syariah Indonesia (PAPSI Revisi 2013. Bank juga menerapkan Standar Akuntansi Keuangan di Indonesia (“SAK”), yang ditetapkan Ikatan Akuntan Indonesia (IAI).Laporan keuangan konsolidasian telah disajikan berdasarkan nilai historis, kecuali untuk beberapa akun yang dinilai menggunakan dasar pengukuran lain sebagaimana dijelaskan pada kebijakan akuntansi dari akun tersebut. Laporan keuangan konsolidasian disusun dengan dasar akrual, kecuali pendapatan dari istishna dan bagi hasil dari pembiayaan mudharabah dan musyarakah serta laporan arus kas konsolidasian. Laporan arus kas konsolidasian disusun menggunakan metode langsung dan arus kas dikelompokkan atas dasar aktivitas operasi, investasi dan pendanaan. Kas dan setara kas terdiri dari kas, giro pada Bank Indonesia dan giro pada bank lain, penempatan pada Bank Indonesia dan bank lain yang jatuh tempo dalam waktu 3 (tiga) bulan sejak tanggal perolehan, sepanjang tidak digunakan sebagai jaminan atas pinjaman yang diterima serta tidak dibatasi penggunaannya. Mata uang penyajian yang digunakan dalam laporan keuangan konsolidasian adalah rupiah, yang merupakan mata uang fungsional. Angka-angka yang disajikan dalam laporan keuangan, kecuali bila dinyatakan secara khusus adalah dibulatkan dalam jutaan Rupiah. | D5: Laporan keuangan konsolidasian disusun dan disajikan sesuai dengan Standar Akuntansi Keuangan di Indonesia, yang mencakup Pernyataan dan Interpretasi yang dikeluarkan oleh Dewan Standar Akuntansi Keuangan Ikatan Akuntan Indonesia dan Peraturan Bapepam-LK No. VIII.G.7 Lampiran Keputusan Ketua Bapepam-LK No. KEP-347/BL/2012 tanggal 25 Juni 2012 tentang dan Pengungkapan Laporan Keuangan Emiten atau Perusahaan Publik. Laporan keuangan disusun dan disajikan sesuai dengan Pernyataan Standar Akuntansi Keuangan (), yaitu PSAK 101 (Revisi 2019) tentang Laporan Keuangan Syariah PSAK 102 (Revisi 2019) tentang Murabahah PSAK 104 tentang Istishna PSAK 105 tentang Mudharabah PSAK 106 tentang Musyarakah PSAK 107 (Revisi 2016) tentang Ijarah PSAK 110 (Revisi 2020) tentang Sukuk PSAK 111 tentang Wa Pedoman Akuntansi Perbankan Syariah Indonesia (PAPSI Revisi 2013. Bank juga menerapkan Standar Akuntansi Keuangan di Indonesia (), yang ditetapkan Ikatan Akuntan Indonesia (IAI). Laporan keuangan konsolidasian telah disajikan berdasarkan nilai historis, kecuali untuk beberapa akun yang dinilai menggunakan dasar pengukuran lain sebagaimana dijelaskan pada kebijakan akuntansi dari akun tersebut. Laporan keuangan konsolidasian disusun dengan dasar akrual, kecuali pendapatan dari istishna dan bagi hasil dari pembiayaan mudharabah dan musyarakah serta laporan arus kas konsolidasian. Laporan arus kas konsolidasian disusun menggunakan metode langsung dan arus kas dikelompokkan atas dasar aktivitas operasi, investasi dan pendanaan. Kas dan setara kas terdiri dari kas, giro pada Bank Indonesia dan giro pada bank lain, penempatan pada Bank Indonesia dan bank lain yang jatuh tempo dalam waktu 3 (tiga) bulan sejak tanggal perolehan, sepanjang tidak digunakan sebagai jaminan atas pinjaman yang diterima serta tidak dibatasi penggunaannya. Mata uang penyajian yang digunakan dalam laporan keuangan konsolidasian adalah Rupiah, yang merupakan mata uang fungsional. Angka-angka yang disajikan dalam laporan keuangan, kecuali bila dinyatakan secara khusus adalah dibulatkan dalam jutaan Rupiah. | E5: Laporan keuangan konsolidasian disusun dan disajikan sesuai dengan Standar Akuntansi Keuangan di Indonesia, yang mencakup Pernyataan dan Interpretasi yang dikeluarkan oleh Dewan Standar Akuntansi Keuangan Ikatan Akuntan Indonesia dan Peraturan Regulator Pasar Modal yaitu Peraturan No. VIII.G.7 Lampiran Keputusan Ketua Bapepam-LK tanggal 25 Juni 2012 tentang dan Pengungkapan Laporan Keuangan Emiten atau Perusahaan Publik. Laporan keuangan disusun dan disajikan sesuai dengan Pernyataan Standar Akuntansi Keuangan (), yaitu PSAK 401 (Revisi 2019) tentang Laporan Keuangan Syariah PSAK 402 (Revisi 2019) tentang Murabahah PSAK 404 tentang Istishna PSAK 405 tentang Mudharabah PSAK 406 tentang Musyarakah PSAK 407 (Revisi 2016) tentang Ijarah PSAK 410 (Revisi 2020) tentang Sukuk PSAK 411 tentang Wa Pedoman Akuntansi Perbankan Syariah Indonesia (PAPSI Revisi 2013. Bank juga menerapkan Standar Akuntansi Keuangan di Indonesia (), yang ditetapkan Ikatan Akuntan Indonesia (IAI). Laporan keuangan konsolidasian telah disajikan berdasarkan nilai historis, kecuali untuk beberapa akun yang dinilai menggunakan dasar pengukuran lain sebagaimana dijelaskan pada kebijakan akuntansi dari akun tersebut. Laporan keuangan konsolidasian disusun dengan dasar akrual, kecuali pendapatan dari istishna dan bagi hasil dari pembiayaan mudharabah dan musyarakah serta laporan arus kas konsolidasian. Laporan arus kas konsolidasian disusun menggunakan metode langsung dan arus kas dikelompokkan atas dasar aktivitas operasi, investasi dan pendanaan. Kas dan setara kas terdiri dari kas, giro pada Bank Indonesia dan giro pada bank lain, penempatan pada Bank Indonesia dan bank lain yang jatuh tempo dalam waktu 3 (tiga) bulan sejak tanggal perolehan, sepanjang tidak digunakan sebagai jaminan atas pinjaman yang diterima serta tidak dibatasi penggunaannya. Mata uang penyajian yang digunakan dalam laporan keuangan konsolidasian adalah Rupiah, yang merupakan mata uang fungsional. Angka-angka yang disajikan dalam laporan keuangan, kecuali bila dinyatakan secara khusus adalah dibulatkan dalam jutaan Rupiah. | F5: Laporan keuangan konsolidasian disusun dan disajikan sesuai dengan Standar Akuntansi Keuangan Indonesia, yang mencakup Pernyataan dan Interpretasi yang dikeluarkan oleh Dewan Standar Akuntansi Keuangan Ikatan Akuntan Indonesia dan peraturan Bapepam-LK No. VIII.G.7 lampiran keputusan Ketua Bapepam-LK No. KEP 347/BL/2012 tanggal 25 Juni 2012 tentang dan Pengungkapan Laporan Keuangan Emiten atau Perusahaan Publik sepanjang tidak bertentangan dengan suatu PSAK atau ISAK. Laporan keuangan disusun dan disajikan sesuai dengan Pernyataan Standar Akuntansi Keuangan (), yaitu PSAK 101 (Revisi 2019) tentang Laporan Keuangan Syariah PSAK 102 (Revisi 2019) tentang Murabahah PSAK 104 tentang Istishna PSAK 105 tentang Mudharabah PSAK 106 tentang Musyarakah PSAK 107 (Revisi 2016) tentang Ijarah PSAK 110 (Revisi 2020) tentang Sukuk PSAK 111 tentang Wa Pedoman Akuntansi Perbankan Syariah Indonesia (PAPSI Revisi 2013. Bank juga menerapkan Standar Akuntansi Keuangan di Indonesia (), yang ditetapkan Ikatan Akuntan Indonesia (IAI). Laporan keuangan konsolidasian telah disajikan berdasarkan nilai historis, kecuali untuk beberapa akun yang dinilai menggunakan dasar pengukuran lain sebagaimana dijelaskan pada kebijakan akuntansi dari akun tersebut. Laporan keuangan konsolidasian disusun dengan dasar akrual, kecuali pendapatan dari istishna dan bagi hasil dari pembiayaan mudharabah dan musyarakah serta laporan arus kas konsolidasian. Laporan arus kas konsolidasian disusun menggunakan metode langsung dan arus kas dikelompokkan atas dasar aktivitas operasi, investasi dan pendanaan. Kas dan setara kas terdiri dari kas, giro pada Bank Indonesia dan giro pada bank lain, penempatan pada Bank Indonesia dan bank lain yang jatuh tempo dalam waktu 3 (tiga) bulan sejak tanggal perolehan, sepanjang tidak digunakan sebagai jaminan atas pinjaman yang diterima serta tidak dibatasi penggunaannya. Mata uang penyajian yang digunakan dalam laporan keuangan konsolidasian adalah Rupiah, yang merupakan mata uang fungsional. Angka-angka yang disajikan dalam laporan keuangan, kecuali bila dinyatakan secara khusus adalah dibulatkan dalam jutaan Rupiah.
A6: Prinsip-prinsip konsolidasi | C6: Laporan keuangan konsolidasian mencakup laporan keuangan Bank dan entitas anak seperti disebutkan pada Catatan 1.g. Entitas anak adalah entitas yang dikendalikan oleh Bank, yakni Bank terekspos, atau memiliki hak atas imbal hasil variabel dari keterlibatannya dengan entitas dan memiliki kemampuan untuk mempengaruhi imbal hasil tersebut melalui kemampuan kini untuk mengarahkan aktivitas relevan dari entitas (kekuasaan atas investee). Keberadaan dan dampak dari hak suara potensial dimana Bank memiliki kemampuan praktis untuk melaksanakan (yakni hak substantif) dipertimbangkan saat menilai apakah Bank mengendalikan entitas lain.Laporan keuangan Bank dan entitas anak mencakup hasil usaha, arus kas, aset dan liabilitas dari Bank dan seluruh entitas anak yang, secara langsung dan tidak langsung, dikendalikan oleh Bank. Entitas anak dikonsolidasikan sejak tanggal efektif akuisisi, yaitu tanggal dimana Bank dan entitas anak secara efektif memperoleh pengendalian atas bisnis yang diakuisisi, sampai tanggal pengendalian berakhir.Entitas induk menyusun laporan keuangan konsolidasian dengan menggunakan kebijakan akuntansi yang sama untuk transaksi dan peristiwa lain dalam keadaan yang serupa. Seluruh transaksi, saldo, penghasilan, beban, dan arus kas dalam intra kelompok usaha terkait dengan transaksi antar entitas dalam kelompok usaha dieliminasi secara penuh.Bank dan entitas anak mengatribusikan laba rugi dan setiap komponen dari penghasilan komprehensif lain kepada pemilik entitas induk dan kepentingan non-pengendali meskipun hal tersebut mengakibatkan kepentingan non-pengendali memiliki saldo defisit. Bank dan entitas anak menyajikan kepentingan non-pengendali di ekuitas dalam laporan posisi keuangan konsolidasian, terpisah dari ekuitas pemilik entitas induk.Perubahan dalam bagian kepemilikan entitas induk pada entitas anak yang tidak mengakibatkan hilangnya pengendalian adalah transaksi ekuitas (yaitu transaksi dengan pemilik dalam kapasitasnya sebagai pemilik). Ketika proporsi ekuitas yang dimiliki oleh kepentingan non-pengendali berubah, Bank dan entitas anak menyesuaikan jumlah tercatat kepentingan pengendali dan kepentingan non-pengendali untuk mencerminkan perubahan kepemilikan relatifnya dalam entitas anak. Selisih antara jumlah tercatat kepentingan non-pengendali yang disesuaikan dan nilai wajar dari jumlah yang diterima atau dibayarkan diakui langsung dalam ekuitas dan diatribusikan pada pemilik dari entitas induk.Jika Bank dan entitas anak kehilangan pengendalian, maka Bank dan entitas anak akan: a) Menghentikan pengakuan aset (termasuk goodwill) dan liabilitas entitas anak pada jumlah tercatatnya ketika pengendalian hilang; b) Mengakui nilai wajar pembayaran yang diterima (jika ada) dari transaksi, peristiwa, atau keadaan yang mengakibatkan hilangnya pengendalian; c) Mengakui sisa investasi pada entitas anak terdahulu pada nilai wajarnya pada tanggal hilangnya pengendalian; d) Mereklasifikasi ke laba rugi, atau mengalihkan secara langsung ke saldo laba jika disyaratkan oleh SAK lain, jumlah yang diakui dalam penghasilan komprehensif lain dalam kaitan dengan entitas anak; e) Mengakui perbedaan apapun yang dihasilkan sebagai keuntungan atau kerugian dalam laba rugi yang diatribusikan kepada entitas induk. | D6: Laporan keuangan konsolidasian mencakup laporan keuangan Bank dan entitas anak seperti disebutkan pada Catatan 1.g. Entitas anak adalah entitas yang dikendalikan oleh Bank, yakni Bank terekspos, atau memiliki hak atas imbal hasil variabel dari keterlibatannya dengan entitas dan memiliki kemampuan untuk mempengaruhi imbal hasil tersebut melalui kemampuan kini untuk mengarahkan aktivitas relevan dari entitas (kekuasaan atas investee). Keberadaan dan dampak dari hak suara potensial dimana Bank memiliki kemampuan praktis untuk melaksanakan (yakni hak substantif) dipertimbangkan saat menilai apakah Bank mengendalikan entitas lain.Laporan keuangan Bank dan entitas anak mencakup hasil usaha, arus kas, aset dan liabilitas dari Bank dan seluruh entitas anak yang, secara langsung dan tidak langsung, dikendalikan oleh Bank. Entitas anak dikonsolidasikan sejak tanggal efektif akuisisi, yaitu tanggal dimana Bank dan entitas anak secara efektif memperoleh pengendalian atas bisnis yang diakuisisi, sampai tanggal pengendalian berakhir.Entitas induk menyusun laporan keuangan konsolidasian dengan menggunakan kebijakan akuntansi yang sama untuk transaksi dan peristiwa lain dalam keadaan yang serupa. Seluruh transaksi, saldo, penghasilan, beban, dan arus kas dalam intra kelompok usaha terkait dengan transaksi antar entitas dalam kelompok usaha dieliminasi secara penuh.Bank dan entitas anak mengatribusikan laba rugi dan setiap komponen dari penghasilan komprehensif lain kepada pemilik entitas induk dan kepentingan non-pengendali meskipun hal tersebut mengakibatkan kepentingan non-pengendali memiliki saldo defisit. Bank dan entitas anak menyajikan kepentingan non-pengendali di ekuitas dalam laporan posisi keuangan konsolidasian, terpisah dari ekuitas pemilik entitas induk.Perubahan dalam bagian kepemilikan entitas induk pada entitas anak yang tidak mengakibatkan hilangnya pengendalian adalah transaksi ekuitas (yaitu transaksi dengan pemilik dalam kapasitasnya sebagai pemilik). Ketika proporsi ekuitas yang dimiliki oleh kepentingan non-pengendali berubah, Bank dan entitas anak menyesuaikan jumlah tercatat kepentingan pengendali dan kepentingan non-pengendali untuk mencerminkan perubahan kepemilikan relatifnya dalam entitas anak. Selisih antara jumlah tercatat kepentingan non-pengendali yang disesuaikan dan nilai wajar dari jumlah yang diterima atau dibayarkan diakui langsung dalam ekuitas dan diatribusikan pada pemilik dari entitas induk.Jika Bank dan entitas anak kehilangan pengendalian, maka Bank dan entitas anak akan: a) Menghentikan pengakuan aset (termasuk goodwill) dan liabilitas entitas anak pada jumlah tercatatnya ketika pengendalian hilang; b) Mengakui nilai wajar pembayaran yang diterima (jika ada) dari transaksi, peristiwa, atau keadaan yang mengakibatkan hilangnya pengendalian; c) Mengakui sisa investasi pada entitas anak terdahulu pada nilai wajarnya pada tanggal hilangnya pengendalian; d) Mereklasifikasi ke laba rugi, atau mengalihkan secara langsung ke saldo laba jika disyaratkan oleh SAK lain, jumlah yang diakui dalam penghasilan komprehensif lain dalam kaitan dengan entitas anak; e) Mengakui perbedaan apapun yang dihasilkan sebagai keuntungan atau kerugian dalam laba rugi yang diatribusikan kepada entitas induk. | E6: Laporan keuangan konsolidasian mencakup laporan keuangan Bank dan entitas anak seperti disebutkan pada Catatan 1.g. Entitas anak adalah entitas yang dikendalikan oleh Bank, yakni Bank terekspos, atau memiliki hak atas imbal hasil variabel dari keterlibatannya dengan entitas dan memiliki kemampuan untuk mempengaruhi imbal hasil tersebut melalui kemampuan kini untuk mengarahkan aktivitas relevan dari entitas (kekuasaan atas investee). Keberadaan dan dampak dari hak suara potensial dimana Bank memiliki kemampuan praktis untuk melaksanakan (yakni hak substantif) dipertimbangkan saat menilai apakah Bank mengendalikan entitas lain.Laporan keuangan Bank dan entitas anak mencakup hasil usaha, arus kas, aset dan liabilitas dari Bank dan seluruh entitas anak yang, secara langsung dan tidak langsung, dikendalikan oleh Bank. Entitas anak dikonsolidasikan sejak tanggal efektif akuisisi, yaitu tanggal dimana Bank dan entitas anak secara efektif memperoleh pengendalian atas bisnis yang diakuisisi, sampai tanggal pengendalian berakhir.Entitas induk menyusun laporan keuangan konsolidasian dengan menggunakan kebijakan akuntansi yang sama untuk transaksi dan peristiwa lain dalam keadaan yang serupa. Seluruh transaksi, saldo, penghasilan, beban, dan arus kas dalam intra kelompok usaha terkait dengan transaksi antar entitas dalam kelompok usaha dieliminasi secara penuh.Bank dan entitas anak mengatribusikan laba rugi dan setiap komponen dari penghasilan komprehensif lain kepada pemilik entitas induk dan kepentingan non-pengendali meskipun hal tersebut mengakibatkan kepentingan non-pengendali memiliki saldo defisit. Bank dan entitas anak menyajikan kepentingan non-pengendali di ekuitas dalam laporan posisi keuangan konsolidasian, terpisah dari ekuitas pemilik entitas induk.Perubahan dalam bagian kepemilikan entitas induk pada entitas anak yang tidak mengakibatkan hilangnya pengendalian adalah transaksi ekuitas (yaitu transaksi dengan pemilik dalam kapasitasnya sebagai pemilik). Ketika proporsi ekuitas yang dimiliki oleh kepentingan non-pengendali berubah, Bank dan entitas anak menyesuaikan jumlah tercatat kepentingan pengendali dan kepentingan non-pengendali untuk mencerminkan perubahan kepemilikan relatifnya dalam entitas anak. Selisih antara jumlah tercatat kepentingan non-pengendali yang disesuaikan dan nilai wajar dari jumlah yang diterima atau dibayarkan diakui langsung dalam ekuitas dan diatribusikan pada pemilik dari entitas induk.Jika Bank dan entitas anak kehilangan pengendalian, maka Bank dan entitas anak akan: a) Menghentikan pengakuan aset (termasuk goodwill) dan liabilitas entitas anak pada jumlah tercatatnya ketika pengendalian hilang; b) Mengakui nilai wajar pembayaran yang diterima (jika ada) dari transaksi, peristiwa, atau keadaan yang mengakibatkan hilangnya pengendalian; c) Mengakui sisa investasi pada entitas anak terdahulu pada nilai wajarnya pada tanggal hilangnya pengendalian; d) Mereklasifikasi ke laba rugi, atau mengalihkan secara langsung ke saldo laba jika disyaratkan oleh SAK lain, jumlah yang diakui dalam penghasilan komprehensif lain dalam kaitan dengan entitas anak; e) Mengakui perbedaan apapun yang dihasilkan sebagai keuntungan atau kerugian dalam laba rugi yang diatribusikan kepada entitas induk. | F6: Laporan keuangan konsolidasian mencakup laporan keuangan Bank dan entitas anak seperti disebutkan pada Catatan 1.g. Entitas anak adalah entitas yang dikendalikan oleh Bank, yakni Bank terekspos, atau memiliki hak atas imbal hasil variabel dari keterlibatannya dengan entitas dan memiliki kemampuan untuk mempengaruhi imbal hasil tersebut melalui kemampuan kini untuk mengarahkan aktivitas relevan dari entitas (kekuasaan atas investee). Keberadaan dan dampak dari hak suara potensial dimana Bank memiliki kemampuan praktis untuk melaksanakan (yakni hak substantif) dipertimbangkan saat menilai apakah Bank mengendalikan entitas lain. Laporan keuangan Bank dan entitas anak mencakup hasil usaha, arus kas, aset dan liabilitas dari Bank dan seluruh entitas anak yang, secara langsung dan tidak langsung, dikendalikan oleh Bank. Entitas anak dikonsolidasikan sejak tanggal efektif akuisisi, yaitu tanggal dimana Bank dan entitas anak secara efektif memperoleh pengendalian atas bisnis yang diakuisisi, sampai tanggal pengendalian berakhir. Entitas induk menyusun laporan keuangan konsolidasian dengan menggunakan kebijakan akuntansi yang sama untuk transaksi dan peristiwa lain dalam keadaan yang serupa. Seluruh transaksi, saldo, penghasilan, beban, dan arus kas dalam intra kelompok usaha terkait dengan transaksi antar entitas dalam kelompok usaha dieliminasi secara penuh.Bank dan entitas anak mengatribusikan laba rugi dan setiap komponen dari penghasilan komprehensif lain kepada pemilik entitas induk dan kepentingan non-pengendali meskipun hal tersebut mengakibatkan kepentingan non-pengendali memiliki saldo defisit. Bank dan entitas anak menyajikan kepentingan non-pengendali di ekuitas dalam laporan posisi keuangan konsolidasian, terpisah dari ekuitas pemilik entitas induk.Perubahan dalam bagian kepemilikan entitas induk pada entitas anak yang tidak mengakibatkan hilangnya pengendalian adalah transaksi ekuitas (yaitu transaksi dengan pemilik dalam kapasitasnya sebagai pemilik). Ketika proporsi ekuitas yang dimiliki oleh kepentingan non-pengendali berubah, Bank dan entitas anak menyesuaikan jumlah tercatat kepentingan pengendali dan kepentingan non-pengendali untuk mencerminkan perubahan kepemilikan relatifnya dalam entitas anak. Selisih antara jumlah tercatat kepentingan non-pengendali yang disesuaikan dan nilai wajar dari jumlah yang diterima atau dibayarkan diakui langsung dalam ekuitas dan diatribusikan pada pemilik dari entitas induk.Jika Bank dan entitas anak kehilangan pengendalian, maka Bank dan entitas anak akan: a) Menghentikan pengakuan aset (termasuk goodwill) dan liabilitas entitas anak pada jumlah tercatatnya ketika pengendalian hilang; b) Mengakui nilai wajar pembayaran yang diterima (jika ada) dari transaksi, peristiwa, atau keadaan yang mengakibatkan hilangnya pengendalian; c) Mengakui sisa investasi pada entitas anak terdahulu pada nilai wajarnya pada tanggal hilangnya pengendalian; d) Mereklasifikasi ke laba rugi, atau mengalihkan secara langsung ke saldo laba jika disyaratkan oleh SAK lain, jumlah yang diakui dalam penghasilan komprehensif lain dalam kaitan dengan entitas anak; e) Mengakui perbedaan apapun yang dihasilkan sebagai keuntungan atau kerugian dalam laba rugi yang diatribusikan kepada entitas induk.
A7: Kas dan setara kas | D7: Kas dan setara kas terdiri dari kas, giro pada Bank Indonesia dan giro pada bank lain, penempatan pada Bank Indonesia dan bank lain yang jatuh tempo dalam waktu 3 (tiga) bulan sejak tanggal perolehan, sepanjang tidak digunakan sebagai jaminan atas pinjaman yang diterima serta tidak dibatasi penggunaannya. | E7: Kas dan setara kas terdiri dari kas, giro pada Bank Indonesia dan giro pada bank lain, penempatan pada Bank Indonesia dan bank lain yang jatuh tempo dalam waktu 3 (tiga) bulan sejak tanggal perolehan, sepanjang tidak digunakan sebagai jaminan atas pinjaman yang diterima serta tidak dibatasi penggunaannya. | F7: Kas dan setara kas terdiri dari kas, giro pada Bank Indonesia dan giro pada bank lain, penempatan pada Bank Indonesia dan bank lain yang jatuh tempo dalam waktu 3 (tiga) bulan sejak tanggal perolehan, sepanjang tidak digunakan sebagai jaminan atas pinjaman yang diterima serta tidak dibatasi penggunaannya.
A8: Aset tetap | C8: Aset tetap awalnya diakui sebesar biaya perolehan, yang terdiri atas harga perolehan dan biaya-biaya tambahan yang dapat diatribusikan langsung untuk membawa aset ke lokasi dan kondisi yang diinginkan supaya aset tersebut siap digunakan sesuai dengan maksud manajemen.Setelah pengakuan awal, aset tetap dinyatakan pada biaya perolehan dikurangi akumulasi penyusutan dan akumulasi rugi penurunan nilai.Tanah awalnya dinyatakan sebesar biaya perolehan dan tidak disusutkan. Setelah pengakuan awal, tanah diukur pada nilai wajar pada tanggal revaluasi dikurangi akumulasi rugi penurunan nilai setelah tanggal revaluasi. Penilaian terhadap tanah dilakukan oleh penilai yang memiliki kualifikasi profesional, dan dilakukan secara berkala untuk memastikan bahwa jumlah tercatat tanah tidak berbeda secara material dengan jumlah yang ditentukan dengan menggunakan nilai wajarnya pada akhir periode pelaporan.Kenaikan nilai tercatat yang timbul dari revaluasi dicatat sebagai “Surplus Revaluasi Aset Tetap”, dan disajikan dalam penghasilan komprehensif lain. Namun, kenaikan tersebut diakui dalam laba rugi hingga sebesar jumlah penurunan nilai aset yang sama akibat revaluasi yang pernah dilakukan sebelumnya dalam laba rugi. Penurunan nilai tercatat yang timbul dari revaluasi diakui dalam laba rugi. Revaluasi akan dilakukan dengan keteraturan yang cukup reguler untuk memastikan bahwa jumlah tercatat tidak berbeda secara material dari jumlah yang ditentukan dengan menggunakan nilai wajar pada akhir periode pelaporan. Jika perubahan nilai wajar tidak berbeda secara signifikan, aset tersebut akan direvaluasi paling kurang setiap 3 (tiga) atau 5 (lima) tahun sekali. Aset tetap yang diperoleh dalam pertukaran aset nonmoneter atau kombinasi aset moneter dan nonmoneter diukur dalam nilai wajar, kecuali: (i) transaksi pertukaran tidak memiliki substansi komersial, atau (ii) nilai wajar dari aset yang diterima dan diserahkan tidak dapat diukur secara andal. Penyusutan aset dimulai pada saat aset tersebut siap untuk digunakan sesuai maksud penggunaannya dan dihitung dengan menggunakan metode garis lurus, berdasarkan taksiran masa manfaat ekonomis aset tetap yang bersangkutan, sebagai berikut:Pada setiap akhir tahun buku, manajemen melakukan pengkajian ulang atas nilai residu, masa manfaat dan metode penyusutan dan disesuaikan secara prospektif, jika diperlukan. Jumlah tercatat komponen dari suatu aset tetap dihentikan pengakuannya pada saat dilepaskan atau saat sudah tidak ada lagi manfaat ekonomis masa depan yang diekspektasikan dari penggunaan maupun pelepasannya. Keuntungan atau kerugian yang timbul dari penghentian pengakuan tersebut dimasukkan ke dalam laporan laba rugi dan penghasilan komprehensif lain konsolidasian untuk tahun penghentian pengakuan tersebut dilakukan. Beban pemeliharaan dan perbaikan dibebankan pada operasi pada saat terjadinya. Beban pemugaran dan penambahan dalam jumlah besar dikapitalisasi kepada jumlah tercatat aset tetap terkait bila besar kemungkinan manfaat ekonomi masa depan menjadi lebih besar dari standar kinerja awal yang ditetapkan sebelumnya dan disusutkan sepanjang sisa masa manfaat aset tetap terkait. | D8: Aset tetap awalnya diakui sebesar biaya perolehan, yang terdiri atas harga perolehan dan biaya-biaya tambahan yang dapat diatribusikan langsung untuk membawa aset ke lokasi dan kondisi yang diinginkan supaya aset tersebut siap digunakan sesuai dengan maksud manajemen.Setelah pengakuan awal, aset tetap dinyatakan pada biaya perolehan dikurangi akumulasi penyusutan dan akumulasi rugi penurunan nilai.Tanah awalnya dinyatakan sebesar biaya perolehan dan tidak disusutkan. Setelah pengakuan awal, tanah diukur pada nilai wajar pada tanggal revaluasi dikurangi akumulasi rugi penurunan nilai setelah tanggal revaluasi. Penilaian terhadap tanah dilakukan oleh penilai yang memiliki kualifikasi profesional, dan dilakukan secara berkala untuk memastikan bahwa jumlah tercatat tanah tidak berbeda secara material dengan jumlah yang ditentukan dengan menggunakan nilai wajarnya pada akhir periode pelaporan.Kenaikan nilai tercatat yang timbul dari revaluasi dicatat sebagai Revaluasi Aset Tetap dan disajikan dalam penghasilan komprehensif lain. Namun, kenaikan tersebut diakui dalam laba rugi hingga sebesar jumlah penurunan nilai aset yang sama akibat revaluasi yang pernah dilakukan sebelumnya dalam laba rugi. Penurunan nilai tercatat yang timbul dari revaluasi diakui dalam laba rugi. Revaluasi akan dilakukan dengan keteraturan yang cukup reguler untuk memastikan bahwa jumlah tercatat tidak berbeda secara material dari jumlah yang ditentukan dengan menggunakan nilai wajar pada akhir periode pelaporan. Jika perubahan nilai wajar tidak berbeda secara signifikan, aset tersebut akan direvaluasi paling kurang setiap 3 (tiga) atau 5 (lima) tahun sekali. Aset tetap yang diperoleh dalam pertukaran aset nonmoneter atau kombinasi aset moneter dan nonmoneter diukur dalam nilai wajar, kecuali: (i) transaksi pertukaran tidak memiliki substansi komersial, atau (ii) nilai wajar dari aset yang diterima dan diserahkan tidak dapat diukur secara andal. Penyusutan aset dimulai pada saat aset tersebut siap untuk digunakan sesuai maksud penggunaannya dan dihitung dengan menggunakan metode garis lurus, berdasarkan taksiran masa manfaat ekonomis aset tetap yang bersangkutan, sebagai berikut:Pada setiap akhir tahun buku, manajemen melakukan pengkajian ulang atas nilai residu, masa manfaat dan metode penyusutan dan disesuaikan secara prospektif, jika diperlukan. Jumlah tercatat komponen dari suatu aset tetap dihentikan pengakuannya pada saat dilepaskan atau saat sudah tidak ada lagi manfaat ekonomis masa depan yang diekspektasikan dari penggunaan maupun pelepasannya. Keuntungan atau kerugian yang timbul dari penghentian pengakuan tersebut dimasukkan ke dalam laporan laba rugi dan penghasilan komprehensif lain konsolidasian untuk tahun penghentian pengakuan tersebut dilakukan. Beban pemeliharaan dan perbaikan dibebankan pada operasi pada saat terjadinya. Beban pemugaran dan penambahan dalam jumlah besar dikapitalisasi kepada jumlah tercatat aset tetap terkait bila besar kemungkinan manfaat ekonomi masa depan menjadi lebih besar dari standar kinerja awal yang ditetapkan sebelumnya dan disusutkan sepanjang sisa masa manfaat aset tetap terkait. | E8: Aset tetap awalnya diakui sebesar biaya perolehan, yang terdiri atas harga perolehan dan biaya-biaya tambahan yang dapat diatribusikan langsung untuk membawa aset ke lokasi dan kondisi yang diinginkan supaya aset tersebut siap digunakan sesuai dengan maksud manajemen.Setelah pengakuan awal, aset tetap dinyatakan pada biaya perolehan dikurangi akumulasi penyusutan dan akumulasi rugi penurunan nilai.Tanah awalnya dinyatakan sebesar biaya perolehan dan tidak disusutkan. Setelah pengakuan awal, tanah diukur pada nilai wajar pada tanggal revaluasi dikurangi akumulasi rugi penurunan nilai setelah tanggal revaluasi. Penilaian terhadap tanah dilakukan oleh penilai yang memiliki kualifikasi profesional, dan dilakukan secara berkala untuk memastikan bahwa jumlah tercatat tanah tidak berbeda secara material dengan jumlah yang ditentukan dengan menggunakan nilai wajarnya pada akhir periode pelaporan.Kenaikan nilai tercatat yang timbul dari revaluasi dicatat sebagai Revaluasi Aset Tetap dan disajikan dalam penghasilan komprehensif lain. Namun, kenaikan tersebut diakui dalam laba rugi hingga sebesar jumlah penurunan nilai aset yang sama akibat revaluasi yang pernah dilakukan sebelumnya dalam laba rugi. Penurunan nilai tercatat yang timbul dari revaluasi diakui dalam laba rugi. Revaluasi akan dilakukan dengan keteraturan yang cukup reguler untuk memastikan bahwa jumlah tercatat tidak berbeda secara material dari jumlah yang ditentukan dengan menggunakan nilai wajar pada akhir periode pelaporan. Jika perubahan nilai wajar tidak berbeda secara signifikan, aset tersebut akan direvaluasi paling kurang setiap 3 (tiga) atau 5 (lima) tahun sekali. Aset tetap yang diperoleh dalam pertukaran aset nonmoneter atau kombinasi aset moneter dan nonmoneter diukur dalam nilai wajar, kecuali: (i) transaksi pertukaran tidak memiliki substansi komersial, atau (ii) nilai wajar dari aset yang diterima dan diserahkan tidak dapat diukur secara andal. Penyusutan aset dimulai pada saat aset tersebut siap untuk digunakan sesuai maksud penggunaannya dan dihitung dengan menggunakan metode garis lurus, berdasarkan taksiran masa manfaat ekonomis aset tetap yang bersangkutan, sebagai berikut:Pada setiap akhir tahun buku, manajemen melakukan pengkajian ulang atas nilai residu, masa manfaat dan metode penyusutan dan disesuaikan secara prospektif, jika diperlukan. Jumlah tercatat komponen dari suatu aset tetap dihentikan pengakuannya pada saat dilepaskan atau saat sudah tidak ada lagi manfaat ekonomis masa depan yang diekspektasikan dari penggunaan maupun pelepasannya. Keuntungan atau kerugian yang timbul dari penghentian pengakuan tersebut dimasukkan ke dalam laporan laba rugi dan penghasilan komprehensif lain konsolidasian untuk tahun penghentian pengakuan tersebut dilakukan. Beban pemeliharaan dan perbaikan dibebankan pada operasi pada saat terjadinya. Beban pemugaran dan penambahan dalam jumlah besar dikapitalisasi kepada jumlah tercatat aset tetap terkait bila besar kemungkinan manfaat ekonomi masa depan menjadi lebih besar dari standar kinerja awal yang ditetapkan sebelumnya dan disusutkan sepanjang sisa masa manfaat aset tetap terkait. | F8: Aset tetap awalnya diakui sebesar biaya perolehan, yang terdiri atas harga perolehan dan biaya-biaya tambahan yang dapat diatribusikan langsung untuk membawa aset ke lokasi dan kondisi yang diinginkan supaya aset tersebut siap digunakan sesuai dengan maksud manajemen.Setelah pengakuan awal, aset tetap dinyatakan pada biaya perolehan dikurangi akumulasi penyusutan dan akumulasi rugi penurunan nilai.Tanah awalnya dinyatakan sebesar biaya perolehan dan tidak disusutkan. Setelah pengakuan awal, tanah diukur pada nilai wajar pada tanggal revaluasi dikurangi akumulasi rugi penurunan nilai setelah tanggal revaluasi. Penilaian terhadap tanah dilakukan oleh penilai yang memiliki kualifikasi profesional, dan dilakukan secara berkala untuk memastikan bahwa jumlah tercatat tanah tidak berbeda secara material dengan jumlah yang ditentukan dengan menggunakan nilai wajarnya pada akhir periode pelaporan.Kenaikan nilai tercatat yang timbul dari revaluasi dicatat sebagai Revaluasi Aset Tetap dan disajikan dalam penghasilan komprehensif lain. Namun, kenaikan tersebut diakui dalam laba rugi hingga sebesar jumlah penurunan nilai aset yang sama akibat revaluasi yang pernah dilakukan sebelumnya dalam laba rugi. Penurunan nilai tercatat yang timbul dari revaluasi diakui dalam laba rugi. Revaluasi akan dilakukan dengan keteraturan yang cukup reguler untuk memastikan bahwa jumlah tercatat tidak berbeda secara material dari jumlah yang ditentukan dengan menggunakan nilai wajar pada akhir periode pelaporan. Jika perubahan nilai wajar tidak berbeda secara signifikan, aset tersebut akan direvaluasi paling kurang setiap 3 (tiga) atau 5 (lima) tahun sekali. Aset tetap yang diperoleh dalam pertukaran aset nonmoneter atau kombinasi aset moneter dan nonmoneter diukur dalam nilai wajar, kecuali: (i) transaksi pertukaran tidak memiliki substansi komersial, atau (ii) nilai wajar dari aset yang diterima dan diserahkan tidak dapat diukur secara andal. Penyusutan aset dimulai pada saat aset tersebut siap untuk digunakan sesuai maksud penggunaannya dan dihitung dengan menggunakan metode garis lurus, berdasarkan taksiran masa manfaat ekonomis aset tetap yang bersangkutan, sebagai berikut:Pada setiap akhir tahun buku, manajemen melakukan pengkajian ulang atas nilai residu, masa manfaat dan metode penyusutan dan disesuaikan secara prospektif, jika diperlukan. Jumlah tercatat komponen dari suatu aset tetap dihentikan pengakuannya pada saat dilepaskan atau saat sudah tidak ada lagi manfaat ekonomis masa depan yang diekspektasikan dari penggunaan maupun pelepasannya. Keuntungan atau kerugian yang timbul dari penghentian pengakuan tersebut dimasukkan ke dalam laporan laba rugi dan penghasilan komprehensif lain konsolidasian untuk tahun penghentian pengakuan tersebut dilakukan. Beban pemeliharaan dan perbaikan dibebankan pada operasi pada saat terjadinya. Beban pemugaran dan penambahan dalam jumlah besar dikapitalisasi kepada jumlah tercatat aset tetap terkait bila besar kemungkinan manfaat ekonomi masa depan menjadi lebih besar dari standar kinerja awal yang ditetapkan sebelumnya dan disusutkan sepanjang sisa masa manfaat aset tetap terkait.
A9: Penurunan nilai aset nonkeuangan | C9: Pada setiap akhir tahun periode pelaporan, Bank dan entitas anak menilai apakah terdapat indikasi suatu aset mengalami penurunan nilai. Jika terdapat indikasi tersebut, maka Bank dan entitas anak akan membuat estimasi atas jumlah terpulihkan aset tersebut. Jumlah terpulihkan yang ditentukan untuk aset individual adalah jumlah yang lebih tinggi antara nilai wajar aset atau Unit Penghasil Kas (UPK) dikurangi biaya untuk menjual dan nilai pakainya, kecuali aset tersebut tidak menghasilkan arus kas masuk yang sebagian besar independen dari aset atau kelompok aset lain.Jika nilai tercatat aset lebih besar daripada nilai terpulihkannya, maka aset tersebut dianggap mengalami penurunan nilai dan nilai tercatat aset diturunkan menjadi sebesar nilai terpulihkannya. Rugi penurunan nilai dari operasi yang berkelanjutan diakui pada laporan laba rugi dan penghasilan komprehensif lain konsolidasian sebagai “rugi penurunan nilai”. Dalam menghitung nilai pakai, estimasi arus kas masa depan neto didiskontokan ke nilai kini dengan menggunakan tingkat diskonto sebelum pajak yang menggambarkan penilaian pasar kini atas nilai waktu uang dan risiko spesifik aset. Dalam menentukan nilai wajar dikurangi biaya pelepasan, mengacu pada PSAK 68: “Pengukuran Nilai Wajar” (Catatan 2d). Kerugian penurunan nilai dari operasi yang berkelanjutan, jika ada, diakui pada laporan laba rugi dan penghasilan komprehensif lain konsolidasian sesuai dengan kategori biaya yang konsisten dengan fungsi aset yang diturunkan nilainya. | D9: Pada setiap akhir tahun periode pelaporan, Bank dan entitas anak menilai apakah terdapat indikasi suatu aset mengalami penurunan nilai. Jika terdapat indikasi tersebut, maka Bank dan entitas anak akan membuat estimasi atas jumlah terpulihkan aset tersebut. Jumlah terpulihkan yang ditentukan untuk aset individual adalah jumlah yang lebih tinggi antara nilai wajar aset atau Unit Penghasil Kas (UPK) dikurangi biaya untuk menjual dan nilai pakainya, kecuali aset tersebut tidak menghasilkan arus kas masuk yang sebagian besar independen dari aset atau kelompok aset lain.Jika nilai tercatat aset lebih besar daripada nilai terpulihkannya, maka aset tersebut dianggap mengalami penurunan nilai dan nilai tercatat aset diturunkan menjadi sebesar nilai terpulihkannya. Rugi penurunan nilai dari operasi yang berkelanjutan diakui pada laporan laba rugi dan penghasilan komprehensif lain konsolidasian sebagai penurunan nilai. Dalam menghitung nilai pakai, estimasi arus kas masa depan neto didiskontokan ke nilai kini dengan menggunakan tingkat diskonto sebelum pajak yang menggambarkan penilaian pasar kini atas nilai waktu uang dan risiko spesifik aset. Dalam menentukan nilai wajar dikurangi biaya pelepasan, mengacu pada PSAK 68: Nilai Wajar (Catatan 2d). Kerugian penurunan nilai dari operasi yang berkelanjutan, jika ada, diakui pada laporan laba rugi dan penghasilan komprehensif lain konsolidasian sesuai dengan kategori biaya yang konsisten dengan fungsi aset yang diturunkan nilainya. | E9: Pada setiap akhir tahun periode pelaporan, Bank dan entitas anak menilai apakah terdapat indikasi suatu aset mengalami penurunan nilai. Jika terdapat indikasi tersebut, maka Bank dan entitas anak akan membuat estimasi atas jumlah terpulihkan aset tersebut. Jumlah terpulihkan yang ditentukan untuk aset individual adalah jumlah yang lebih tinggi antara nilai wajar aset atau Unit Penghasil Kas (UPK) dikurangi biaya untuk menjual dan nilai pakainya, kecuali aset tersebut tidak menghasilkan arus kas masuk yang sebagian besar independen dari aset atau kelompok aset lain. Jika nilai tercatat aset lebih besar daripada nilai terpulihkannya, maka aset tersebut dianggap mengalami penurunan nilai dan nilai tercatat aset diturunkan menjadi sebesar nilai terpulihkannya. Rugi penurunan nilai dari operasi yang berkelanjutan diakui pada laporan laba rugi dan penghasilan komprehensif lain konsolidasian sebagai penurunan nilai. Dalam menghitung nilai pakai, estimasi arus kas masa depan neto didiskontokan ke nilai kini dengan menggunakan tingkat diskonto sebelum pajak yang menggambarkan penilaian pasar kini atas nilai waktu uang dan risiko spesifik aset. Dalam menentukan nilai wajar dikurangi biaya pelepasan, mengacu pada PSAK 113: Nilai Wajar (Catatan 2e). Kerugian penurunan nilai dari operasi yang berkelanjutan, jika ada, diakui pada laporan laba rugi dan penghasilan komprehensif lain konsolidasian sesuai dengan kategori biaya yang konsisten dengan fungsi aset yang diturunkan nilainya. | F9: Pada setiap akhir tahun periode pelaporan, Bank dan entitas anak menilai apakah terdapat indikasi suatu aset mengalami penurunan nilai. Jika terdapat indikasi tersebut, maka Bank dan entitas anak akan membuat estimasi atas jumlah terpulihkan aset tersebut. Jumlah terpulihkan yang ditentukan untuk aset individual adalah jumlah yang lebih tinggi antara nilai wajar aset atau Unit Penghasil Kas (UPK) dikurangi biaya untuk menjual dan nilai pakainya, kecuali aset tersebut tidak menghasilkan arus kas masuk yang sebagian besar independen dari aset atau kelompok aset lain. Jika nilai tercatat aset lebih besar daripada nilai terpulihkannya, maka aset tersebut dianggap mengalami penurunan nilai dan nilai tercatat aset diturunkan menjadi sebesar nilai terpulihkannya. Rugi penurunan nilai dari operasi yang berkelanjutan diakui pada laporan laba rugi dan penghasilan komprehensif lain konsolidasian sebagai penurunan nilai. Dalam menghitung nilai pakai, estimasi arus kas masa depan neto didiskontokan ke nilai kini dengan menggunakan tingkat diskonto sebelum pajak yang menggambarkan penilaian pasar kini atas nilai waktu uang dan risiko spesifik aset. Dalam menentukan nilai wajar dikurangi biaya pelepasan, mengacu pada PSAK 113: Nilai Wajar (Catatan 2e). Kerugian penurunan nilai dari operasi yang berkelanjutan, jika ada, diakui pada laporan laba rugi dan penghasilan komprehensif lain konsolidasian sesuai dengan kategori biaya yang konsisten dengan fungsi aset yang diturunkan nilainya.
A10: Beban tangguhan
A11: Pengakuan pendapatan dan beban | C11: a. Pendapatan dan beban bunga atas aset tersedia untuk dijual, serta aset keuangan dan liabilitas keuangan yang dicatat berdasarkan biaya perolehan diamortisasi diakui pada laporan laba rugi dan penghasilan komprehensif lain konsolidasian dengan menggunakan metode suku bunga efektif. b. Keuntungan dan kerugian yang belum direalisasi yang timbul dari perubahan nilai wajar aset keuangan dan liabilitas keuangan yang diukur pada nilai wajar melalui laporan laba rugi diakui pada laporan laba rugi dan penghasilan komprehensif lain konsolidasian. Keuntungan dan kerugian yang belum direalisasi yang timbul dari perubahan nilai wajar aset keuangan yang diklasifikasikan dalam kelompok tersedia untuk dijual kecuali keuntungan atau kerugian akibat perubahan nilai tukar diakui secara langsung dalam ekuitas, sampai aset keuangan tersebut dihentikan pengakuannya atau adanya penurunan nilai. Pada saat aset keuangan dihentikan pengakuannya atau dilakukan penurunan nilai, keuntungan atau kerugian kumulatif yang sebelumnya diakui dalam ekuitas harus diakui pada laporan laba rugi dan penghasilan komprehensif lain konsolidasian. | D11: a. Pendapatan dan beban bunga atas aset tersedia untuk dijual, serta aset keuangan dan liabilitas keuangan yang dicatat berdasarkan biaya perolehan diamortisasi diakui pada laporan laba rugi dan penghasilan komprehensif lain konsolidasian dengan menggunakan metode suku bunga efektif. b. Keuntungan dan kerugian yang belum direalisasi yang timbul dari perubahan nilai wajar aset keuangan dan liabilitas keuangan yang diukur pada nilai wajar melalui laporan laba rugi diakui pada laporan laba rugi dan penghasilan komprehensif lain konsolidasian. Keuntungan dan kerugian yang belum direalisasi yang timbul dari perubahan nilai wajar aset keuangan yang diklasifikasikan dalam kelompok tersedia untuk dijual kecuali keuntungan atau kerugian akibat perubahan nilai tukar diakui secara langsung dalam ekuitas, sampai aset keuangan tersebut dihentikan pengakuannya atau adanya penurunan nilai. Pada saat aset keuangan dihentikan pengakuannya atau dilakukan penurunan nilai, keuntungan atau kerugian kumulatif yang sebelumnya diakui dalam ekuitas harus diakui pada laporan laba rugi dan penghasilan komprehensif lain konsolidasian. | E11: a. Pendapatan dan beban bunga atas aset-aset keuangan yang diukur pada nilai wajar melalui penghasilan komprehensif lain (FVOCI), serta aset keuangan dan liabilitas keuangan yang dicatat berdasarkan biaya perolehan diamortisasi diakui pada laba rugi dengan menggunakan metode suku bunga efektif. b. Keuntungan dan kerugian yang belum direalisasi yang timbul dari perubahan nilai wajar aset keuangan dan liabilitas keuangan yang diukur pada nilai wajar melalui laba rugi diakui pada laba rugi. Keuntungan dan kerugian yang belum direalisasi yang timbul dari perubahan nilai wajar aset keuangan yang diklasifikasikan dalam kelompok nilai wajar melalui penghasilan komprehensif lain (FVOCI), kecuali keuntungan atau kerugian akibat perubahan nilai tukar diakui secara langsung dalam ekuitas, sampai aset keuangan tersebut dihentikan pengakuannya atau adanya penurunan nilai. Pada saat aset keuangan dihentikan pengakuannya atau dilakukan penurunan nilai, keuntungan atau kerugian kumulatif yang sebelumnya diakui dalam ekuitas harus diakui pada laba rugi. | F11: a. Pendapatan dan beban bunga atas aset-aset keuangan yang diukur pada nilai wajar melalui penghasilan komprehensif lain (FVOCI), serta aset keuangan dan liabilitas keuangan yang dicatat berdasarkan biaya perolehan diamortisasi diakui pada laba rugi dengan menggunakan metode suku bunga efektif. b. Keuntungan dan kerugian yang belum direalisasi yang timbul dari perubahan nilai wajar aset keuangan dan liabilitas keuangan yang diukur pada nilai wajar melalui laba rugi diakui pada laba rugi. Keuntungan dan kerugian yang belum direalisasi yang timbul dari perubahan nilai wajar aset keuangan yang diklasifikasikan dalam kelompok nilai wajar melalui penghasilan komprehensif lain (FVOCI), kecuali keuntungan atau kerugian akibat perubahan nilai tukar diakui secara langsung dalam ekuitas, sampai aset keuangan tersebut dihentikan pengakuannya atau adanya penurunan nilai. Pada saat aset keuangan dihentikan pengakuannya atau dilakukan penurunan nilai, keuntungan atau kerugian kumulatif yang sebelumnya diakui dalam ekuitas harus diakui pada laba rugi.
A12: Penjabaran mata uang asing | C12: Transaksi dalam mata uang asing dijabarkan ke mata uang rupiah dengan menggunakan kurs yang berlaku pada tanggal transaksi. Pada tanggal laporan posisi keuangan konsolidasian, aset dan liabilitas moneter dalam mata uang asing dijabarkan dengan menggunakan kurs yang berlaku pada tanggal laporan posisi keuangan konsolidasian. Keuntungan dan kerugian selisih kurs yang timbul dari transaksi dalam mata uang asing dan dari penjabaran aset dan liabilitas moneter dalam mata uang asing diakui dalam laporan laba rugi dan penghasilan komprehensif lain konsolidasian tahun berjalan. Laba atau rugi kurs valuta asing atas aset dan liabilitas moneter merupakan selisih antara biaya perolehan diamortisasi dalam rupiah pada awal tahun, disesuaikan dengan tingkat suku bunga efektif dan pembayaran selama tahun berjalan, dan biaya perolehan diamortisasi dalam valuta asing yang dijabarkan ke dalam rupiah dengan menggunakan kurs pada akhir tahun. Aset dan liabilitas non-moneter dalam mata uang asing dijabarkan dengan menggunakan kurs pada tanggal transaksi. | D12: Transaksi dalam mata uang asing dijabarkan ke mata uang rupiah dengan menggunakan kurs yang berlaku pada tanggal transaksi. Pada tanggal laporan posisi keuangan konsolidasian, aset dan liabilitas moneter dalam mata uang asing dijabarkan dengan menggunakan kurs yang berlaku pada tanggal laporan posisi keuangan konsolidasian. Keuntungan dan kerugian selisih kurs yang timbul dari transaksi dalam mata uang asing dan dari penjabaran aset dan liabilitas moneter dalam mata uang asing diakui dalam laporan laba rugi dan penghasilan komprehensif lain konsolidasian tahun berjalan. Laba atau rugi kurs valuta asing atas aset dan liabilitas moneter merupakan selisih antara biaya perolehan diamortisasi dalam rupiah pada awal tahun, disesuaikan dengan tingkat suku bunga efektif dan pembayaran selama tahun berjalan, dan biaya perolehan diamortisasi dalam valuta asing yang dijabarkan ke dalam rupiah dengan menggunakan kurs pada akhir tahun. Aset dan liabilitas non-moneter dalam mata uang asing dijabarkan dengan menggunakan kurs pada tanggal transaksi. | E12: Transaksi dalam mata uang asing dijabarkan ke mata uang rupiah dengan menggunakan kurs yang berlaku pada tanggal transaksi. Pada tanggal laporan posisi keuangan konsolidasian, aset dan liabilitas moneter dalam mata uang asing dijabarkan dengan menggunakan kurs yang berlaku pada tanggal laporan posisi keuangan konsolidasian. Keuntungan dan kerugian selisih kurs yang timbul dari transaksi dalam mata uang asing dan dari penjabaran aset dan liabilitas moneter dalam mata uang asing diakui dalam laporan laba rugi dan penghasilan komprehensif lain konsolidasian tahun berjalan. Laba atau rugi kurs valuta asing atas aset dan liabilitas moneter merupakan selisih antara biaya perolehan diamortisasi dalam rupiah pada awal tahun, disesuaikan dengan tingkat suku bunga efektif dan pembayaran selama tahun berjalan, dan biaya perolehan diamortisasi dalam valuta asing yang dijabarkan ke dalam rupiah dengan menggunakan kurs pada akhir tahun. Aset dan liabilitas non-moneter dalam mata uang asing dijabarkan dengan menggunakan kurs pada tanggal transaksi. | F12: Transaksi dalam mata uang asing dijabarkan ke mata uang rupiah dengan menggunakan kurs yang berlaku pada tanggal transaksi. Pada tanggal laporan posisi keuangan konsolidasian, aset dan liabilitas moneter dalam mata uang asing dijabarkan dengan menggunakan kurs yang berlaku pada tanggal laporan posisi keuangan konsolidasian. Keuntungan dan kerugian selisih kurs yang timbul dari transaksi dalam mata uang asing dan dari penjabaran aset dan liabilitas moneter dalam mata uang asing diakui dalam laporan laba rugi dan penghasilan komprehensif lain konsolidasian tahun berjalan. Laba atau rugi kurs valuta asing atas aset dan liabilitas moneter merupakan selisih antara biaya perolehan diamortisasi dalam rupiah pada awal tahun, disesuaikan dengan tingkat suku bunga efektif dan pembayaran selama tahun berjalan, dan biaya perolehan diamortisasi dalam valuta asing yang dijabarkan ke dalam rupiah dengan menggunakan kurs pada akhir tahun. Aset dan liabilitas non-moneter dalam mata uang asing dijabarkan dengan menggunakan kurs pada tanggal transaksi.
A13: Transaksi dengan pihak berelasi | C13: Dalam menjalankan usahanya, Bank dan entitas anak melakukan transaksi dengan pihak-pihak berelasi seperti yang didefinisikan dalam PSAK 7 (Revisi 2015) tentang “Pengungkapan Pihak-Pihak Berelasi”. Yang dimaksud dengan pihak yang berelasi adalah orang atau entitas yang berelasi dengan entitas pelapor sebagai berikut: a) Orang atau anggota keluarga terdekat mempunyai relasi dengan entitas pelapor jika orang tersebut: 1. memiliki pengendalian atau pengendalian bersama atas entitas pelapor; 2. memiliki pengaruh signifikan atas entitas pelapor; atau 3. merupakan personil manajemen kunci entitas pelapor atau entitas induk dari entitas pelapor. b) Satu entitas berelasi dengan entitas pelapor jika memenuhi salah satu hal berikut: 1. Entitas dan entitas pelapor adalah anggota dari kelompok usaha yang sama (artinya entitas induk, entitas anak, dan entitas anak berikutnya terkait dengan entitas lainnya); 2. Satu entitas adalah entitas asosiasi atau ventura bersama dari entitas lain (atau entitas asosiasi atau ventura bersama yang merupakan anggota suatu kelompok usaha, yang tersebut adalah anggotanya); 3. Kedua entitas tersebut adalah ventura bersama dari pihak ketiga yang sama; 4. Satu entitas adalah ventura bersama dari entitas ketiga dan entitas yang lain adalah entitas asosiasi dari entitas ketiga; 5. Entitas tersebut adalah suatu program imbalan pasca kerja untuk imbalan kerja dari salah satu entitas pelapor atau entitas yang terkait dengan entitas pelapor; 6. Entitas yang dikendalikan atau dikendalikan bersama oleh orang yang diidentifikasi dalam huruf (a); 7. Orang yang diidentifikasi dalam huruf (a). (1) memiliki pengaruh signifikan atas entitas atau personil manajemen kunci entitas (atau entitas induk dari entitas); atau 8. Entitas atau anggota dari kelompok yang mana entitas merupakan bagian dari kelompok tersebut, menyediakan jasa personil manajemen kunci kepada entitas pelapor atau kepada entitas induk dari entitas pelapor. Transaksi dengan pihak-pihak berelasi dilakukan dengan syarat dan kondisi yang sama dengan transaksi-transaksi dengan pihak ketiga. Transaksi yang dilakukan Bank dan entitas anak telah memenuhi Peraturan Otoritas Jasa Keuangan (POJK) No.42/POJK.04/2020 tentang “Transaksi Afiliasi dan Transaksi Benturan Kepentingan”. Seluruh transaksi dan saldo yang material dengan pihak-pihak berelasi diungkapkan dalam catatan atas laporan keuangan konsolidasian yang relevan dan rinciannya telah disajikan dalam Catatan 43. | D13: Dalam menjalankan usahanya, Bank dan entitas anak melakukan transaksi dengan pihak-pihak berelasi seperti yang didefinisikan dalam PSAK 7 (Revisi 2015) tentang Pihak-Pihak Berelasi. Yang dimaksud dengan pihak yang berelasi adalah orang atau entitas yang berelasi dengan entitas pelapor sebagai berikut: a) Orang atau anggota keluarga terdekat mempunyai relasi dengan entitas pelapor jika orang tersebut: 1. memiliki pengendalian atau pengendalian bersama atas entitas pelapor; 2. memiliki pengaruh signifikan atas entitas pelapor; atau 3. merupakan personil manajemen kunci entitas pelapor atau entitas induk dari entitas pelapor. b) Satu entitas berelasi dengan entitas pelapor jika memenuhi salah satu hal berikut: 1. Entitas dan entitas pelapor adalah anggota dari kelompok usaha yang sama (artinya entitas induk, entitas anak, dan entitas anak berikutnya terkait dengan entitas lainnya); 2. Satu entitas adalah entitas asosiasi atau ventura bersama dari entitas lain (atau entitas asosiasi atau ventura bersama yang merupakan anggota suatu kelompok usaha, yang tersebut adalah anggotanya); 3. Kedua entitas tersebut adalah ventura bersama dari pihak ketiga yang sama; 4. Satu entitas adalah ventura bersama dari entitas ketiga dan entitas yang lain adalah entitas asosiasi dari entitas ketiga; 5. Entitas tersebut adalah suatu program imbalan pasca kerja untuk imbalan kerja dari salah satu entitas pelapor atau entitas yang terkait dengan entitas pelapor; 6. Entitas yang dikendalikan atau dikendalikan bersama oleh orang yang diidentifikasi dalam huruf (a); 7. Orang yang diidentifikasi dalam huruf (a). (1) memiliki pengaruh signifikan atas entitas atau personil manajemen kunci entitas (atau entitas induk dari entitas); atau 8. Entitas atau anggota dari kelompok yang mana entitas merupakan bagian dari kelompok tersebut, menyediakan jasa personil manajemen kunci kepada entitas pelapor atau kepada entitas induk dari entitas pelapor. Transaksi dengan pihak-pihak berelasi dilakukan dengan syarat dan kondisi yang sama dengan transaksi-transaksi dengan pihak ketiga. Transaksi yang dilakukan Bank dan entitas anak telah memenuhi Peraturan Otoritas Jasa Keuangan (POJK) No.42/POJK.04/2020 tentang Afiliasi dan Transaksi Benturan Kepentingan. Seluruh transaksi dan saldo yang material dengan pihak-pihak berelasi diungkapkan dalam catatan atas laporan keuangan konsolidasian yang relevan dan rinciannya telah disajikan dalam Catatan 43. | E13: Bank melakukan transaksi dengan pihak berelasi. Sesuai dengan PSAK 224 tentang Pihak-Pihak Berelasi. Pihak-pihak berelasi adalah orang atau entitas yang terkait dengan entitas yang menyiapkan laporan keuangannya (dalam Pernyataan ini dirujuk sebagai pelapor). a) Orang atau anggota keluarga terdekat mempunyai relasi dengan entitas pelapor jika orang tersebut: 1. memiliki pengendalian atau pengendalian bersama atas entitas pelapor; 2. memiliki pengaruh signifikan atas entitas pelapor; atau 3. merupakan personil manajemen kunci entitas pelapor atau entitas induk dari entitas pelapor. b) Satu entitas berelasi dengan entitas pelapor jika memenuhi salah satu hal berikut: 1. Entitas dan entitas pelapor adalah anggota dari kelompok usaha yang sama (artinya entitas induk, entitas anak, dan entitas anak berikutnya terkait dengan entitas lainnya); 2. Satu entitas adalah entitas asosiasi atau ventura bersama dari entitas lain (atau entitas asosiasi atau ventura bersama yang merupakan anggota suatu kelompok usaha, yang tersebut adalah anggotanya); 3. Kedua entitas tersebut adalah ventura bersama dari pihak ketiga yang sama; 4. Satu entitas adalah ventura bersama dari entitas ketiga dan entitas yang lain adalah entitas asosiasi dari entitas ketiga; 5. Entitas tersebut adalah suatu program imbalan pasca kerja untuk imbalan kerja dari salah satu entitas pelapor atau entitas yang terkait dengan entitas pelapor; 6. Entitas yang dikendalikan atau dikendalikan bersama oleh orang yang diidentifikasi dalam huruf (a); 7. Orang yang diidentifikasi dalam huruf (a). (1) memiliki pengaruh signifikan atas entitas atau personil manajemen kunci entitas (atau entitas induk dari entitas); atau 8. Entitas atau anggota dari kelompok yang mana entitas merupakan bagian dari kelompok tersebut, menyediakan jasa personil manajemen kunci kepada entitas pelapor atau kepada entitas induk dari entitas pelapor. Transaksi dengan pihak-pihak berelasi dilakukan dengan syarat dan kondisi yang sama dengan transaksi-transaksi dengan pihak ketiga. Transaksi yang dilakukan Bank dan entitas anak telah memenuhi Peraturan Otoritas Jasa Keuangan (POJK) No.42/POJK.04/2020 tentang Afiliasi dan Transaksi Benturan Kepentingan. Seluruh transaksi dan saldo yang material dengan pihak-pihak berelasi diungkapkan dalam catatan atas laporan keuangan konsolidasian yang relevan dan rinciannya telah disajikan dalam Catatan 43. | F13: Bank melakukan transaksi dengan pihak berelasi. Sesuai dengan PSAK 224 tentang Pihak-Pihak Berelasi. Pihak-pihak berelasi adalah orang atau entitas yang terkait dengan entitas yang menyiapkan laporan keuangannya (dalam Pernyataan ini dirujuk sebagai pelapor). a) Orang atau anggota keluarga terdekat mempunyai relasi dengan entitas pelapor jika orang tersebut: 1. memiliki pengendalian atau pengendalian bersama atas entitas pelapor; 2. memiliki pengaruh signifikan atas entitas pelapor; atau 3. merupakan personil manajemen kunci entitas pelapor atau entitas induk dari entitas pelapor. b) Satu entitas berelasi dengan entitas pelapor jika memenuhi salah satu hal berikut: 1. Entitas dan entitas pelapor adalah anggota dari kelompok usaha yang sama (artinya entitas induk, entitas anak, dan entitas anak berikutnya terkait dengan entitas lainnya); 2. Satu entitas adalah entitas asosiasi atau ventura bersama dari entitas lain (atau entitas asosiasi atau ventura bersama yang merupakan anggota suatu kelompok usaha, yang tersebut adalah anggotanya); 3. Kedua entitas tersebut adalah ventura bersama dari pihak ketiga yang sama; 4. Satu entitas adalah ventura bersama dari entitas ketiga dan entitas yang lain adalah entitas asosiasi dari entitas ketiga; 5. Entitas tersebut adalah suatu program imbalan pasca kerja untuk imbalan kerja dari salah satu entitas pelapor atau entitas yang terkait dengan entitas pelapor; 6. Entitas yang dikendalikan atau dikendalikan bersama oleh orang yang diidentifikasi dalam huruf (a); 7. Orang yang diidentifikasi dalam huruf (a). (1) memiliki pengaruh signifikan atas entitas atau personil manajemen kunci entitas (atau entitas induk dari entitas); atau 8. Entitas atau anggota dari kelompok yang mana entitas merupakan bagian dari kelompok tersebut, menyediakan jasa personil manajemen kunci kepada entitas pelapor atau kepada entitas induk dari entitas pelapor. Transaksi dengan pihak-pihak berelasi dilakukan dengan syarat dan kondisi yang sama dengan transaksi-transaksi dengan pihak ketiga. Transaksi yang dilakukan Bank dan entitas anak telah memenuhi Peraturan Otoritas Jasa Keuangan (POJK) No.42/POJK.04/2020 tentang Afiliasi dan Transaksi Benturan Kepentingan. Seluruh transaksi dan saldo yang material dengan pihak-pihak berelasi diungkapkan dalam catatan atas laporan keuangan konsolidasian yang relevan dan rinciannya telah disajikan dalam Catatan 43.
A14: Pajak penghasilan | C14: Bank dan entitas anak menerapkan PSAK 46 (Revisi 2018), “Pajak Penghasilan”. Beban pajak tahun berjalan ditetapkan berdasarkan taksiran penghasilan kena pajak tahun berjalan. Aset dan liabilitas pajak tangguhan diakui atas perbedaan temporer aset dan liabilitas antara pelaporan komersial dan pajak pada setiap tanggal pelaporan. Aset pajak tangguhan diakui menggunakan metode posisi keuangan untuk seluruh perbedaan temporer yang boleh dikurangkan dan saldo rugi fiskal yang belum dikompensasikan, sepanjang besar kemungkinan perbedaan temporer yang boleh dikurangkan dan saldo rugi fiskal yang belum digunakan tersebut dapat dimanfaatkan untuk mengurangi laba fiskal pada masa yang akan datang. Jumlah tercatat aset pajak tangguhan ditelaah pada setiap tanggal neraca dan nilai tercatat aset pajak tangguhan tersebut diturunkan apabila tidak lagi terdapat kemungkinan besar bahwa laba fiskal yang memadai akan tersedia untuk mengkompensasi sebagian atau semua manfaat aset pajak tangguhan. Aset dan kewajiban pajak tangguhan diukur berdasarkan tarif pajak yang akan berlaku pada tahun saat aset direalisasikan atau liabilitas diselesaikan berdasarkan peraturan perpajakan yang berlaku atau yang telah secara substantif telah diberlakukan pada tanggal laporan posisi keuangan konsolidasian. Pengaruh pajak terkait dengan penyisihan untuk dan/atau pembalikan seluruh perbedaan temporer selama tahun berjalan, termasuk pengaruh perubahan tarif pajak, diakui sebagai “Manfaat/(Beban) Pajak Penghasilan, Tangguhan” dan termasuk dalam laba atau rugi neto tahun berjalan, kecuali untuk transaksi-transaksi yang sebelumnya telah langsung dibebankan atau dikreditkan ke ekuitas. Perubahan terhadap liabilitas pajak diakui pada saat surat ketetapan pajak diterima, atau apabila diajukan keberatan dan atau banding oleh Bank dan entitas anak, pada saat telah ada keputusan atas banding dan atau keberatan tersebut. Untuk setiap entitas yang dikonsolidasi, pengaruh pajak atas perbedaan temporer dan akumulasi rugi pajak, yang masing-masing dapat berupa aset atau liabilitas, disajikan dalam jumlah neto untuk masing-masing entitas tersebut. Aset dan liabilitas atas pajak tangguhan dan pajak kini dapat saling hapus apabila terdapat hak yang berkekuatan hukum untuk melakukan saling hapus. | D14: Bank dan entitas anak menerapkan PSAK 46 (Revisi 2018), Penghasilan. Beban pajak tahun berjalan ditetapkan berdasarkan taksiran penghasilan kena pajak tahun berjalan. Aset dan liabilitas pajak tangguhan diakui atas perbedaan temporer aset dan liabilitas antara pelaporan komersial dan pajak pada setiap tanggal pelaporan. Aset pajak tangguhan diakui menggunakan metode posisi keuangan untuk seluruh perbedaan temporer yang boleh dikurangkan dan saldo rugi fiskal yang belum dikompensasikan, sepanjang besar kemungkinan perbedaan temporer yang boleh dikurangkan dan saldo rugi fiskal yang belum digunakan tersebut dapat dimanfaatkan untuk mengurangi laba fiskal pada masa yang akan datang. Jumlah tercatat aset pajak tangguhan ditelaah pada setiap tanggal neraca dan nilai tercatat aset pajak tangguhan tersebut diturunkan apabila tidak lagi terdapat kemungkinan besar bahwa laba fiskal yang memadai akan tersedia untuk mengkompensasi sebagian atau semua manfaat aset pajak tangguhan. Aset dan kewajiban pajak tangguhan diukur berdasarkan tarif pajak yang akan berlaku pada tahun saat aset direalisasikan atau liabilitas diselesaikan berdasarkan peraturan perpajakan yang berlaku atau yang telah secara substantif telah diberlakukan pada tanggal laporan posisi keuangan konsolidasian. Pengaruh pajak terkait dengan penyisihan untuk dan/atau pembalikan seluruh perbedaan temporer selama tahun berjalan, termasuk pengaruh perubahan tarif pajak, diakui sebagai /(Beban) Pajak Penghasilan, Tangguhan dan termasuk dalam laba atau rugi neto tahun berjalan, kecuali untuk transaksi-transaksi yang sebelumnya telah langsung dibebankan atau dikreditkan ke ekuitas. Perubahan terhadap liabilitas pajak diakui pada saat surat ketetapan pajak diterima, atau apabila diajukan keberatan dan atau banding oleh Bank dan entitas anak, pada saat telah ada keputusan atas banding dan atau keberatan tersebut. Untuk setiap entitas yang dikonsolidasi, pengaruh pajak atas perbedaan temporer dan akumulasi rugi pajak, yang masing-masing dapat berupa aset atau liabilitas, disajikan dalam jumlah neto untuk masing-masing entitas tersebut. Aset dan liabilitas atas pajak tangguhan dan pajak kini dapat saling hapus apabila terdapat hak yang berkekuatan hukum untuk melakukan saling hapus. | E14: Beban pajak adalah jumlah gabungan pajak kini dan pajak tangguhan yang diperhitungkan dalam menentukan laba rugi pada suatu periode. Pajak kini dan pajak tangguhan diakui dalam laba rugi, kecuali pajak penghasilan yang timbul dari transaksi atau peristiwa yang diakui dalam penghasilan komprehensif lain atau secara langsung di ekuitas. Dalam hal ini, pajak tersebut masing-masing diakui dalam penghasilan komprehensif lain atau ekuitas. Manfaat terkait dengan rugi pajak yang dapat ditarik untuk memulihkan pajak kini dari periode sebelumnya diakui sebagai aset. Aset pajak tangguhan diakui untuk akumulasi rugi pajak belum dikompensasi dan kredit pajak belum dimanfaatkan sepanjang kemungkinan besar laba kena pajak masa depan akan tersedia untuk dimanfaatkan dengan rugi pajak belum dikompensasi dan kredit pajak belum dimanfaatkan. Seluruh perbedaan temporer kena pajak diakui sebagai liabilitas pajak tangguhan, kecuali perbedaan temporer kena pajak yang berasal dari: a) pengakuan awal goodwill; atau b) pengakuan awal aset atau liabilitas dari transaksi yang bukan kombinasi bisnis, pada saat transaksi tidak mempengaruhi laba akuntansi atau laba kena pajak (rugi pajak) dan pada saat transaksi tidak menimbulkan perbedaan temporer kena pajak dan perbedaan temporer dapat dikurangkan dalam jumlah yang sama. | F14: Beban pajak adalah jumlah gabungan pajak kini dan pajak tangguhan yang diperhitungkan dalam menentukan laba rugi pada suatu periode. Pajak kini dan pajak tangguhan diakui dalam laba rugi, kecuali pajak penghasilan yang timbul dari transaksi atau peristiwa yang diakui dalam penghasilan komprehensif lain atau secara langsung di ekuitas. Dalam hal ini, pajak tersebut masing-masing diakui dalam penghasilan komprehensif lain atau ekuitas. Manfaat terkait dengan rugi pajak yang dapat ditarik untuk memulihkan pajak kini dari periode sebelumnya diakui sebagai aset. Aset pajak tangguhan diakui untuk akumulasi rugi pajak belum dikompensasi dan kredit pajak belum dimanfaatkan sepanjang kemungkinan besar laba kena pajak masa depan akan tersedia untuk dimanfaatkan dengan rugi pajak belum dikompensasi dan kredit pajak belum dimanfaatkan. Seluruh perbedaan temporer kena pajak diakui sebagai liabilitas pajak tangguhan, kecuali perbedaan temporer kena pajak yang berasal dari: a) pengakuan awal goodwill; atau b) pengakuan awal aset atau liabilitas dari transaksi yang bukan kombinasi bisnis, pada saat transaksi tidak mempengaruhi laba akuntansi atau laba kena pajak (rugi pajak) dan pada saat transaksi tidak menimbulkan perbedaan temporer kena pajak dan perbedaan temporer dapat dikurangkan dalam jumlah yang sama.
A15: Pinjaman | C15: Pinjaman yang diterima merupakan dana yang diterima oleh Bank dan entitas anak dari Bank Indonesia, pemerintah dan lembaga pembiayaan lain dengan kewajiban pembayaran berdasarkan perjanjian pinjaman. Pinjaman yang diterima diakui sebesar nilai wajar pada awalnya dan selanjutnya diukur sebesar biaya perolehan diamortisasi dengan menggunakan metode suku bunga efektif. Biaya perolehan diamortisasi dihitung dengan memperhitungkan adanya diskonto atau premi terkait dengan pengakuan awal dan biaya transaksi yang tidak terpisah dari suku bunga efektif. | D15: Pinjaman yang diterima merupakan dana yang diterima oleh Bank dan entitas anak dari Bank Indonesia, pemerintah dan lembaga pembiayaan lain dengan kewajiban pembayaran berdasarkan perjanjian pinjaman. Pinjaman yang diterima diakui sebesar nilai wajar pada awalnya dan selanjutnya diukur sebesar biaya perolehan diamortisasi dengan menggunakan metode suku bunga efektif. Biaya perolehan diamortisasi dihitung dengan memperhitungkan adanya diskonto atau premi terkait dengan pengakuan awal dan biaya transaksi yang tidak terpisah dari suku bunga efektif. | E15: Pinjaman yang diterima merupakan dana yang diterima oleh Bank dan entitas anak dari Bank Indonesia, pemerintah dan lembaga pembiayaan lain dengan kewajiban pembayaran berdasarkan perjanjian pinjaman. Pinjaman yang diterima diakui sebesar nilai wajar pada awalnya dan selanjutnya diukur sebesar biaya perolehan diamortisasi dengan menggunakan metode suku bunga efektif. Biaya perolehan diamortisasi dihitung dengan memperhitungkan adanya diskonto atau premi terkait dengan pengakuan awal dan biaya transaksi yang tidak terpisah dari suku bunga efektif. | F15: Pinjaman yang diterima merupakan dana yang diterima oleh Bank dan entitas anak dari Bank Indonesia, pemerintah dan lembaga pembiayaan lain dengan kewajiban pembayaran berdasarkan perjanjian pinjaman. Pinjaman yang diterima diakui sebesar nilai wajar pada awalnya dan selanjutnya diukur sebesar biaya perolehan diamortisasi dengan menggunakan metode suku bunga efektif. Biaya perolehan diamortisasi dihitung dengan memperhitungkan adanya diskonto atau premi terkait dengan pengakuan awal dan biaya transaksi yang tidak terpisah dari suku bunga efektif.
A16: Provisi | C16: Pendapatan provisi dan komisi yang berkaitan langsung dengan kegiatan pinjaman, atau pendapatan provisi dan komisi yang berhubungan dengan jangka waktu tertentu, diamortisasi sesuai dengan jangka waktu kontrak menggunakan metode suku bunga efektif dan diklasifikasikan sebagai bagian dari pendapatan bunga pada laporan laba rugi dan penghasilan komprehensif lain konsolidasian. Pendapatan provisi dan komisi yang tidak berkaitan dengan kegiatan pemberian kredit atau suatu jangka waktu dan/atau terkait dengan pemberian suatu jasa, diakui sebagai pendapatan pada saat terjadinya transaksi dan dicatat pada akun pendapatan operasional lainnya | D16: Provisi diakui jika Bank dan entitas anak memiliki liabilitas kini (baik bersifat hukum maupun bersifat konstruktif) yang sebagai akibat peristiwa masa lalu, besar kemungkinannya penyelesaian liabilitas tersebut akan mengakibatkan arus keluar sumber daya yang mengandung manfaat ekonomi dan estimasi yang andal mengenai jumlah kewajiban tersebut dapat dibuat. Provisions are recognized when the Bank and its subsidiaries have a present obligation (legal or constructive) where, as a result of a past event, it is probable that an outflow of resources embodying economic benefits will be required to settle the obligation and a reliable estimate can be made of the amount of the obligation. Provisi ditelaah pada setiap tanggal pelaporan dan disesuaikan untuk mencerminkan estimasi terbaik yang paling kini. Jika arus keluar sumber daya untuk menyelesaikan kewajiban kemungkinan besar tidak terjadi, maka provisi dibatalkan. | E16: Provisi diakui jika Bank dan entitas anak memiliki liabilitas kini (baik bersifat hukum maupun bersifat konstruktif) yang sebagai akibat peristiwa masa lalu, besar kemungkinannya penyelesaian liabilitas tersebut akan mengakibatkan arus keluar sumber daya yang mengandung manfaat ekonomi dan estimasi yang andal mengenai jumlah kewajiban tersebut dapat dibuat. Provisi ditelaah pada setiap tanggal pelaporan dan disesuaikan untuk mencerminkan estimasi terbaik yang paling kini. Jika arus keluar sumber daya untuk menyelesaikan kewajiban kemungkinan besar tidak terjadi, maka provisi dibatalkan. | F16: Provisi diakui jika Bank dan entitas anak memiliki liabilitas kini (baik bersifat hukum maupun bersifat konstruktif) yang sebagai akibat peristiwa masa lalu, besar kemungkinannya penyelesaian liabilitas tersebut akan mengakibatkan arus keluar sumber daya yang mengandung manfaat ekonomi dan estimasi yang andal mengenai jumlah kewajiban tersebut dapat dibuat. Provisi ditelaah pada setiap tanggal pelaporan dan disesuaikan untuk mencerminkan estimasi terbaik yang paling kini. Jika arus keluar sumber daya untuk menyelesaikan kewajiban kemungkinan besar tidak terjadi, maka provisi dibatalkan.
A17: Imbalan kerja karyawan | C17: Bank dan entitas anak menerapkan PSAK 24 (Revisi 2018), “Imbalan Kerja”. Imbalan kerja jangka pendek Imbalan kerja jangka pendek seperti upah, iuran jaminan sosial, cuti jangka pendek, bonus dan imbalan non-moneter lainnya diakui selama periode jasa diberikan. Imbalan kerja jangka pendek dihitung sebesar jumlah yang tidak didiskontokan. Program pensiun iuran pasti Berdasarkan berita acara No. 0067/HCA-SKE/BA/2022 tanggal 8 Juli 2022 dilakukan pengalihan pengelolaan dana THT dari YKP Bank BJB ke DPLK Bank BJB dimana merubah program pension dari program pension manfaat pasti menjadi program pension iuran pasti. Iuran kepada dana pensiun sebesar persentase tertentu gaji pegawai yang menjadi peserta program pensiun iuran pasti Bank dan entitas anak, dicadangkan dan diakui sebagai biaya ketika jasa telah diberikan oleh pegawai-pegawai tersebut. Pembayaran dikurangkan dari utang iuran. Iuran terutang dihitung berdasarkan jumlah yang tidak didiskontokan. Program imbalan pasti dan imbalan kerja jangka panjang lainnya Imbalan pasca-kerja dicadangkan dan diakui sebagai biaya ketika jasa telah diberikan oleh pegawai yang menjadi peserta program pensiun Bank dan entitas anak. Imbalan kerja ditentukan berdasarkan peraturan Bank dan entitas anak dan persyaratan minimum Undang-undang No. 11 tahun 2020 tentang “Undang-undang Cipta Kerja” sejak tahun 2021, mana yang lebih tinggi. Imbalan pasca-kerja dan imbalan kerja jangka panjang lainnya secara aktuaris ditentukan berdasarkan metode Projected Unit Credit. Pengukuran kembali atas liabilitas (aset) imbalan pasti neto, yang diakui sebagai penghasilan komprehensif lain, terdiri atas: (i) Keuntungan dan kerugian aktuarial; (ii) Imbal hasil atas aset program tidak termasuk jumlah yang dimasukkan dalam bunga neto atas liabilitas (aset); (iii) Setiap perubahan dampak batas aset, tidak termasuk jumlah yang dimasukkan dalam bunga neto atas liabilitas (aset). Pengukuran kembali atas liabilitas (aset) imbalan pasti neto, yang diakui sebagai penghasilan komprehensif lain tidak direklasifikasi ke laba rugi pada periode berikutnya. Untuk imbalan kerja jangka panjang lain atas biaya jasa kini, biaya bunga neto atas liabilitas (aset) imbalan pasti neto, dan pengukuran kembali liabilitas (aset) imbalan pasti neto langsung diakui pada laporan laba rugi dan penghasilan komprehensif lain konsolidasian periode berjalan. Biaya jasa lalu diakui sebagai beban pada tanggal yang lebih awal antara ketika amandemen atau kurtailmen program terjadi, dan ketika biaya restrukturisasi atau pesangon diakui, sehingga biaya jasa lalu yang belum vested tidak lagi dapat ditangguhkan dan diakui selama periode vesting masa depan. | D17: Bank dan entitas anak menerapkan PSAK 24 (Revisi 2018), Kerja. Imbalan kerja jangka pendek Imbalan kerja jangka pendek seperti upah, iuran jaminan sosial, cuti jangka pendek, bonus dan imbalan non-moneter lainnya diakui selama periode jasa diberikan. Imbalan kerja jangka pendek dihitung sebesar jumlah yang tidak didiskontokan. Program pensiun iuran pasti Berdasarkan berita acara No. 0067/HCA-SKE/BA/2022 tanggal 8 Juli 2022 dilakukan pengalihan pengelolaan dana THT dari YKP Bank BJB ke DPLK Bank BJB dimana merubah program pension dari program pension manfaat pasti menjadi program pension iuran pasti. Iuran kepada dana pensiun sebesar persentase tertentu gaji pegawai yang menjadi peserta program pensiun iuran pasti Bank dan entitas anak, dicadangkan dan diakui sebagai biaya ketika jasa telah diberikan oleh pegawai-pegawai tersebut. Pembayaran dikurangkan dari utang iuran. Iuran terutang dihitung berdasarkan jumlah yang tidak didiskontokan. Program imbalan pasti dan imbalan kerja jangka panjang lainnya Imbalan pasca-kerja dicadangkan dan diakui sebagai biaya ketika jasa telah diberikan oleh pegawai yang menjadi peserta program pensiun Bank dan entitas anak. Imbalan kerja ditentukan berdasarkan peraturan Bank dan entitas anak dan persyaratan minimum Undang-undang No. 11 tahun 2020 tentang -undang Cipta Kerja sejak tahun 2021, mana yang lebih tinggi. Imbalan pasca-kerja dan imbalan kerja jangka panjang lainnya secara aktuaris ditentukan berdasarkan metode Projected Unit Credit. Pengukuran kembali atas liabilitas (aset) imbalan pasti neto, yang diakui sebagai penghasilan komprehensif lain, terdiri atas: (i) Keuntungan dan kerugian aktuarial; (ii) Imbal hasil atas aset program tidak termasuk jumlah yang dimasukkan dalam bunga neto atas liabilitas (aset); (iii) Setiap perubahan dampak batas aset, tidak termasuk jumlah yang dimasukkan dalam bunga neto atas liabilitas (aset). Pengukuran kembali atas liabilitas (aset) imbalan pasti neto, yang diakui sebagai penghasilan komprehensif lain tidak direklasifikasi ke laba rugi pada periode berikutnya. Untuk imbalan kerja jangka panjang lain atas biaya jasa kini, biaya bunga neto atas liabilitas (aset) imbalan pasti neto, dan pengukuran kembali liabilitas (aset) imbalan pasti neto langsung diakui pada laporan laba rugi dan penghasilan komprehensif lain konsolidasian periode berjalan. Biaya jasa lalu diakui sebagai beban pada tanggal yang lebih awal antara ketika amandemen atau kurtailmen program terjadi, dan ketika biaya restrukturisasi atau pesangon diakui, sehingga biaya jasa lalu yang belum vested tidak lagi dapat ditangguhkan dan diakui selama periode vesting masa depan. | E17: Bank dan entitas anak menerapkan PSAK 219, Kerja. Imbalan kerja jangka pendek seperti upah, iuran jaminan sosial, cuti jangka pendek, bonus dan imbalan non-moneter lainnya diakui selama periode jasa diberikan. Imbalan kerja jangka pendek dihitung sebesar jumlah yang tidak didiskontokan. Berdasarkan berita acara No. 0067/HCA-SKE/BA/2022 tanggal 8 Juli 2022 dilakukan pengalihan pengelolaan dana THT dari YKP Bank BJB ke DPLK Bank BJB dimana merubah program pensiun dari program pensiun manfaat pasti menjadi program pensiun iuran pasti. Iuran kepada dana pensiun sebesar persentase tertentu gaji pegawai yang menjadi peserta program pensiun iuran pasti Bank dan entitas anak, dicadangkan dan diakui sebagai biaya ketika jasa telah diberikan oleh pegawai-pegawai tersebut. Pembayaran dikurangkan dari utang iuran. Iuran terutang dihitung berdasarkan jumlah yang tidak didiskontokan. Imbalan pasca-kerja dicadangkan dan diakui sebagai biaya ketika jasa telah diberikan oleh pegawai yang menjadi peserta program pensiun Bank dan entitas anak. Bank harus mencadangkan jumlah minimal imbalan pensiun sesuai dengan Undang-Undang No. 11/2020 tentang Cipta Kerja () sebagaimana telah diamendemen dengan Perpu No.2/2022 dan UU No.6/2023 atau Perjanjian Kerja Bersama () atau Peraturan Perusahaan (), mana yang lebih tinggi. Karena UUCK atau PKB atau PP menentukan rumus tertentu untuk menghitung jumlah minimal imbalan pensiun, pada dasarnya, program pensiun berdasarkan UUCK atau PKB atau PP adalah program imbalan pasti. Imbalan pasca-kerja dan imbalan kerja jangka panjang lainnya secara aktuaris ditentukan berdasarkan metode Projected Unit Credit. | F17: Bank dan entitas anak menerapkan PSAK 219, Kerja. Imbalan kerja jangka pendek seperti upah, iuran jaminan sosial, cuti jangka pendek, bonus dan imbalan non-moneter lainnya diakui selama periode jasa diberikan. Imbalan kerja jangka pendek dihitung sebesar jumlah yang tidak didiskontokan. Berdasarkan berita acara No. 0067/HCA-SKE/BA/2022 tanggal 8 Juli 2022 dilakukan pengalihan pengelolaan dana THT dari YKP Bank BJB ke DPLK Bank BJB dimana merubah program pensiun dari program pensiun manfaat pasti menjadi program pensiun iuran pasti. Iuran kepada dana pensiun sebesar persentase tertentu gaji pegawai yang menjadi peserta program pensiun iuran pasti Bank dan entitas anak, dicadangkan dan diakui sebagai biaya ketika jasa telah diberikan oleh pegawai-pegawai tersebut. Pembayaran dikurangkan dari utang iuran. Iuran terutang dihitung berdasarkan jumlah yang tidak didiskontokan. Imbalan pasca-kerja dicadangkan dan diakui sebagai biaya ketika jasa telah diberikan oleh pegawai yang menjadi peserta program pensiun Bank dan entitas anak. Bank harus mencadangkan jumlah minimal imbalan pensiun sesuai dengan Undang-Undang No. 11/2020 tentang Cipta Kerja () sebagaimana telah diamendemen dengan Perpu No.2/2022 dan UU No.6/2023 atau Perjanjian Kerja Bersama () atau Peraturan Perusahaan (), mana yang lebih tinggi. Karena UUCK atau PKB atau PP menentukan rumus tertentu untuk menghitung jumlah minimal imbalan pensiun, pada dasarnya, program pensiun berdasarkan UUCK atau PKB atau PP adalah program imbalan pasti. Imbalan pasca-kerja dan imbalan kerja jangka panjang lainnya secara aktuaris ditentukan berdasarkan metode Projected Unit Credit.
A18: Laba per saham | C18: Laba per saham dasar dihitung dengan membagi laba tahun berjalan yang dapat diatribusikan kepada pemilik entitas induk dengan rata-rata tertimbang jumlah saham biasa yang beredar selama tahun berjalan. | D18: Laba per saham dasar dihitung dengan membagi laba tahun berjalan yang dapat diatribusikan kepada pemilik entitas induk dengan rata-rata tertimbang jumlah saham biasa yang beredar selama tahun berjalan. | E18: Laba per saham dasar dihitung dengan membagi laba tahun berjalan yang dapat diatribusikan kepada pemilik entitas induk dengan rata-rata tertimbang jumlah saham biasa yang beredar selama tahun berjalan. | F18: Laba per saham dasar dihitung dengan membagi laba tahun berjalan yang dapat diatribusikan kepada pemilik entitas induk dengan rata-rata tertimbang jumlah saham biasa yang beredar selama tahun berjalan.
A19: Dividen | C19: Pembagian dividen kepada para pemegang saham diakui sebagai liabilitas dalam laporan keuangan konsolidasian pada tanggal dividen tersebut disetujui oleh para pemegang saham. | D19: Pembagian dividen kepada para pemegang saham diakui sebagai liabilitas dalam laporan keuangan konsolidasian pada tanggal dividen tersebut disetujui oleh para pemegang saham. | E19: Pembagian dividen kepada para pemegang saham diakui sebagai liabilitas dalam laporan keuangan konsolidasian pada tanggal dividen tersebut disetujui oleh para pemegang saham. | F19: Pembagian dividen kepada para pemegang saham diakui sebagai liabilitas dalam laporan keuangan konsolidasian pada tanggal dividen tersebut disetujui oleh para pemegang saham.
A20: Pelaporan segmen | C20: Segmen adalah bagian yang dapat dibedakan dari kelompok usaha yang terlibat baik dalam menyediakan produk tertentu (segmen usaha), maupun dalam menyediakan produk dalam lingkungan ekonomi tertentu (segmen geografis), yang memiliki risiko dan imbalan yang berbeda dengan segmen lainnya. Pendapatan, beban, hasil, aset dan liabilitas segmen mencakup item-item yang dapat diatribusikan langsung kepada suatu segmen serta hal-hal yang dapat dialokasikan dengan dasar yang sesuai kepada segmen tersebut. Item-item segmen ditentukan sebelum saldo dan transaksi antar kelompok usaha, dieliminasi sebagai bagian dari proses konsolidasi. Bank dan entitas anak menyajikan segmen usaha berdasarkan laporan internal konsolidasian yang disajikan kepada pengambil keputusan operasional yaitu Direksi. Bank dan entitas anak telah mengidentifikasikan dan mengungkapkan informasi keuangan berdasarkan kegiatan bisnis utama (segmen usaha) yang terbagi atas konvensional dan syariah, juga berdasarkan segmen geografis. Segmen geografis meliputi penyediaan barang maupun jasa di dalam lingkungan ekonomi tertentu yang memiliki risiko serta tingkat pengembalian yang berbeda dengan segmen operasi lainnya yang berada dalam lingkungan ekonomi lain. | D20: Segmen adalah bagian yang dapat dibedakan dari kelompok usaha yang terlibat baik dalam menyediakan produk tertentu (segmen usaha), maupun dalam menyediakan produk dalam lingkungan ekonomi tertentu (segmen geografis), yang memiliki risiko dan imbalan yang berbeda dengan segmen lainnya. Pendapatan, beban, hasil, aset dan liabilitas segmen mencakup item-item yang dapat diatribusikan langsung kepada suatu segmen serta hal-hal yang dapat dialokasikan dengan dasar yang sesuai kepada segmen tersebut. Item-item segmen ditentukan sebelum saldo dan transaksi antar kelompok usaha, dieliminasi sebagai bagian dari proses konsolidasi. Bank dan entitas anak menyajikan segmen usaha berdasarkan laporan internal konsolidasian yang disajikan kepada pengambil keputusan operasional yaitu Direksi. Bank dan entitas anak telah mengidentifikasikan dan mengungkapkan informasi keuangan berdasarkan kegiatan bisnis utama (segmen usaha) yang terbagi atas konvensional dan syariah, juga berdasarkan segmen geografis. Segmen geografis meliputi penyediaan barang maupun jasa di dalam lingkungan ekonomi tertentu yang memiliki risiko serta tingkat pengembalian yang berbeda dengan segmen operasi lainnya yang berada dalam lingkungan ekonomi lain. | E20: Segmen adalah bagian yang dapat dibedakan dari kelompok usaha yang terlibat baik dalam menyediakan produk tertentu (segmen usaha), maupun dalam menyediakan produk dalam lingkungan ekonomi tertentu (segmen geografis), yang memiliki risiko dan imbalan yang berbeda dengan segmen lainnya. Pendapatan, beban, hasil, aset dan liabilitas segmen mencakup item-item yang dapat diatribusikan langsung kepada suatu segmen serta hal-hal yang dapat dialokasikan dengan dasar yang sesuai kepada segmen tersebut. Item-item segmen ditentukan sebelum saldo dan transaksi antar kelompok usaha, dieliminasi sebagai bagian dari proses konsolidasi. Bank dan entitas anak menyajikan segmen usaha berdasarkan laporan internal konsolidasian yang disajikan kepada pengambil keputusan operasional yaitu Direksi. Bank dan entitas anak telah mengidentifikasikan dan mengungkapkan informasi keuangan berdasarkan kegiatan bisnis utama (segmen usaha) yang terbagi atas konvensional dan syariah, juga berdasarkan segmen geografis. Segmen geografis meliputi penyediaan barang maupun jasa di dalam lingkungan ekonomi tertentu yang memiliki risiko serta tingkat pengembalian yang berbeda dengan segmen operasi lainnya yang berada dalam lingkungan ekonomi lain. | F20: Segmen adalah bagian yang dapat dibedakan dari kelompok usaha yang terlibat baik dalam menyediakan produk tertentu (segmen usaha), maupun dalam menyediakan produk dalam lingkungan ekonomi tertentu (segmen geografis), yang memiliki risiko dan imbalan yang berbeda dengan segmen lainnya. Pendapatan, beban, hasil, aset dan liabilitas segmen mencakup item-item yang dapat diatribusikan langsung kepada suatu segmen serta hal-hal yang dapat dialokasikan dengan dasar yang sesuai kepada segmen tersebut. Item-item segmen ditentukan sebelum saldo dan transaksi antar kelompok usaha, dieliminasi sebagai bagian dari proses konsolidasi. Bank dan entitas anak menyajikan segmen usaha berdasarkan laporan internal konsolidasian yang disajikan kepada pengambil keputusan operasional yaitu Direksi. Bank dan entitas anak telah mengidentifikasikan dan mengungkapkan informasi keuangan berdasarkan kegiatan bisnis utama (segmen usaha) yang terbagi atas konvensional dan syariah, juga berdasarkan segmen geografis. Segmen geografis meliputi penyediaan barang maupun jasa di dalam lingkungan ekonomi tertentu yang memiliki risiko serta tingkat pengembalian yang berbeda dengan segmen operasi lainnya yang berada dalam lingkungan ekonomi lain.
A21: Instrumen keuangan derivatif | C21: Bank dan entitas anak selain BJBS menerapkan PSAK 71, “Instrumen Keuangan”, yang menggantikan PSAK 55, “Instrumen Keuangan: Pengakuan dan Pengukuran”. Aset keuangan diklasifikasikan pada nilai wajar melalui laba rugi (FVTPL) jika tidak memenuhi kondisi yang disyaratkan untuk diukur pada biaya perolehan diamortisasi atau nilai wajar melalui penghasilan komprehensif lain. | D21: Bank dan entitas anak selain BJBS menerapkan PSAK 71, Keuangan yang menggantikan PSAK 55, Keuangan: Pengakuan dan Pengukuran. Aset keuangan diklasifikasikan pada nilai wajar melalui laba rugi (FVTPL) jika tidak memenuhi kondisi yang disyaratkan untuk diukur pada biaya perolehan diamortisasi atau nilai wajar melalui penghasilan komprehensif lain. | E21: Seluruh instrumen derivatif (termasuk transaksi valuta asing untuk tujuan pendanaan dan perdagangan) dicatat dalam laporan posisi keuangan konsolidasian berdasarkan nilai wajarnya. Nilai wajar tersebut ditentukan berdasarkan harga pasar dengan menggunakan kurs Reuters pada tanggal laporan atau metode diskonto arus kas. Tagihan derivatif disajikan sebesar keuntungan yang belum direalisasi dari kontrak derivatif, setelah dikurangi cadangan kerugian penurunan nilai. Liabilitas derivatif disajikan sebesar kerugian yang belum direalisasi dari kontrak derivatif. | F21: Seluruh instrumen derivatif (termasuk transaksi valuta asing untuk tujuan pendanaan dan perdagangan) dicatat dalam laporan posisi keuangan konsolidasian berdasarkan nilai wajarnya. Nilai wajar tersebut ditentukan berdasarkan harga pasar dengan menggunakan kurs Reuters pada tanggal laporan atau metode diskonto arus kas. Tagihan derivatif disajikan sebesar keuntungan yang belum direalisasi dari kontrak derivatif, setelah dikurangi cadangan kerugian penurunan nilai. Liabilitas derivatif disajikan sebesar kerugian yang belum direalisasi dari kontrak derivatif.
A22: Penerapan standar akutansi baru | C22: Standar baru dan amandemen atas standar yang berlaku efektif untuk periode yang dimulai pada atau setelah 1 Januari 2025, dengan penerapan dini diperkenankan yaitu: • PSAK 74: Kontrak Asuransi; dan • Amendemen PSAK 74: Kontrak Asuransi tentang Penerapan Awal PSAK 74 dan PSAK 71 – Informasi Komparatif. Hingga tanggal laporan keuangan konsolidasian ini diotorisasi, Bank dan entitas anak masih melakukan evaluasi atas dampak potensial dari penerapan standar baru, amandemen standar dan interpretasi standar tersebut. | D22: Standar baru dan amandemen atas standar yang berlaku efektif untuk periode yang dimulai pada atau setelah 1 Januari 2025, dengan penerapan dini diperkenankan yaitu: PSAK 74: Kontrak Asuransi; dan Amendemen PSAK 74: Kontrak Asuransi tentang Penerapan Awal PSAK 74 dan PSAK 71 Informasi Komparatif. Hingga tanggal laporan keuangan konsolidasian ini diotorisasi, Bank dan entitas anak masih melakukan evaluasi atas dampak potensial dari penerapan standar baru, amandemen standar dan interpretasi standar tersebut. | E22: Mulai dari 1 Januari 2024, referensi terhadap masing-masing PSAK dan ISAK telah diubah sesuai dengan penerbitan oleh Dewan Standar Akuntansi Keuangan Ikatan Akuntan Indonesia (DSAK-IAI). Berikut amendemen atas standar yang berlaku efektif untuk periode pelaporan tahunan yang dimulai pada atau setelah 1 Januari 2024, dengan penerapan dini diperkenankan yaitu: Amendemen PSAK 116: Sewa tentang Liabilitas Sewa dalam Jual dan Sewa Amendemen PSAK 201: Penyajian Laporan Keuangan tentang Klasifikasi Liabilitas sebagai Jangka Pendek atau Jangka Panjang ; Amendemen PSAK 201: Penyajian Laporan Keuangan tentang Liabilitas Jangka Panjang dengan Kovenan; Amendemen PSAK 207: Laporan Arus Kas dan amendemen PSAK 107: Instrumen Keuangan: Pengungkapan tentang Pengaturan Pembiayaan Pemasok; dan Revisi PSAK 409: Akuntansi Zakat, Infak, dan Sedekah dan Revisi PSAK 401: Penyajian Laporan Keuangan Syariah. Implementasi amendemen standar tersebut tidak memiliki dampak yang material terhadap jumlah yang dilaporkan di periode berjalan atau tahun sebelumnya. | F22: Standar baru dan amendemen atas standar yang berlaku efektif untuk periode yang dimulai pada atau setelah 1 Januari 2025, dengan penerapan dini diperkenankan yaitu: PSAK 117: Kontrak Asuransi; Amendemen PSAK 117: Kontrak Asuransi tentang Penerapan Awal PSAK 117 dan PSAK 109 Informasi Komparatif; Amendemen PSAK 221: Pengaruh Perubahan Kurs Valuta Asing tentang Kekurangan Ketertukaran; Beberapa PSAK juga diamendemen yang merupakan amendemen konsekuensial karena berlakunya PSAK 117: Kontrak Asuransi, yaitu: PSAK 103: Kombinasi Bisnis PSAK 105: Aset Tidak Lancar yang Dikuasai untuk Dijual dan Operasi yang Dihentikan PSAK107: Pengungkapan Instrumen PSAK109: Instrumen Keuangan PSAK 115: Pendapatan dari Kontrak dengan Pelanggan PSAK 201: Penyajian Laporan Keuangan PSAK 207: Laporan Arus Kas PSAK 216: Aset Tetap PSAK 219: Imbalan Kerja PSAK 228: Investasi pada Entitas Asosiasi dan Ventura Bersama PSAK 232: Instrumen Keuangan Penyajian PSAK 236: Penurunan Nilai Aset PSAK 237: Provisi, Liabilitas Kontijensi dan Aset Kontijensi PSAK 238: Aset Takberwujud PSAK 240: Properti Investasi Implementasi amendemen standar tersebut tidak memiliki dampak yang material terhadap jumlah yang dilaporkan di periode berjalan atau tahun sebelumnya. Standar Baru dan Amendemen atas Standar yang Telah Disahkan Namun Belum Berlaku Efektif Amendemen, revisi dan penyesuaian tahunan atas standar yang berlaku efektif untuk periode yang dimulai pada atau setelah 1 Januari 2026, dengan penerapan dini diperkenankan yaitu: Amendemen PSAK 109: Instrumen Keuangan dan PSAK 107: Instrumen Keuangan: Pengungkapan tentang Klasifikasi dan Pengukuran Instrumen Keuangan; Penyesuaian Tahunan PSAK 107, PSAK 109, PSAK 110, dan PSAK 207; dan Revisi PSAK 338: Kombinasi Bisnis Entitas Sepengendali terkait ruang lingkup danpenerapan metode penyatuan kepemilikan. Standar baru, revisi dan amandemen serta interpretasi atas standar yang berlaku efektif untuk periode yang dimulai pada atau setelah 1 Januari 2027, dengan penerapan dini diperkenankan yaitu: PSAK 118: Penyajian dan Pengungkapan dalam Laporan Keuangan; PSAK 119: Entitas Anak tanpa Akuntabilitas Publik: Pengungkapan; Amandemen PSAK 119: Entitas Anak tanpa Akuntabilitas Publik: Pengungkapan; Revisi PSAK 401: Penyajian Pengungkapan dalam Laporan Keuangan Syariah; ISAK 403: Komponen Laporan Keuangan Entitas Syariah Yang Menerapkan SAK Indonesia Untuk Entitas Privat dan SAK Indonesia Untuk Entitas Mikro, Kecil, dan Menengah; PSAK 413: Penurunan Nilai; dan PSAK 414: Penurunan Nilai Aset Keuangan Syariah bagi Entitas yang Menerapkan SAK Indonesia untuk Entitas Privat (SAK EP). Hingga tanggal laporan keuangan ini diotorisasi, Perusahaan masih melakukan evaluasi atas dampak potensial dari penerapan standar baru, amandemen standar dan interpretasi standar tersebut
A23: Kombinasi bisnis
A24: Penentuan nilai wajar | C24: Bank dan entitas anak menerapkan PSAK 68, “Pengukuran Nilai Wajar”. Penerapan PSAK ini mendefinisikan nilai wajar, menetapkan dalam satu pernyataan, suatu kerangka pengukuran nilai wajar dan mensyaratkan pengungkapan mengenai pengukuran dan hierarki nilai wajar. | D24: Bank dan entitas anak menerapkan PSAK 68, Nilai Wajar. Penerapan PSAK ini mendefinisikan nilai wajar, menetapkan dalam satu pernyataan, suatu kerangka pengukuran nilai wajar dan mensyaratkan pengungkapan mengenai pengukuran dan hierarki nilai wajar. | E24: Nilai wajar adalah harga yang akan diterima untuk menjual suatu aset atau harga yang akan dibayar untuk mengalihkan suatu liabilitas dalam transaksi teratur antara pelaku pasar pada tanggal pengukuran. Pengukuran nilai wajar mengasumsikan bahwa transaksi untuk menjual aset atau mengalihkan liabilitas terjadi: di pasar utama untuk aset dan liabilitas tersebut; atau jika tidak terdapat pasar utama, di pasar yang paling menguntungkan untuk aset atau liabilitas tersebut. Nilai wajar suatu aset atau liabilitas diukur menggunakan asumsi yang akan digunakan pelaku pasar ketika menentukan harga aset dan liabilitas tersebut dengan asumsi bahwa pelaku pasar bertindak dalam kepentingan ekonomi terbaiknya. Pengukuran nilai wajar aset non-keuangan memperhitungkan kemampuan pelaku pasar untuk menghasilkan manfaat ekonomi dengan menggunakan aset dalam penggunaan tertinggi dan terbaiknya atau dengan menjualnya kepada pelaku pasar lain yang akan menggunakan aset tersebut dalam penggunaan tertinggi dan terbaiknya. | F24: Nilai wajar adalah harga yang akan diterima untuk menjual suatu aset atau harga yang akan dibayar untuk mengalihkan suatu liabilitas dalam transaksi teratur antara pelaku pasar pada tanggal pengukuran. Pengukuran nilai wajar mengasumsikan bahwa transaksi untuk menjual aset atau mengalihkan liabilitas terjadi: di pasar utama untuk aset dan liabilitas tersebut; atau jika tidak terdapat pasar utama, di pasar yang paling menguntungkan untuk aset atau liabilitas tersebut. Nilai wajar suatu aset atau liabilitas diukur menggunakan asumsi yang akan digunakan pelaku pasar ketika menentukan harga aset dan liabilitas tersebut dengan asumsi bahwa pelaku pasar bertindak dalam kepentingan ekonomi terbaiknya. Pengukuran nilai wajar aset non-keuangan memperhitungkan kemampuan pelaku pasar untuk menghasilkan manfaat ekonomi dengan menggunakan aset dalam penggunaan tertinggi dan terbaiknya atau dengan menjualnya kepada pelaku pasar lain yang akan menggunakan aset tersebut dalam penggunaan tertinggi dan terbaiknya.
A25: Transaksi dan saldo dalam mata uang asing | C25: Transaksi dalam mata uang asing dijabarkan ke mata uang rupiah dengan menggunakan kurs yang berlaku pada tanggal transaksi. Pada tanggal laporan posisi keuangan konsolidasian, aset dan liabilitas moneter dalam mata uang asing dijabarkan dengan menggunakan kurs yang berlaku pada tanggal laporan posisi keuangan konsolidasian. Keuntungan dan kerugian selisih kurs yang timbul dari transaksi dalam mata uang asing dan dari penjabaran aset dan liabilitas moneter dalam mata uang asing diakui dalam laporan laba rugi dan penghasilan komprehensif lain konsolidasian tahun berjalan. | D25: Transaksi dalam mata uang asing dijabarkan ke mata uang rupiah dengan menggunakan kurs yang berlaku pada tanggal transaksi. Pada tanggal laporan posisi keuangan konsolidasian, aset dan liabilitas moneter dalam mata uang asing dijabarkan dengan menggunakan kurs yang berlaku pada tanggal laporan posisi keuangan konsolidasian. Keuntungan dan kerugian selisih kurs yang timbul dari transaksi dalam mata uang asing dan dari penjabaran aset dan liabilitas moneter dalam mata uang asing diakui dalam laporan laba rugi dan penghasilan komprehensif lain konsolidasian tahun berjalan. | E25: Transaksi dalam mata uang asing dijabarkan ke mata uang rupiah dengan menggunakan kurs yang berlaku pada tanggal transaksi. Pada tanggal laporan posisi keuangan konsolidasian, aset dan liabilitas moneter dalam mata uang asing dijabarkan dengan menggunakan kurs yang berlaku pada tanggal laporan posisi keuangan konsolidasian. Keuntungan dan kerugian selisih kurs yang timbul dari transaksi dalam mata uang asing dan dari penjabaran aset dan liabilitas moneter dalam mata uang asing diakui dalam laporan laba rugi dan penghasilan komprehensif lain konsolidasian tahun berjalan. | F25: Transaksi dalam mata uang asing dijabarkan ke mata uang rupiah dengan menggunakan kurs yang berlaku pada tanggal transaksi. Pada tanggal laporan posisi keuangan konsolidasian, aset dan liabilitas moneter dalam mata uang asing dijabarkan dengan menggunakan kurs yang berlaku pada tanggal laporan posisi keuangan konsolidasian. Keuntungan dan kerugian selisih kurs yang timbul dari transaksi dalam mata uang asing dan dari penjabaran aset dan liabilitas moneter dalam mata uang asing diakui dalam laporan laba rugi dan penghasilan komprehensif lain konsolidasian tahun berjalan.
A26: Giro pada Bank Indonesia dan bank lain | C26: Giro pada Bank Indonesia dan bank lain diklasifikasikan sebagai biaya perolehan yang diamortisasi dan dinyatakan sebesar biaya perolehan diamortisasi menggunakan metode suku bunga efektif. Aset keuangan diukur pada biaya perolehan diamortisasi jika kedua kondisi berikut terpenuhi: • Aset keuangan yang dikelola dalam model bisnis yang bertujuan untuk memiliki aset keuangan dalam rangka mendapatkan arus kas kontraktual; dan • Arus kas kontraktual tersebut semata dari pembayaran pokok dan bunga (SPPI). | D26: Giro pada Bank Indonesia dan bank lain diklasifikasikan sebagai biaya perolehan yang diamortisasi dan dinyatakan sebesar biaya perolehan diamortisasi menggunakan metode suku bunga efektif. Aset keuangan diukur pada biaya perolehan diamortisasi jika kedua kondisi berikut terpenuhi: Aset keuangan yang dikelola dalam model bisnis yang bertujuan untuk memiliki aset keuangan dalam rangka mendapatkan arus kas kontraktual; dan Arus kas kontraktual tersebut semata dari pembayaran pokok dan bunga (SPPI). | E26: Giro pada Bank Indonesia dan bank lain diklasifikasikan sebagai biaya perolehan yang diamortisasi dan dinyatakan sebesar biaya perolehan diamortisasi menggunakan metode suku bunga efektif. Aset keuangan diukur pada biaya perolehan diamortisasi jika kedua kondisi berikut terpenuhi: Aset keuangan yang dikelola dalam model bisnis yang bertujuan untuk memiliki aset keuangan dalam rangka mendapatkan arus kas kontraktual; dan Arus kas kontraktual tersebut semata dari pembayaran pokok dan bunga (SPPI). | F26: Giro pada Bank Indonesia dan bank lain diklasifikasikan sebagai biaya perolehan yang diamortisasi dan dinyatakan sebesar biaya perolehan diamortisasi menggunakan metode suku bunga efektif. Aset keuangan diukur pada biaya perolehan diamortisasi jika kedua kondisi berikut terpenuhi: Aset keuangan yang dikelola dalam model bisnis yang bertujuan untuk memiliki aset keuangan dalam rangka mendapatkan arus kas kontraktual; dan Arus kas kontraktual tersebut semata dari pembayaran pokok dan bunga (SPPI).
A27: Penempatan pada Bank Indonesia dan bank lain | C27: Penempatan pada Bank Indonesia dan bank lain diklasifikasikan sebagai biaya perolehan yang diamortisasi yang dinyatakan sebesar biaya perolehan diamortisasi menggunakan metode suku bunga efektif. Aset keuangan diukur pada biaya perolehan diamortisasi jika kedua kondisi berikut terpenuhi: • Aset keuangan yang dikelola dalam model bisnis yang bertujuan untuk memiliki aset keuangan dalam rangka mendapatkan arus kas kontraktual; dan • Arus kas kontraktual tersebut semata dari pembayaran pokok dan bunga (SPPI). | D27: Penempatan pada Bank Indonesia dan bank lain diklasifikasikan sebagai biaya perolehan yang diamortisasi yang dinyatakan sebesar biaya perolehan diamortisasi menggunakan metode suku bunga efektif. Aset keuangan diukur pada biaya perolehan diamortisasi jika kedua kondisi berikut terpenuhi: Aset keuangan yang dikelola dalam model bisnis yang bertujuan untuk memiliki aset keuangan dalam rangka mendapatkan arus kas kontraktual; dan Arus kas kontraktual tersebut semata dari pembayaran pokok dan bunga (SPPI). | E27: Penempatan pada Bank Indonesia dan bank lain diklasifikasikan sebagai biaya perolehan yang diamortisasi yang dinyatakan sebesar biaya perolehan diamortisasi menggunakan metode suku bunga efektif. Aset keuangan diukur pada biaya perolehan diamortisasi jika kedua kondisi berikut terpenuhi: Aset keuangan yang dikelola dalam model bisnis yang bertujuan untuk memiliki aset keuangan dalam rangka mendapatkan arus kas kontraktual; dan Arus kas kontraktual tersebut semata dari pembayaran pokok dan bunga (SPPI). | F27: Penempatan pada Bank Indonesia dan bank lain diklasifikasikan sebagai biaya perolehan yang diamortisasi yang dinyatakan sebesar biaya perolehan diamortisasi menggunakan metode suku bunga efektif. Aset keuangan diukur pada biaya perolehan diamortisasi jika kedua kondisi berikut terpenuhi: Aset keuangan yang dikelola dalam model bisnis yang bertujuan untuk memiliki aset keuangan dalam rangka mendapatkan arus kas kontraktual; dan Arus kas kontraktual tersebut semata dari pembayaran pokok dan bunga (SPPI).
A28: Efek-efek | C28: Efek-efek yang dibeli dengan janji untuk dijual kembali diklasifikasikan sebagai biaya perolehan yang diamortisasi. Efek-efek yang dibeli dengan janji untuk dijual kembali disajikan sebagai aset dalam laporan posisi keuangan konsolidasian sebesar jumlah penjualan kembali dikurangi dengan pendapatan bunga yang belum diamortisasi dan cadangan kerugian penurunan nilai. Selisih antara harga beli dan harga jual kembali diperlakukan sebagai pendapatan bunga yang ditangguhkan, dan diakui sebagai pendapatan selama periode sejak efek-efek tersebut dibeli hingga dijual menggunakan suku bunga efektif. Efek-efek yang dijual dengan janji untuk dibeli kembali diklasifikasikan sebagai liabilitas keuangan yang diukur dengan biaya perolehan diamortisasi. Efek-efek yang dijual dengan janji untuk dibeli kembali disajikan sebagai liabilitas dalam laporan posisi keuangan konsolidasian sebesar jumlah pembelian kembali, dikurangi dengan bunga dibayar di muka yang belum diamortisasi. Selisih antara harga jual dan harga beli kembali diperlakukan sebagai bunga dibayar di muka dan diakui sebagai beban bunga selama jangka waktu sejak efek-efek tersebut dijual hingga dibeli kembali menggunakan metode suku bunga efektif. Aset keuangan diukur pada biaya perolehan diamortisasi jika kedua kondisi berikut terpenuhi: • Aset keuangan yang dikelola dalam model bisnis yang bertujuan untuk memiliki aset keuangan dalam rangka mendapatkan arus kas kontraktual; dan • Arus kas kontraktual tersebut semata dari pembayaran pokok dan bunga (SPPI). | D28: Efek-efek yang dibeli dengan janji untuk dijual kembali diklasifikasikan sebagai biaya perolehan yang diamortisasi. Efek-efek yang dibeli dengan janji untuk dijual kembali disajikan sebagai aset dalam laporan posisi keuangan konsolidasian sebesar jumlah penjualan kembali dikurangi dengan pendapatan bunga yang belum diamortisasi dan cadangan kerugian penurunan nilai. Selisih antara harga beli dan harga jual kembali diperlakukan sebagai pendapatan bunga yang ditangguhkan, dan diakui sebagai pendapatan selama periode sejak efek-efek tersebut dibeli hingga dijual menggunakan suku bunga efektif. Efek-efek yang dijual dengan janji untuk dibeli kembali diklasifikasikan sebagai liabilitas keuangan yang diukur dengan biaya perolehan diamortisasi. Efek-efek yang dijual dengan janji untuk dibeli kembali disajikan sebagai liabilitas dalam laporan posisi keuangan konsolidasian sebesar jumlah pembelian kembali, dikurangi dengan bunga dibayar di muka yang belum diamortisasi. Selisih antara harga jual dan harga beli kembali diperlakukan sebagai bunga dibayar di muka dan diakui sebagai beban bunga selama jangka waktu sejak efek-efek tersebut dijual hingga dibeli kembali menggunakan metode suku bunga efektif. Aset keuangan diukur pada biaya perolehan diamortisasi jika kedua kondisi berikut terpenuhi: Aset keuangan yang dikelola dalam model bisnis yang bertujuan untuk memiliki aset keuangan dalam rangka mendapatkan arus kas kontraktual; dan Arus kas kontraktual tersebut semata dari pembayaran pokok dan bunga (SPPI). | E28: Efek-efek yang dibeli dengan janji untuk dijual kembali diklasifikasikan sebagai biaya perolehan yang diamortisasi. Efek-efek yang dibeli dengan janji untuk dijual kembali disajikan sebagai aset dalam laporan posisi keuangan konsolidasian sebesar jumlah penjualan kembali dikurangi dengan pendapatan bunga yang belum diamortisasi dan cadangan kerugian penurunan nilai. Selisih antara harga beli dan harga jual kembali diperlakukan sebagai pendapatan bunga yang ditangguhkan, dan diakui sebagai pendapatan selama periode sejak efek-efek tersebut dibeli hingga dijual menggunakan suku bunga efektif. Liabilitas atas efek-efek yang dijual dengan janji dibeli kembali diklasifikasikan sebagai liabilitas keuangan yang diukur dengan biaya perolehan diamortisasi. Liabilitas atas efek-efek yang dijual dengan janji dibeli kembali disajikan sebagai liabilitas dalam laporan posisi keuangan konsolidasian sebesar jumlah pembelian kembali, dikurangi dengan bunga dibayar di muka yang belum diamortisasi. Selisih antara harga jual dan harga beli kembali diperlakukan sebagai bunga dibayar di muka dan diakui sebagai beban bunga selama jangka waktu sejak efek-efek tersebut dijual hingga dibeli kembali menggunakan metode suku bunga efektif. Aset keuangan diukur pada biaya perolehan diamortisasi jika kedua kondisi berikut terpenuhi: Aset keuangan yang dikelola dalam model bisnis yang bertujuan untuk memiliki aset keuangan dalam rangka mendapatkan arus kas kontraktual; dan Arus kas kontraktual tersebut semata dari pembayaran pokok dan bunga (SPPI). | F28: Efek-efek yang dibeli dengan janji untuk dijual kembali diklasifikasikan sebagai biaya perolehan yang diamortisasi. Efek-efek yang dibeli dengan janji untuk dijual kembali disajikan sebagai aset dalam laporan posisi keuangan konsolidasian sebesar jumlah penjualan kembali dikurangi dengan pendapatan bunga yang belum diamortisasi dan cadangan kerugian penurunan nilai. Selisih antara harga beli dan harga jual kembali diperlakukan sebagai pendapatan bunga yang ditangguhkan, dan diakui sebagai pendapatan selama periode sejak efek-efek tersebut dibeli hingga dijual menggunakan suku bunga efektif. Liabilitas atas efek-efek yang dijual dengan janji dibeli kembali diklasifikasikan sebagai liabilitas keuangan yang diukur dengan biaya perolehan diamortisasi. Liabilitas atas efek-efek yang dijual dengan janji dibeli kembali disajikan sebagai liabilitas dalam laporan posisi keuangan konsolidasian sebesar jumlah pembelian kembali, dikurangi dengan bunga dibayar di muka yang belum diamortisasi. Selisih antara harga jual dan harga beli kembali diperlakukan sebagai bunga dibayar di muka dan diakui sebagai beban bunga selama jangka waktu sejak efek-efek tersebut dijual hingga dibeli kembali menggunakan metode suku bunga efektif. Aset keuangan diukur pada biaya perolehan diamortisasi jika kedua kondisi berikut terpenuhi: Aset keuangan yang dikelola dalam model bisnis yang bertujuan untuk memiliki aset keuangan dalam rangka mendapatkan arus kas kontraktual; dan Arus kas kontraktual tersebut semata dari pembayaran pokok dan bunga (SPPI).
A29: Investasi jangka pendek
A30: Aset hak guna | C30: PSAK 73 memperkenalkan model akuntansi penyewa tunggal dan mensyaratkan penyewa untuk mengakui aset dan liabilitas untuk semua sewa dengan pengecualian sewa jangka pendek dan aset dengan nilai rendah. Penyewa diharuskan untuk mengakui aset hak-guna yang mewakili haknya untuk menggunakan aset sewaan dan liabilitas sewa yang mewakili kewajibannya untuk melakukan pembayaran sewa. PSAK 73 secara substansial masih menggunakan persyaratan akuntansi atas pesewa (lessor) sesuai PSAK 30 “Sewa”. Oleh karena itu, penyewa masih akan menggunakan klasifikasi sewa dalam sewa operasi atau pembiayaan, dan perlakuan atas kedua tipe sewa tersebut. Dampak penerapan PSAK 73 adalah Bank dan entitas anak sebagai penyewa atas kontrak sewa properti dan kendaraan. Bank dan entitas anak telah memilih simplified approach dalam melakukan transisi dan tidak melakukan penyajian kembali untuk informasi komparatif. Dengan demikian, informasi komparatif tetap dilaporkan sesuai dengan PSAK 30, “Sewa”. | D30: PSAK 73 memperkenalkan model akuntansi penyewa tunggal dan mensyaratkan penyewa untuk mengakui aset dan liabilitas untuk semua sewa dengan pengecualian sewa jangka pendek dan aset dengan nilai rendah. Penyewa diharuskan untuk mengakui aset hak-guna yang mewakili haknya untuk menggunakan aset sewaan dan liabilitas sewa yang mewakili kewajibannya untuk melakukan pembayaran sewa. PSAK 73 secara substansial masih menggunakan persyaratan akuntansi atas pesewa (lessor) sesuai PSAK 30 . Oleh karena itu, penyewa masih akan menggunakan klasifikasi sewa dalam sewa operasi atau pembiayaan, dan perlakuan atas kedua tipe sewa tersebut. Dampak penerapan PSAK 73 adalah Bank dan entitas anak sebagai penyewa atas kontrak sewa properti dan kendaraan. Bank dan entitas anak telah memilih simplified approach dalam melakukan transisi dan tidak melakukan penyajian kembali untuk informasi komparatif. Dengan demikian, informasi komparatif tetap dilaporkan sesuai dengan PSAK 30, . | E30: PSAK 116 memperkenalkan model akuntansi penyewa tunggal dan mensyaratkan penyewa untuk mengakui aset dan liabilitas untuk semua sewa dengan pengecualian sewa jangka pendek dan aset dengan nilai rendah. Penyewa diharuskan untuk mengakui aset hak-guna yang mewakili haknya untuk menggunakan aset sewaan dan liabilitas sewa yang mewakili kewajibannya untuk melakukan pembayaran sewa. PSAK 116 secara substansial masih menggunakan persyaratan akuntansi atas pesewa (lessor) sesuai PSAK 30 . Oleh karena itu, penyewa masih akan menggunakan klasifikasi sewa dalam sewa operasi atau pembiayaan, dan perlakuan atas kedua tipe sewa tersebut. Dampak penerapan PSAK 116 adalah Bank dan entitas anak sebagai penyewa atas kontrak sewa properti dan kendaraan. Bank dan entitas anak telah memilih simplified approach dalam melakukan transisi dan tidak melakukan penyajian kembali untuk informasi komparatif. Dengan demikian, informasi komparatif tetap dilaporkan sesuai dengan PSAK 30, . | F30: PSAK 116 memperkenalkan model akuntansi penyewa tunggal dan mensyaratkan penyewa untuk mengakui aset dan liabilitas untuk semua sewa dengan pengecualian sewa jangka pendek dan aset dengan nilai rendah. Penyewa diharuskan untuk mengakui aset hak-guna yang mewakili haknya untuk menggunakan aset sewaan dan liabilitas sewa yang mewakili kewajibannya untuk melakukan pembayaran sewa. PSAK 116 secara substansial masih menggunakan persyaratan akuntansi atas pesewa (lessor) sesuai PSAK 30 . Oleh karena itu, penyewa masih akan menggunakan klasifikasi sewa dalam sewa operasi atau pembiayaan, dan perlakuan atas kedua tipe sewa tersebut. Dampak penerapan PSAK 116 adalah Bank dan entitas anak sebagai penyewa atas kontrak sewa properti dan kendaraan. Bank dan entitas anak telah memilih simplified approach dalam melakukan transisi dan tidak melakukan penyajian kembali untuk informasi komparatif. Dengan demikian, informasi komparatif tetap dilaporkan sesuai dengan PSAK 30, .
A31: Properti investasi
A32: Goodwill
A33: Investasi pada entitas asosiasi
A34: Aset takberwujud | C34: Biaya pengurusan legal hak atas tanah dalam bentuk Hak Guna Usaha (“HGU”), Hak Guna Bangunan (“HGB”) dan Hak Pakai (“HP”) ketika tanah diperoleh pertama kali diakui sebagai bagian dari biaya perolehan tanah pada akun “Aset Tetap”. Biaya pengurusan perpanjangan atau pembaruan legal hak atas tanah diakui sebagai aset tidak berwujud dan diamortisasi sepanjang umur hak hukum atau umur ekonomi tanah, mana yang lebih pendek. | D34: Biaya pengurusan legal hak atas tanah dalam bentuk Hak Guna Usaha (), Hak Guna Bangunan () dan Hak Pakai () ketika tanah diperoleh pertama kali diakui sebagai bagian dari biaya perolehan tanah pada akun Tetap. Biaya pengurusan perpanjangan atau pembaruan legal hak atas tanah diakui sebagai aset tidak berwujud dan diamortisasi sepanjang umur hak hukum atau umur ekonomi tanah, mana yang lebih pendek. | E34: Biaya pengurusan legal hak atas tanah dalam bentuk Hak Guna Usaha (), Hak Guna Bangunan () dan Hak Pakai () ketika tanah diperoleh pertama kali diakui sebagai bagian dari biaya perolehan tanah pada akun Tetap. Biaya pengurusan perpanjangan atau pembaruan legal hak atas tanah diakui sebagai aset tidak berwujud dan diamortisasi sepanjang umur hak hukum atau umur ekonomi tanah, mana yang lebih pendek. | F34: Biaya pengurusan legal hak atas tanah dalam bentuk Hak Guna Usaha (), Hak Guna Bangunan () dan Hak Pakai () ketika tanah diperoleh pertama kali diakui sebagai bagian dari biaya perolehan tanah pada akun Tetap. Biaya pengurusan perpanjangan atau pembaruan legal hak atas tanah diakui sebagai aset tidak berwujud dan diamortisasi sepanjang umur hak hukum atau umur ekonomi tanah, mana yang lebih pendek.
A35: Beban dibayar dimuka | C35: Biaya dibayar dimuka diamortisasi selama masa manfaat dengan menggunakan metode garis lurus (straight-line method). | D35: Biaya dibayar dimuka diamortisasi selama masa manfaat dengan menggunakan metode garis lurus (straight-line method). | E35: Biaya dibayar dimuka diamortisasi selama masa manfaat dengan menggunakan metode garis lurus (straight-line method). | F35: Biaya dibayar dimuka diamortisasi selama masa manfaat dengan menggunakan metode garis lurus (straight-line method).
A36: Piutang dan utang asuransi
A37: Piutang pembiayaan konsumen | C37: Pembiayaan dan piutang berdasarkan prinsip syariah adalah penyediaan uang atau tagihan yang dapat disamakan dengan itu, yang timbul dari transaksi berdasarkan prinsip jual beli dan bagi hasil antara Bank dan entitas anak dengan pihak lain selama jangka waktu tertentu. Piutang tersebut meliputi piutang murabahah, piutang istishna dan qardh, untuk pembiayaan meliputi pembiayaan mudharabah dan pembiayaan musyarakah. Murabahah adalah akad jual beli antara nasabah dengan Bank dan entitas anak, dimana Bank dan entitas anak membiayai kebutuhan investasi dan modal kerja nasabah yang dijual dengan harga pokok ditambah dengan keuntungan yang diketahui dan disepakati bersama. Pembayaran atas pembiayaan ini dilakukan dengan cara mengangsur dalam jangka waktu yang ditentukan. | D37: Pembiayaan dan piutang berdasarkan prinsip syariah adalah penyediaan uang atau tagihan yang dapat disamakan dengan itu, yang timbul dari transaksi berdasarkan prinsip jual beli dan bagi hasil antara Bank dan entitas anak dengan pihak lain selama jangka waktu tertentu. Piutang tersebut meliputi piutang murabahah, piutang istishna dan qardh, untuk pembiayaan meliputi pembiayaan mudharabah dan pembiayaan musyarakah. Murabahah adalah akad jual beli antara nasabah dengan Bank dan entitas anak, dimana Bank dan entitas anak membiayai kebutuhan investasi dan modal kerja nasabah yang dijual dengan harga pokok ditambah dengan keuntungan yang diketahui dan disepakati bersama. Pembayaran atas pembiayaan ini dilakukan dengan cara mengangsur dalam jangka waktu yang ditentukan. | E37: Pembiayaan dan piutang berdasarkan prinsip syariah adalah penyediaan uang atau tagihan yang dapat disamakan dengan itu, yang timbul dari transaksi berdasarkan prinsip jual beli dan bagi hasil antara Bank dan entitas anak dengan pihak lain selama jangka waktu tertentu. Piutang tersebut meliputi piutang murabahah, piutang istishna dan qardh, untuk pembiayaan meliputi pembiayaan mudharabah dan pembiayaan musyarakah. Murabahah adalah akad jual beli antara nasabah dengan Bank dan entitas anak, dimana Bank dan entitas anak membiayai kebutuhan investasi dan modal kerja nasabah yang dijual dengan harga pokok ditambah dengan keuntungan yang diketahui dan disepakati bersama. Pembayaran atas pembiayaan ini dilakukan dengan cara mengangsur dalam jangka waktu yang ditentukan. | F37: Pembiayaan dan piutang berdasarkan prinsip syariah adalah penyediaan uang atau tagihan yang dapat disamakan dengan itu, yang timbul dari transaksi berdasarkan prinsip jual beli dan bagi hasil antara Bank dan entitas anak dengan pihak lain selama jangka waktu tertentu. Piutang tersebut meliputi piutang murabahah, piutang istishna dan qardh, untuk pembiayaan meliputi pembiayaan mudharabah dan pembiayaan musyarakah. Murabahah adalah akad jual beli antara nasabah dengan Bank dan entitas anak, dimana Bank dan entitas anak membiayai kebutuhan investasi dan modal kerja nasabah yang dijual dengan harga pokok ditambah dengan keuntungan yang diketahui dan disepakati bersama. Pembayaran atas pembiayaan ini dilakukan dengan cara mengangsur dalam jangka waktu yang ditentukan.
A38: Liabilitas atas kontrak
